Workbook

Sheet Duty
A1: DATE | B1: Race | C1: Name | D1: Role | E1: Assistant | F1: Courses | G1: Comment | H1: Kesson | I1: Riggs | J1: Smith | K1: Matton | L1: Oppel | M1: Hayes | N1: Northrup | O1: Eaton
A2: 2013
A3: 41409 | B3: Swabbie | C3: kesson | D3: PRO | E3: northrup | G3: abandon | H3: y | N3: y
A4: 41416 | B4: Summer 1 | C4: kesson | D4: PRO | E4: connelly #14 & viloudaki | G4: abandon | H4: y
A5: 41423 | B5: Summer 2 | C5: kesson | D5: PRO | E5: viloudaki #17 | F5: P10[3] | G5: complete | H5: y
A6: 41430 | B6: Summer 3 | C6: MATTON | D6: PRO | E6: lynch #16 | F6: R2 | G6: complete | I6: N
A7: 41437 | B7: Summer 4 | C7: MATTON | D7: PRO | E7: Hayes #19 | F7: R6 | G7: complete | I7: N | M7: y
A8: 41444 | B8: Summer 5 | C8: smith | D8: PRO | E8: Gump | F8: O1[2] | G8: complete | J8: y
A9: 41451 | B9: Summer 6 | C9: smith | D9: PRO | E9: Philips | F9: P1 | G9: complete | J9: y
A10: 41458 | B10: Summer 7 | C10: RIGGS | D10: PRO | E10: NONE | F10: P2 | G10: comlete | I10: y
A11: 41465 | B11: Summer 8 | C11: RIGGS | D11: PRO | E11: Newsom | F11: P10 | G11: complete | I11: y
A12: 41472 | B12: Summer 9 | C12: oppel | D12: PRO | E12: oppel | F12: P1[2] | G12: complete | L12: y
A13: 41479 | B13: Summer 10 | C13: oppel | D13: PRO | E13: pIncze | G13: abandon | L13: y
A14: 41482 | B14: Winslow | C14: kesson | D14: PRO | G14: complete | H14: y
B15: Winslow | C15: northrup | D15: signal boat | G15: complete | N15: y
B16: Winslow | C16: eaton | D16: signal boat staff | G16: complete | O16: y
B17: Winslow | C17: hauquitz | D17: signal boat staff | G17: complete
B18: Winslow | C18: riggs | D18: judge | G18: complete | I18: ?
B19: Winslow | C19: smith | D19: mark boat officer | G19: complete | J19: y
B20: Winslow | C20: gump | D20: mark boat staff | G20: complete
A21: 41486 | B21: Fall 1 | C21: riggs | D21: PRO | E21: 18 Bmoyer | F21: P6 | G21: complete | I21: y
A22: 41493 | B22: Fall 2 | C22: riggs | D22: PRO | E22: 12 Dphilips | F22: O2 | G22: complete | I22: y
A23: 41500 | B23: Fall 3 | C23: oppel | D23: PRO | E23: 7 son | F23: 13p 12p [2] | G23: complete | L23: y
A24: 41507 | B24: Fall 4 | C24: oppel | D24: PRO | E24: 8 Bmitchell | F24: R1[2] | G24: complete | L24: y
A25: 41514 | B25: Fall 5 | C25: matton | D25: PRO | E25: 19 THayes | G25: abandon | K25: y | M25: y
A26: 41521 | B26: Fall 6 | C26: matton | D26: PRO | E26: 15 Schuldheiss | F26: P3 | G26: complete | K26: y
A27: 41528 | B27: Fall 7 | C27: smith | D27: PRO | E27: 16 Connelly | F27: R1[2] | G27: complete | J27: y
A28: 41531 | B28: SORI | C28: matton | D28: PRO | G28: complete | K28: y
B29: SORI | D29: signal boat | G29: complete
B30: SORI | D30: signal boat staff | G30: complete
B31: SORI | C31: eaton | D31: mark boat staff | G31: complete | O31: y
B32: SORI | C32: kesson | D32: mark boat officer | G32: complete | H32: y
B33: SORI | C33: northrup | D33: mark boat staff | G33: complete | N33: y
A34: 41535 | B34: Fall 8 | C34: smith | D34: PRO | E34: 17 Incze | F34: P2 | G34: complete | J34: y
A35: 41532 | B35: Fall 9 | C35: kesson | D35: PRO | E35: 5 DeAscentis | F35: 12p 13p [2] | G35: complete | H35: y
A36: 41549 | B36: Fall 10 | C36: kesson | D36: PRO | E36: 13 Eaton | F36: 15p 12p -> S | G36: complete | H36: y | O36: y
A37: 41551 | B37: NWC-PC | C37: Alyn | D37: PRO | G37: rescheduled
B38: NWC-PC | D38: signal boat
B39: NWC-PC | D39: signal boat staff
B40: NWC-PC | D40: scorer
B41: NWC-PC | D41: mark boat officer
B42: NWC-PC | D42: mark boat staff
A43: 2014
A44: 41773 | B44: practice | C44: kesson | D44: PRO | E44: eaton | H44: y
A45: 41780 | B45: summer 1 | C45: kesson | D45: PRO | H45: y
A46: 41787 | B46: summer 2 | C46: kesson | D46: PRO | H46: y
A47: 41794 | B47: summer 3 | C47: matton | D47: PRO
A48: 41801 | B48: summer 4 | C48: matton | D48: PRO
A49: 41808 | B49: summer 5 | C49: smith | D49: PRO
A50: 41815 | B50: summer 6 | C50: smith | D50: PRO
A51: 41822 | B51: summer 7 | C51: riggs | D51: PRO
A52: 41829 | B52: summer 8 | C52: riggs | D52: PRO
A53: 41836 | B53: summer 9 | C53: oppel | D53: PRO
A54: 41843 | B54: summer 10 | C54: oppel | D54: PRO
A55: 41846 | B55: winslow | C55: kesson | D55: PRO
B56: winslow | C56: eaton | D56: signal
B57: winslow | C57: northrup | D57: signal
B58: winslow | C58: smith | D58: mark
B59: winslow | C59: gump | D59: mark
B60: winslow
A61: 41850 | B61: fall 1 | C61: riggs | D61: PRO
A62: 41857 | B62: fall 2 | C62: riggs | D62: PRO
A63: 41864 | B63: fall 3 | C63: oppel | D63: PRO
A64: 41871 | B64: fall 4 | C64: oppel | D64: PRO
A65: 41878 | B65: fall 5 | C65: matton | D65: PRO
A66: 41885 | B66: fall 6 | C66: matton | D66: PRO
A67: 41892 | B67: fall 7 | C67: smith | D67: PRO
A68: 41899 | B68: fall 8 | C68: smith | D68: PRO
A69: 41906 | B69: fall 9 | C69: kesson | D69: PRO
A70: 41913 | B70: fall 10 | C70: kesson | D70: PRO

Sheet ROARS
A1: Volunteer Name | B1: Event Name | C1: Event Category | D1: Event Date | E1: Event Role | F1: Hours | G1: Comment
A2: chuck kesson | B2: Jan RM-RC mtng | C2: meeting | D2: 41290 | E2: chair | F2: 1
A3: ron oard | B3: Jan RM-RC mtng | C3: meeting | D3: 41290 | E3: participant | F3: 1
A4: doug smith | B4: Jan RM-RC mtng | C4: meeting | D4: 41290 | E4: participant | F4: 1
A5: ben riggs | B5: Jan RM-RC mtng | C5: meeting | D5: 41290 | E5: participant | F5: 1
A6: rick matton | B6: Jan RM-RC mtng | C6: meeting | D6: 41290 | E6: participant | F6: 1
A7: tim daly | B7: Jan RM-RC mtng | C7: meeting | D7: 41290 | E7: participant | F7: 1
A8: ginny lautieri | B8: Jan RM-RC mtng | C8: meeting | D8: 41290 | E8: participant | F8: 1
A9: chuck kesson | B9: Feb RM-RC mtng | C9: meeting | D9: 41325 | E9: chair | F9: 1
A10: paul schmidle | B10: feb RM-RC mtng | C10: meeting | D10: 41325 | E10: participant | F10: 1
A11: tripp alyn | B11: feb RM-RC mtng | C11: meeting | D11: 41325 | E11: participant | F11: 1
A12: sheryle northrup | B12: feb RM-RC mtng | C12: meeting | D12: 41325 | E12: participant | F12: 1
A13: ginny lautieri | B13: feb RM-RC mtng | C13: meeting | D13: 41325 | E13: participant | F13: 1
... A68: Eaton #13 | B68: fall | C68: wed series | D68: 41549 | E68: signal staff | F68: 3
F70: =SUM(F17:F68) -> 214
A75: kesson | B75: practice | D75: 41773 | E75: PRO

Sheet RC expenses
A1: Date | B1: Item | C1: Quantity | D1: Cost | E1: Source | F1: Invoice | G1: Comment | H1: Payment
A2: 41246 | B2: Megaphone | C2: 1 | D2: 33.99 | E2: B&H | G2: replacement
B3: RRS Book $19.95 | C3: 1 | D3: 0 | E3: US Sailing | G3: waterproof for tub | H3: from BillKneller
A4: 41416 | B4: Whiteboard | C4: 1 | D4: 7.95 | E4: Wal-mart | G4: replacement
A5: 41456 | B5: ss quick clips and Cx | C5: 4 | D5: 49.17 | E5: One Stop | G5: ground tackle
A6: 41466 | B6: anchor line 3/8in thimble and tape | C6: 1 | D6: 49.9 | E6: Newport Nautical | G6: pin ground tackle replacement
A7: 41467 | B7: 12# mushroom | C7: 1 | D7: 38.41 | E7: Newport Nautical | G7: pin anchor replacement
A8: 41482 | B8: Winslow ice | C8: 3 | D8: 4.5 | E8: MWR | G8: winslow race committee
A9: 41482 | B9: Winslow subway | C9: 6 | D9: 38.84 | E9: Subway | G9: winslow race committee
D10: =SUM(D2:D9) -> 222.76 | F10: 41483 | H10: 41505
A12: 41532 | B12: SORI ice for race cmte | C12: 2 | D12: 3 | E12: MWR | G12: ice for coolers
A13: 41539 | B13: orange boxes for Ollie and RC | D13: 60.39 | E13: west marine | G13: replacement
A14: 41539 | B14: batteries AAA and C packages | C14: 2 | D14: 24.98 | E14: BJ | G14: replacement
A15: 41544 | B15: cable ties package | C15: 2 | D15: 3.94 | E15: Walmart
A16: 41544 | B16: dry erase markers | C16: 3 | D16: 3.77 | E16: Walmart
A17: 41599 | B17: safety reflective yellow striping | C17: 1 | D17: 240.88 | E17: Amazon | G17: SRM 15 refirb
D19: =SUM(D12:D17) -> 336.96 | F19: 41600 | H19: 41609
B21: total race cmite expense 2013 | D21: =SUM(D10,D19) -> 559.72
A25: 2014
A26: 41666 | B26: Hy-flier buoy 3/4in 10ft no reflector | D26: 76 | E26: New England Marine and Industrial Supply | G26: pin replacement delivered 20 Mar
A27: 41690 | B27: safety ladder - 4 step - folding | D27: 20 | E27: Npt Nautical | G27: consignment - delivered
A28: 41718 | B28: hi-viz safety vests | D28: 10 | E28: JobLot | G28: delivered

Sheet DV-IDENTITY-0
A1: AAAAAF/F/QA= | B1: =AND(Duty!A1,"AAAAAF/F/QE=") -> #VALUE! | C1: =AND(Duty!B1,"AAAAAF/F/QI=") -> #VALUE! | D1: =AND(Duty!C1,"AAAAAF/F/QM=") -> #VALUE! | E1: =AND(Duty!D1,"AAAAAF/F/QQ=") -> #VALUE! | F1: =AND(Duty!#REF!,"AAAAAF/F/QU=") -> #REF! | G1: =AND(Duty!G1,"AAAAAF/F/QY=") -> #VALUE! | H1: =AND(Duty!H1,"AAAAAF/F/Qc=") -> #VALUE! | I1: =AND(Duty!I1,"AAAAAF/F/Qg=") -> #VALUE! | J1: =AND(Duty!J1,"AAAAAF/F/Qk=") -> #VALUE! | K1: =AND(Duty!K1,"AAAAAF/F/Qo=") -> #VALUE! | L1: =AND(Duty!L1,"AAAAAF/F/Qs=") -> #VALUE! | M1: =AND(Duty!M1,"AAAAAF/F/Qw=") -> #VALUE! | N1: =AND(Duty!#REF!,"AAAAAF/F/Q0=") -> #REF! | O1: =AND(Duty!N1,"AAAAAF/F/Q4=") -> #VALUE! | P1: =AND(Duty!#REF!,"AAAAAF/F/Q8=") -> #REF! | Q1: =AND(Duty!#REF!,"AAAAAF/F/RA=") -> #REF! | R1: =AND(Duty!#REF!,"AAAAAF/F/RE=") -> #REF! | S1: =AND(Duty!#REF!,"AAAAAF/F/RI=") -> #REF! | T1: 0 | U1: =AND(Duty!A3,"AAAAAF/F/RQ=") -> #VALUE! | V1: =AND(Duty!B3,"AAAAAF/F/RU=") -> #VALUE! | W1: =AND(Duty!C3,"AAAAAF/F/RY=") -> #VALUE! | X1: =AND(Duty!D3,"AAAAAF/F/Rc=") -> #VALUE! | Y1: =AND(Duty!#REF!,"AAAAAF/F/Rg=") -> #REF! | Z1: =AND(Duty!G3,"AAAAAF/F/Rk=") -> #VALUE! | AA1: =AND(Duty!H3,"AAAAAF/F/Ro=") -> #VALUE! | AB1: =AND(Duty!I3,"AAAAAF/F/Rs=") -> #VALUE! | AC1: =AND(Duty!J3,"AAAAAF/F/Rw=") -> #VALUE! | AD1: =AND(Duty!K3,"AAAAAF/F/R0=") -> #VALUE! | AE1: =AND(Duty!L3,"AAAAAF/F/R4=") -> #VALUE! | AF1: =AND(Duty!M3,"AAAAAF/F/R8=") -> #VALUE! | AG1: =AND(Duty!#REF!,"AAAAAF/F/SA=") -> #REF! | AH1: =AND(Duty!N3,"AAAAAF/F/SE=") -> #VALUE! | AI1: =AND(Duty!#REF!,"AAAAAF/F/SI=") -> #REF! | AJ1: =AND(Duty!#REF!,"AAAAAF/F/SM=") -> #REF! | AK1: =AND(Duty!#REF!,"AAAAAF/F/SQ=") -> #REF! | AL1: =AND(Duty!O3,"AAAAAF/F/SU=") -> #VALUE! | AM1: 0 | AN1: =AND(Duty!A4,"AAAAAF/F/Sc=") -> #VALUE! | AO1: =AND(Duty!B4,"AAAAAF/F/Sg=") -> #VALUE! | AP1: =AND(Duty!C4,"AAAAAF/F/Sk=") -> #VALUE! | AQ1: =AND(Duty!D4,"AAAAAF/F/So=") -> #VALUE! | AR1: =AND(Duty!#REF!,"AAAAAF/F/Ss=") -> #REF! | AS1: =AND(Duty!G4,"AAAAAF/F/Sw=") -> #VALUE! | AT1: =AND(Duty!H4,"AAAAAF/F/S0=") -> #VALUE! | AU1: =AND(Duty!I4,"AAAAAF/F/S4=") -> #VALUE! | AV1: =AND(Duty!J4,"AAAAAF/F/S8=") -> #VALUE! | AW1: =AND(Duty!K4,"AAAAAF/F/TA=") -> #VALUE! | AX1: =AND(Duty!L4,"AAAAAF/F/TE=") -> #VALUE! | AY1: =AND(Duty!M4,"AAAAAF/F/TI=") -> #VALUE! | AZ1: =AND(Duty!#REF!,"AAAAAF/F/TM=") -> #REF! | BA1: =AND(Duty!N4,"AAAAAF/F/TQ=") -> #VALUE! | BB1: =AND(Duty!#REF!,"AAAAAF/F/TU=") -> #REF! | BC1: =AND(Duty!#REF!,"AAAAAF/F/TY=") -> #REF! | BD1: =AND(Duty!#REF!,"AAAAAF/F/Tc=") -> #REF! | BE1: =AND(Duty!#REF!,"AAAAAF/F/Tg=") -> #REF! | BF1: 0 | BG1: =AND(Duty!A5,"AAAAAF/F/To=") -> #VALUE! | BH1: =AND(Duty!B5,"AAAAAF/F/Ts=") -> #VALUE! | BI1: =AND(Duty!C5,"AAAAAF/F/Tw=") -> #VALUE! | BJ1: =AND(Duty!D5,"AAAAAF/F/T0=") -> #VALUE! | BK1: =AND(Duty!#REF!,"AAAAAF/F/T4=") -> #REF! | BL1: =AND(Duty!G5,"AAAAAF/F/T8=") -> #VALUE! | BM1: =AND(Duty!H5,"AAAAAF/F/UA=") -> #VALUE! | BN1: =AND(Duty!I5,"AAAAAF/F/UE=") -> #VALUE! | BO1: =AND(Duty!J5,"AAAAAF/F/UI=") -> #VALUE! | BP1: =AND(Duty!K5,"AAAAAF/F/UM=") -> #VALUE! | BQ1: =AND(Duty!L5,"AAAAAF/F/UQ=") -> #VALUE! | BR1: =AND(Duty!M5,"AAAAAF/F/UU=") -> #VALUE! | BS1: =AND(Duty!#REF!,"AAAAAF/F/UY=") -> #REF! | BT1: =AND(Duty!N5,"AAAAAF/F/Uc=") -> #VALUE! | BU1: =AND(Duty!#REF!,"AAAAAF/F/Ug=") -> #REF! | BV1: =AND(Duty!#REF!,"AAAAAF/F/Uk=") -> #REF! | BW1: =AND(Duty!#REF!,"AAAAAF/F/Uo=") -> #REF! | BX1: =AND(Duty!O5,"AAAAAF/F/Us=") -> #VALUE! | BY1: 0 | BZ1: =AND(Duty!A6,"AAAAAF/F/U0=") -> #VALUE! | CA1: =AND(Duty!B6,"AAAAAF/F/U4=") -> #VALUE! | CB1: =AND(Duty!C6,"AAAAAF/F/U8=") -> #VALUE! | CC1: =AND(Duty!D6,"AAAAAF/F/VA=") -> #VALUE! | CD1: =AND(Duty!#REF!,"AAAAAF/F/VE=") -> #REF! | CE1: =AND(Duty!G6,"AAAAAF/F/VI=") -> #VALUE! | CF1: =AND(Duty!H6,"AAAAAF/F/VM=") -> #VALUE! | CG1: =AND(Duty!I6,"AAAAAF/F/VQ=") -> #VALUE! | CH1: =AND(Duty!J6,"AAAAAF/F/VU=") -> #VALUE! | CI1: =AND(Duty!K6,"AAAAAF/F/VY=") -> #VALUE! | CJ1: =AND(Duty!L6,"AAAAAF/F/Vc=") -> #VALUE! | CK1: =AND(Duty!M6,"AAAAAF/F/Vg=") -> #VALUE! | CL1: =AND(Duty!#REF!,"AAAAAF/F/Vk=") -> #REF! | CM1: =AND(Duty!N6,"AAAAAF/F/Vo=") -> #VALUE! | CN1: =AND(Duty!#REF!,"AAAAAF/F/Vs=") -> #REF! | CO1: =AND(Duty!#REF!,"AAAAAF/F/Vw=") -> #REF! | CP1: =AND(Duty!#REF!,"AAAAAF/F/V0=") -> #REF! | CQ1: =AND(Duty!O6,"AAAAAF/F/V4=") -> #VALUE! | CR1: 0 | CS1: =AND(Duty!A7,"AAAAAF/F/WA=") -> #VALUE! | CT1: =AND(Duty!B7,"AAAAAF/F/WE=") -> #VALUE! | CU1: =AND(Duty!C7,"AAAAAF/F/WI=") -> #VALUE! | CV1: =AND(Duty!D7,"AAAAAF/F/WM=") -> #VALUE! | CW1: =AND(Duty!#REF!,"AAAAAF/F/WQ=") -> #REF! | CX1: =AND(Duty!G7,"AAAAAF/F/WU=") -> #VALUE! | CY1: =AND(Duty!H7,"AAAAAF/F/WY=") -> #VALUE! | CZ1: =AND(Duty!I7,"AAAAAF/F/Wc=") -> #VALUE! | DA1: =AND(Duty!J7,"AAAAAF/F/Wg=") -> #VALUE! | DB1: =AND(Duty!K7,"AAAAAF/F/Wk=") -> #VALUE! | DC1: =AND(Duty!L7,"AAAAAF/F/Wo=") -> #VALUE! | DD1: =AND(Duty!M7,"AAAAAF/F/Ws=") -> #VALUE! | DE1: =AND(Duty!#REF!,"AAAAAF/F/Ww=") -> #REF! | DF1: =AND(Duty!N7,"AAAAAF/F/W0=") -> #VALUE! | DG1: =AND(Duty!#REF!,"AAAAAF/F/W4=") -> #REF! | DH1: =AND(Duty!#REF!,"AAAAAF/F/W8=") -> #REF! | DI1: =AND(Duty!#REF!,"AAAAAF/F/XA=") -> #REF! | DJ1: =AND(Duty!O7,"AAAAAF/F/XE=") -> #VALUE! | DK1: 0 | DL1: =AND(Duty!A8,"AAAAAF/F/XM=") -> #VALUE! | DM1: =AND(Duty!B8,"AAAAAF/F/XQ=") -> #VALUE! | DN1: =AND(Duty!C8,"AAAAAF/F/XU=") -> #VALUE! | DO1: =AND(Duty!D8,"AAAAAF/F/XY=") -> #VALUE! | DP1: =AND(Duty!#REF!,"AAAAAF/F/Xc=") -> #REF! | DQ1: =AND(Duty!G8,"AAAAAF/F/Xg=") -> #VALUE! | DR1: =AND(Duty!H8,"AAAAAF/F/Xk=") -> #VALUE! | DS1: =AND(Duty!I8,"AAAAAF/F/Xo=") -> #VALUE! | DT1: =AND(Duty!J8,"AAAAAF/F/Xs=") -> #VALUE! | DU1: =AND(Duty!K8,"AAAAAF/F/Xw=") -> #VALUE! | DV1: =AND(Duty!L8,"AAAAAF/F/X0=") -> #VALUE! | DW1: =AND(Duty!M8,"AAAAAF/F/X4=") -> #VALUE! | DX1: =AND(Duty!#REF!,"AAAAAF/F/X8=") -> #REF! | DY1: =AND(Duty!N8,"AAAAAF/F/YA=") -> #VALUE! | DZ1: =AND(Duty!#REF!,"AAAAAF/F/YE=") -> #REF! | EA1: =AND(Duty!#REF!,"AAAAAF/F/YI=") -> #REF! | EB1: =AND(Duty!#REF!,"AAAAAF/F/YM=") -> #REF! | EC1: =AND(Duty!O8,"AAAAAF/F/YQ=") -> #VALUE! | ED1: 0 | EE1: =AND(Duty!A9,"AAAAAF/F/YY=") -> #VALUE! | EF1: =AND(Duty!B9,"AAAAAF/F/Yc=") -> #VALUE! | EG1: =AND(Duty!C9,"AAAAAF/F/Yg=") -> #VALUE! | EH1: =AND(Duty!D9,"AAAAAF/F/Yk=") -> #VALUE! | EI1: =AND(Duty!#REF!,"AAAAAF/F/Yo=") -> #REF! | EJ1: =AND(Duty!G9,"AAAAAF/F/Ys=") -> #VALUE! | EK1: =AND(Duty!H9,"AAAAAF/F/Yw=") -> #VALUE! | EL1: =AND(Duty!I9,"AAAAAF/F/Y0=") -> #VALUE! | EM1: =AND(Duty!J9,"AAAAAF/F/Y4=") -> #VALUE! | EN1: =AND(Duty!K9,"AAAAAF/F/Y8=") -> #VALUE! | EO1: =AND(Duty!L9,"AAAAAF/F/ZA=") -> #VALUE! | EP1: =AND(Duty!M9,"AAAAAF/F/ZE=") -> #VALUE! | EQ1: =AND(Duty!#REF!,"AAAAAF/F/ZI=") -> #REF! | ER1: =AND(Duty!N9,"AAAAAF/F/ZM=") -> #VALUE! | ES1: =AND(Duty!#REF!,"AAAAAF/F/ZQ=") -> #REF! | ET1: =AND(Duty!#REF!,"AAAAAF/F/ZU=") -> #REF! | EU1: =AND(Duty!#REF!,"AAAAAF/F/ZY=") -> #REF! | EV1: =AND(Duty!O9,"AAAAAF/F/Zc=") -> #VALUE! | EW1: 0 | EX1: =AND(Duty!A10,"AAAAAF/F/Zk=") -> #VALUE! | EY1: =AND(Duty!B10,"AAAAAF/F/Zo=") -> #VALUE! | EZ1: =AND(Duty!C10,"AAAAAF/F/Zs=") -> #VALUE! | FA1: =AND(Duty!D10,"AAAAAF/F/Zw=") -> #VALUE! | FB1: =AND(Duty!#REF!,"AAAAAF/F/Z0=") -> #REF! | FC1: =AND(Duty!G10,"AAAAAF/F/Z4=") -> #VALUE! | FD1: =AND(Duty!H10,"AAAAAF/F/Z8=") -> #VALUE! | FE1: =AND(Duty!I10,"AAAAAF/F/aA=") -> #VALUE! | FF1: =AND(Duty!J10,"AAAAAF/F/aE=") -> #VALUE! | FG1: =AND(Duty!K10,"AAAAAF/F/aI=") -> #VALUE! | FH1: =AND(Duty!L10,"AAAAAF/F/aM=") -> #VALUE! | FI1: =AND(Duty!M10,"AAAAAF/F/aQ=") -> #VALUE! | FJ1: =AND(Duty!#REF!,"AAAAAF/F/aU=") -> #REF! | FK1: =AND(Duty!N10,"AAAAAF/F/aY=") -> #VALUE! | FL1: =AND(Duty!#REF!,"AAAAAF/F/ac=") -> #REF! | FM1: =AND(Duty!#REF!,"AAAAAF/F/ag=") -> #REF! | FN1: =AND(Duty!#REF!,"AAAAAF/F/ak=") -> #REF! | FO1: =AND(Duty!O10,"AAAAAF/F/ao=") -> #VALUE! | FP1: 0 | FQ1: =AND(Duty!A11,"AAAAAF/F/aw=") -> #VALUE! | FR1: =AND(Duty!B11,"AAAAAF/F/a0=") -> #VALUE! | FS1: =AND(Duty!C11,"AAAAAF/F/a4=") -> #VALUE! | FT1: =AND(Duty!D11,"AAAAAF/F/a8=") -> #VALUE! | FU1: =AND(Duty!#REF!,"AAAAAF/F/bA=") -> #REF! | FV1: =AND(Duty!G11,"AAAAAF/F/bE=") -> #VALUE! | FW1: =AND(Duty!H11,"AAAAAF/F/bI=") -> #VALUE! | FX1: =AND(Duty!I11,"AAAAAF/F/bM=") -> #VALUE! | FY1: =AND(Duty!J11,"AAAAAF/F/bQ=") -> #VALUE! | FZ1: =AND(Duty!K11,"AAAAAF/F/bU=") -> #VALUE! | GA1: =AND(Duty!L11,"AAAAAF/F/bY=") -> #VALUE! | GB1: =AND(Duty!M11,"AAAAAF/F/bc=") -> #VALUE! | GC1: =AND(Duty!#REF!,"AAAAAF/F/bg=") -> #REF! | GD1: =AND(Duty!N11,"AAAAAF/F/bk=") -> #VALUE! | GE1: =AND(Duty!#REF!,"AAAAAF/F/bo=") -> #REF! | GF1: =AND(Duty!#REF!,"AAAAAF/F/bs=") -> #REF! | GG1: =AND(Duty!#REF!,"AAAAAF/F/bw=") -> #REF! | GH1: =AND(Duty!O11,"AAAAAF/F/b0=") -> #VALUE! | GI1: 0 | GJ1: =AND(Duty!A12,"AAAAAF/F/b8=") -> #VALUE! | GK1: =AND(Duty!B12,"AAAAAF/F/cA=") -> #VALUE! | GL1: =AND(Duty!C12,"AAAAAF/F/cE=") -> #VALUE! | GM1: =AND(Duty!D12,"AAAAAF/F/cI=") -> #VALUE! | GN1: =AND(Duty!#REF!,"AAAAAF/F/cM=") -> #REF! | GO1: =AND(Duty!G12,"AAAAAF/F/cQ=") -> #VALUE! | GP1: =AND(Duty!H12,"AAAAAF/F/cU=") -> #VALUE! | GQ1: =AND(Duty!I12,"AAAAAF/F/cY=") -> #VALUE! | GR1: =AND(Duty!J12,"AAAAAF/F/cc=") -> #VALUE! | GS1: =AND(Duty!K12,"AAAAAF/F/cg=") -> #VALUE! | GT1: =AND(Duty!L12,"AAAAAF/F/ck=") -> #VALUE! | GU1: =AND(Duty!M12,"AAAAAF/F/co=") -> #VALUE! | GV1: =AND(Duty!#REF!,"AAAAAF/F/cs=") -> #REF! | GW1: =AND(Duty!N12,"AAAAAF/F/cw=") -> #VALUE! | GX1: =AND(Duty!#REF!,"AAAAAF/F/c0=") -> #REF! | GY1: =AND(Duty!#REF!,"AAAAAF/F/c4=") -> #REF! | GZ1: =AND(Duty!#REF!,"AAAAAF/F/c8=") -> #REF! | HA1: =AND(Duty!O12,"AAAAAF/F/dA=") -> #VALUE! | HB1: 0 | HC1: =AND(Duty!A13,"AAAAAF/F/dI=") -> #VALUE! | HD1: =AND(Duty!B13,"AAAAAF/F/dM=") -> #VALUE! | HE1: =AND(Duty!C13,"AAAAAF/F/dQ=") -> #VALUE! | HF1: =AND(Duty!D13,"AAAAAF/F/dU=") -> #VALUE! | HG1: =AND(Duty!#REF!,"AAAAAF/F/dY=") -> #REF! | HH1: =AND(Duty!G13,"AAAAAF/F/dc=") -> #VALUE! | HI1: =AND(Duty!H13,"AAAAAF/F/dg=") -> #VALUE! | HJ1: =AND(Duty!I13,"AAAAAF/F/dk=") -> #VALUE! | HK1: =AND(Duty!J13,"AAAAAF/F/do=") -> #VALUE! | HL1: =AND(Duty!K13,"AAAAAF/F/ds=") -> #VALUE! | HM1: =AND(Duty!L13,"AAAAAF/F/dw=") -> #VALUE! | HN1: =AND(Duty!M13,"AAAAAF/F/d0=") -> #VALUE! | HO1: =AND(Duty!#REF!,"AAAAAF/F/d4=") -> #REF! | HP1: =AND(Duty!N13,"AAAAAF/F/d8=") -> #VALUE! | HQ1: =AND(Duty!#REF!,"AAAAAF/F/eA=") -> #REF! | HR1: =AND(Duty!#REF!,"AAAAAF/F/eE=") -> #REF! | HS1: =AND(Duty!#REF!,"AAAAAF/F/eI=") -> #REF! | HT1: =AND(Duty!O13,"AAAAAF/F/eM=") -> #VALUE! | HU1: =IF(Duty!#REF!,"AAAAAF/F/eQ=",0) -> #REF! | HV1: =AND(Duty!#REF!,"AAAAAF/F/eU=") -> #REF! | HW1: =AND(Duty!#REF!,"AAAAAF/F/eY=") -> #REF! | HX1: =AND(Duty!#REF!,"AAAAAF/F/ec=") -> #REF! | HY1: =AND(Duty!#REF!,"AAAAAF/F/eg=") -> #REF! | HZ1: =AND(Duty!#REF!,"AAAAAF/F/ek=") -> #REF! | IA1: =AND(Duty!#REF!,"AAAAAF/F/eo=") -> #REF! | IB1: =AND(Duty!#REF!,"AAAAAF/F/es=") -> #REF! | IC1: =AND(Duty!#REF!,"AAAAAF/F/ew=") -> #REF! | ID1: =AND(Duty!#REF!,"AAAAAF/F/e0=") -> #REF! | IE1: =AND(Duty!#REF!,"AAAAAF/F/e4=") -> #REF! | IF1: =AND(Duty!#REF!,"AAAAAF/F/e8=") -> #REF! | IG1: =AND(Duty!#REF!,"AAAAAF/F/fA=") -> #REF! | IH1: =AND(Duty!#REF!,"AAAAAF/F/fE=") -> #REF! | II1: =AND(Duty!#REF!,"AAAAAF/F/fI=") -> #REF! | IJ1: =AND(Duty!#REF!,"AAAAAF/F/fM=") -> #REF! | IK1: =AND(Duty!#REF!,"AAAAAF/F/fQ=") -> #REF! | IL1: =AND(Duty!#REF!,"AAAAAF/F/fU=") -> #REF! | IM1: =AND(Duty!#REF!,"AAAAAF/F/fY=") -> #REF! | IN1: 0 | IO1: =AND(Duty!A14,"AAAAAF/F/fg=") -> #VALUE! | IP1: =AND(Duty!B14,"AAAAAF/F/fk=") -> #VALUE! | IQ1: =AND(Duty!C14,"AAAAAF/F/fo=") -> #VALUE! | IR1: =AND(Duty!D14,"AAAAAF/F/fs=") -> #VALUE! | IS1: =AND(Duty!#REF!,"AAAAAF/F/fw=") -> #REF! | IT1: =AND(Duty!G14,"AAAAAF/F/f0=") -> #VALUE! | IU1: =AND(Duty!H14,"AAAAAF/F/f4=") -> #VALUE! | IV1: =AND(Duty!I14,"AAAAAF/F/f8=") -> #VALUE!
A2: =AND(Duty!J14,"AAAAAG/3vwA=") -> #VALUE! | B2: =AND(Duty!K14,"AAAAAG/3vwE=") -> #VALUE! | C2: =AND(Duty!L14,"AAAAAG/3vwI=") -> #VALUE! | D2: =AND(Duty!M14,"AAAAAG/3vwM=") -> #VALUE! | E2: =AND(Duty!#REF!,"AAAAAG/3vwQ=") -> #REF! | F2: =AND(Duty!N14,"AAAAAG/3vwU=") -> #VALUE! | G2: =AND(Duty!#REF!,"AAAAAG/3vwY=") -> #REF! | H2: =AND(Duty!#REF!,"AAAAAG/3vwc=") -> #REF! | I2: =AND(Duty!#REF!,"AAAAAG/3vwg=") -> #REF! | J2: =AND(Duty!O14,"AAAAAG/3vwk=") -> #VALUE! | K2: 0 | L2: =AND(Duty!A15,"AAAAAG/3vws=") -> #VALUE! | M2: =AND(Duty!B15,"AAAAAG/3vww=") -> #VALUE! | N2: =AND(Duty!C15,"AAAAAG/3vw0=") -> #VALUE! | O2: =AND(Duty!D15,"AAAAAG/3vw4=") -> #VALUE! | P2: =AND(Duty!#REF!,"AAAAAG/3vw8=") -> #REF! | Q2: =AND(Duty!G15,"AAAAAG/3vxA=") -> #VALUE! | R2: =AND(Duty!H15,"AAAAAG/3vxE=") -> #VALUE! | S2: =AND(Duty!I15,"AAAAAG/3vxI=") -> #VALUE! | T2: =AND(Duty!J15,"AAAAAG/3vxM=") -> #VALUE! | U2: =AND(Duty!K15,"AAAAAG/3vxQ=") -> #VALUE! | V2: =AND(Duty!L15,"AAAAAG/3vxU=") -> #VALUE! | W2: =AND(Duty!M15,"AAAAAG/3vxY=") -> #VALUE! | X2: =AND(Duty!#REF!,"AAAAAG/3vxc=") -> #REF! | Y2: =AND(Duty!N15,"AAAAAG/3vxg=") -> #VALUE! | Z2: =AND(Duty!#REF!,"AAAAAG/3vxk=") -> #REF! | AA2: =AND(Duty!#REF!,"AAAAAG/3vxo=") -> #REF! | AB2: =AND(Duty!#REF!,"AAAAAG/3vxs=") -> #REF! | AC2: =AND(Duty!O15,"AAAAAG/3vxw=") -> #VALUE! | AD2: 0 | AE2: =AND(Duty!A16,"AAAAAG/3vx4=") -> #VALUE! | AF2: =AND(Duty!B16,"AAAAAG/3vx8=") -> #VALUE! | AG2: =AND(Duty!C16,"AAAAAG/3vyA=") -> #VALUE! | AH2: =AND(Duty!D16,"AAAAAG/3vyE=") -> #VALUE! | AI2: =AND(Duty!#REF!,"AAAAAG/3vyI=") -> #REF! | AJ2: =AND(Duty!G16,"AAAAAG/3vyM=") -> #VALUE! | AK2: =AND(Duty!H16,"AAAAAG/3vyQ=") -> #VALUE! | AL2: =AND(Duty!I16,"AAAAAG/3vyU=") -> #VALUE! | AM2: =AND(Duty!J16,"AAAAAG/3vyY=") -> #VALUE! | AN2: =AND(Duty!K16,"AAAAAG/3vyc=") -> #VALUE! | AO2: =AND(Duty!L16,"AAAAAG/3vyg=") -> #VALUE! | AP2: =AND(Duty!M16,"AAAAAG/3vyk=") -> #VALUE! | AQ2: =AND(Duty!#REF!,"AAAAAG/3vyo=") -> #REF! | AR2: =AND(Duty!N16,"AAAAAG/3vys=") -> #VALUE! | AS2: =AND(Duty!#REF!,"AAAAAG/3vyw=") -> #REF! | AT2: =AND(Duty!#REF!,"AAAAAG/3vy0=") -> #REF! | AU2: =AND(Duty!#REF!,"AAAAAG/3vy4=") -> #REF! | AV2: =AND(Duty!O16,"AAAAAG/3vy8=") -> #VALUE! | AW2: =IF(Duty!#REF!,"AAAAAG/3vzA=",0) -> #REF! | AX2: =AND(Duty!#REF!,"AAAAAG/3vzE=") -> #REF! | AY2: =AND(Duty!#REF!,"AAAAAG/3vzI=") -> #REF! | AZ2: =AND(Duty!#REF!,"AAAAAG/3vzM=") -> #REF! | BA2: =AND(Duty!#REF!,"AAAAAG/3vzQ=") -> #REF! | BB2: =AND(Duty!#REF!,"AAAAAG/3vzU=") -> #REF! | BC2: =AND(Duty!#REF!,"AAAAAG/3vzY=") -> #REF! | BD2: =AND(Duty!#REF!,"AAAAAG/3vzc=") -> #REF! | BE2: =AND(Duty!#REF!,"AAAAAG/3vzg=") -> #REF! | BF2: =AND(Duty!#REF!,"AAAAAG/3vzk=") -> #REF! | BG2: =AND(Duty!#REF!,"AAAAAG/3vzo=") -> #REF! | BH2: =AND(Duty!#REF!,"AAAAAG/3vzs=") -> #REF! | BI2: =AND(Duty!#REF!,"AAAAAG/3vzw=") -> #REF! | BJ2: =AND(Duty!#REF!,"AAAAAG/3vz0=") -> #REF! | BK2: =AND(Duty!#REF!,"AAAAAG/3vz4=") -> #REF! | BL2: =AND(Duty!#REF!,"AAAAAG/3vz8=") -> #REF! | BM2: =AND(Duty!#REF!,"AAAAAG/3v0A=") -> #REF! | BN2: =AND(Duty!#REF!,"AAAAAG/3v0E=") -> #REF! | BO2: =AND(Duty!#REF!,"AAAAAG/3v0I=") -> #REF! | BP2: 0 | BQ2: =AND(Duty!A19,"AAAAAG/3v0Q=") -> #VALUE! | BR2: =AND(Duty!B19,"AAAAAG/3v0U=") -> #VALUE! | BS2: =AND(Duty!C19,"AAAAAG/3v0Y=") -> #VALUE! | BT2: =AND(Duty!D19,"AAAAAG/3v0c=") -> #VALUE! | BU2: =AND(Duty!#REF!,"AAAAAG/3v0g=") -> #REF! | BV2: =AND(Duty!G19,"AAAAAG/3v0k=") -> #VALUE! | BW2: =AND(Duty!H19,"AAAAAG/3v0o=") -> #VALUE! | BX2: =AND(Duty!I19,"AAAAAG/3v0s=") -> #VALUE! | BY2: =AND(Duty!J19,"AAAAAG/3v0w=") -> #VALUE! | BZ2: =AND(Duty!K19,"AAAAAG/3v00=") -> #VALUE! | CA2: =AND(Duty!L19,"AAAAAG/3v04=") -> #VALUE! | CB2: =AND(Duty!M19,"AAAAAG/3v08=") -> #VALUE! | CC2: =AND(Duty!#REF!,"AAAAAG/3v1A=") -> #REF! | CD2: =AND(Duty!N19,"AAAAAG/3v1E=") -> #VALUE! | CE2: =AND(Duty!#REF!,"AAAAAG/3v1I=") -> #REF! | CF2: =AND(Duty!#REF!,"AAAAAG/3v1M=") -> #REF! | CG2: =AND(Duty!#REF!,"AAAAAG/3v1Q=") -> #REF! | CH2: =AND(Duty!O19,"AAAAAG/3v1U=") -> #VALUE! | CI2: 0 | CJ2: =AND(Duty!A20,"AAAAAG/3v1c=") -> #VALUE! | CK2: =AND(Duty!B20,"AAAAAG/3v1g=") -> #VALUE! | CL2: =AND(Duty!C20,"AAAAAG/3v1k=") -> #VALUE! | CM2: =AND(Duty!D20,"AAAAAG/3v1o=") -> #VALUE! | CN2: =AND(Duty!#REF!,"AAAAAG/3v1s=") -> #REF! | CO2: =AND(Duty!G20,"AAAAAG/3v1w=") -> #VALUE! | CP2: =AND(Duty!H20,"AAAAAG/3v10=") -> #VALUE! | CQ2: =AND(Duty!I20,"AAAAAG/3v14=") -> #VALUE! | CR2: =AND(Duty!J20,"AAAAAG/3v18=") -> #VALUE! | CS2: =AND(Duty!K20,"AAAAAG/3v2A=") -> #VALUE! | CT2: =AND(Duty!L20,"AAAAAG/3v2E=") -> #VALUE! | CU2: =AND(Duty!M20,"AAAAAG/3v2I=") -> #VALUE! | CV2: =AND(Duty!#REF!,"AAAAAG/3v2M=") -> #REF! | CW2: =AND(Duty!N20,"AAAAAG/3v2Q=") -> #VALUE! | CX2: =AND(Duty!#REF!,"AAAAAG/3v2U=") -> #REF! | CY2: =AND(Duty!#REF!,"AAAAAG/3v2Y=") -> #REF! | CZ2: =AND(Duty!#REF!,"AAAAAG/3v2c=") -> #REF! | DA2: =AND(Duty!O20,"AAAAAG/3v2g=") -> #VALUE! | DB2: =IF(Duty!#REF!,"AAAAAG/3v2k=",0) -> #REF! | DC2: =AND(Duty!#REF!,"AAAAAG/3v2o=") -> #REF! | DD2: =AND(Duty!#REF!,"AAAAAG/3v2s=") -> #REF! | DE2: =AND(Duty!#REF!,"AAAAAG/3v2w=") -> #REF! | DF2: =AND(Duty!#REF!,"AAAAAG/3v20=") -> #REF! | DG2: =AND(Duty!#REF!,"AAAAAG/3v24=") -> #REF! | DH2: =AND(Duty!#REF!,"AAAAAG/3v28=") -> #REF! | DI2: =AND(Duty!#REF!,"AAAAAG/3v3A=") -> #REF! | DJ2: =AND(Duty!#REF!,"AAAAAG/3v3E=") -> #REF! | DK2: =AND(Duty!#REF!,"AAAAAG/3v3I=") -> #REF! | DL2: =AND(Duty!#REF!,"AAAAAG/3v3M=") -> #REF! | DM2: =AND(Duty!#REF!,"AAAAAG/3v3Q=") -> #REF! | DN2: =AND(Duty!#REF!,"AAAAAG/3v3U=") -> #REF! | DO2: =AND(Duty!#REF!,"AAAAAG/3v3Y=") -> #REF! | DP2: =AND(Duty!#REF!,"AAAAAG/3v3c=") -> #REF! | DQ2: =AND(Duty!#REF!,"AAAAAG/3v3g=") -> #REF! | DR2: =AND(Duty!#REF!,"AAAAAG/3v3k=") -> #REF! | DS2: =AND(Duty!#REF!,"AAAAAG/3v3o=") -> #REF! | DT2: =AND(Duty!#REF!,"AAAAAG/3v3s=") -> #REF! | DU2: =IF(Duty!#REF!,"AAAAAG/3v3w=",0) -> #REF! | DV2: =AND(Duty!#REF!,"AAAAAG/3v30=") -> #REF! | DW2: =AND(Duty!#REF!,"AAAAAG/3v34=") -> #REF! | DX2: =AND(Duty!#REF!,"AAAAAG/3v38=") -> #REF! | DY2: =AND(Duty!#REF!,"AAAAAG/3v4A=") -> #REF! | DZ2: =AND(Duty!#REF!,"AAAAAG/3v4E=") -> #REF! | EA2: =AND(Duty!#REF!,"AAAAAG/3v4I=") -> #REF! | EB2: =AND(Duty!#REF!,"AAAAAG/3v4M=") -> #REF! | EC2: =AND(Duty!#REF!,"AAAAAG/3v4Q=") -> #REF! | ED2: =AND(Duty!#REF!,"AAAAAG/3v4U=") -> #REF! | EE2: =AND(Duty!#REF!,"AAAAAG/3v4Y=") -> #REF! | EF2: =AND(Duty!#REF!,"AAAAAG/3v4c=") -> #REF! | EG2: =AND(Duty!#REF!,"AAAAAG/3v4g=") -> #REF! | EH2: =AND(Duty!#REF!,"AAAAAG/3v4k=") -> #REF! | EI2: =AND(Duty!#REF!,"AAAAAG/3v4o=") -> #REF! | EJ2: =AND(Duty!#REF!,"AAAAAG/3v4s=") -> #REF! | EK2: =AND(Duty!#REF!,"AAAAAG/3v4w=") -> #REF! | EL2: =AND(Duty!#REF!,"AAAAAG/3v40=") -> #REF! | EM2: =AND(Duty!#REF!,"AAAAAG/3v44=") -> #REF! | EN2: 0 | EO2: =AND(Duty!A21,"AAAAAG/3v5A=") -> #VALUE! | EP2: =AND(Duty!B21,"AAAAAG/3v5E=") -> #VALUE! | EQ2: =AND(Duty!C21,"AAAAAG/3v5I=") -> #VALUE! | ER2: =AND(Duty!D21,"AAAAAG/3v5M=") -> #VALUE! | ES2: =AND(Duty!#REF!,"AAAAAG/3v5Q=") -> #REF! | ET2: =AND(Duty!G21,"AAAAAG/3v5U=") -> #VALUE! | EU2: =AND(Duty!H21,"AAAAAG/3v5Y=") -> #VALUE! | EV2: =AND(Duty!I21,"AAAAAG/3v5c=") -> #VALUE! | EW2: =AND(Duty!J21,"AAAAAG/3v5g=") -> #VALUE! | EX2: =AND(Duty!K21,"AAAAAG/3v5k=") -> #VALUE! | EY2: =AND(Duty!L21,"AAAAAG/3v5o=") -> #VALUE! | EZ2: =AND(Duty!M21,"AAAAAG/3v5s=") -> #VALUE! | FA2: =AND(Duty!#REF!,"AAAAAG/3v5w=") -> #REF! | FB2: =AND(Duty!N21,"AAAAAG/3v50=") -> #VALUE! | FC2: =AND(Duty!#REF!,"AAAAAG/3v54=") -> #REF! | FD2: =AND(Duty!#REF!,"AAAAAG/3v58=") -> #REF! | FE2: =AND(Duty!#REF!,"AAAAAG/3v6A=") -> #REF! | FF2: =AND(Duty!O21,"AAAAAG/3v6E=") -> #VALUE! | FG2: 0 | FH2: =AND(Duty!A22,"AAAAAG/3v6M=") -> #VALUE! | FI2: =AND(Duty!B22,"AAAAAG/3v6Q=") -> #VALUE! | FJ2: =AND(Duty!C22,"AAAAAG/3v6U=") -> #VALUE! | FK2: =AND(Duty!D22,"AAAAAG/3v6Y=") -> #VALUE! | FL2: =AND(Duty!#REF!,"AAAAAG/3v6c=") -> #REF! | FM2: =AND(Duty!G22,"AAAAAG/3v6g=") -> #VALUE! | FN2: =AND(Duty!H22,"AAAAAG/3v6k=") -> #VALUE! | FO2: =AND(Duty!I22,"AAAAAG/3v6o=") -> #VALUE! | FP2: =AND(Duty!J22,"AAAAAG/3v6s=") -> #VALUE! | FQ2: =AND(Duty!K22,"AAAAAG/3v6w=") -> #VALUE! | FR2: =AND(Duty!L22,"AAAAAG/3v60=") -> #VALUE! | FS2: =AND(Duty!M22,"AAAAAG/3v64=") -> #VALUE! | FT2: =AND(Duty!#REF!,"AAAAAG/3v68=") -> #REF! | FU2: =AND(Duty!N22,"AAAAAG/3v7A=") -> #VALUE! | FV2: =AND(Duty!#REF!,"AAAAAG/3v7E=") -> #REF! | FW2: =AND(Duty!#REF!,"AAAAAG/3v7I=") -> #REF! | FX2: =AND(Duty!#REF!,"AAAAAG/3v7M=") -> #REF! | FY2: =AND(Duty!O22,"AAAAAG/3v7Q=") -> #VALUE! | FZ2: 0 | GA2: =AND(Duty!A23,"AAAAAG/3v7Y=") -> #VALUE! | GB2: =AND(Duty!B23,"AAAAAG/3v7c=") -> #VALUE! | GC2: =AND(Duty!C23,"AAAAAG/3v7g=") -> #VALUE! | GD2: =AND(Duty!D23,"AAAAAG/3v7k=") -> #VALUE! | GE2: =AND(Duty!#REF!,"AAAAAG/3v7o=") -> #REF! | GF2: =AND(Duty!G23,"AAAAAG/3v7s=") -> #VALUE! | GG2: =AND(Duty!H23,"AAAAAG/3v7w=") -> #VALUE! | GH2: =AND(Duty!I23,"AAAAAG/3v70=") -> #VALUE! | GI2: =AND(Duty!J23,"AAAAAG/3v74=") -> #VALUE! | GJ2: =AND(Duty!K23,"AAAAAG/3v78=") -> #VALUE! | GK2: =AND(Duty!L23,"AAAAAG/3v8A=") -> #VALUE! | GL2: =AND(Duty!M23,"AAAAAG/3v8E=") -> #VALUE! | GM2: =AND(Duty!#REF!,"AAAAAG/3v8I=") -> #REF! | GN2: =AND(Duty!N23,"AAAAAG/3v8M=") -> #VALUE! | GO2: =AND(Duty!#REF!,"AAAAAG/3v8Q=") -> #REF! | GP2: =AND(Duty!#REF!,"AAAAAG/3v8U=") -> #REF! | GQ2: =AND(Duty!#REF!,"AAAAAG/3v8Y=") -> #REF! | GR2: =AND(Duty!O23,"AAAAAG/3v8c=") -> #VALUE! | GS2: 0 | GT2: =AND(Duty!A24,"AAAAAG/3v8k=") -> #VALUE! | GU2: =AND(Duty!B24,"AAAAAG/3v8o=") -> #VALUE! | GV2: =AND(Duty!C24,"AAAAAG/3v8s=") -> #VALUE! | GW2: =AND(Duty!D24,"AAAAAG/3v8w=") -> #VALUE! | GX2: =AND(Duty!#REF!,"AAAAAG/3v80=") -> #REF! | GY2: =AND(Duty!G24,"AAAAAG/3v84=") -> #VALUE! | GZ2: =AND(Duty!H24,"AAAAAG/3v88=") -> #VALUE! | HA2: =AND(Duty!I24,"AAAAAG/3v9A=") -> #VALUE! | HB2: =AND(Duty!J24,"AAAAAG/3v9E=") -> #VALUE! | HC2: =AND(Duty!K24,"AAAAAG/3v9I=") -> #VALUE! | HD2: =AND(Duty!L24,"AAAAAG/3v9M=") -> #VALUE! | HE2: =AND(Duty!M24,"AAAAAG/3v9Q=") -> #VALUE! | HF2: =AND(Duty!#REF!,"AAAAAG/3v9U=") -> #REF! | HG2: =AND(Duty!N24,"AAAAAG/3v9Y=") -> #VALUE! | HH2: =AND(Duty!#REF!,"AAAAAG/3v9c=") -> #REF! | HI2: =AND(Duty!#REF!,"AAAAAG/3v9g=") -> #REF! | HJ2: =AND(Duty!#REF!,"AAAAAG/3v9k=") -> #REF! | HK2: =AND(Duty!O24,"AAAAAG/3v9o=") -> #VALUE! | HL2: 0 | HM2: =AND(Duty!A25,"AAAAAG/3v9w=") -> #VALUE! | HN2: =AND(Duty!B25,"AAAAAG/3v90=") -> #VALUE! | HO2: =AND(Duty!C25,"AAAAAG/3v94=") -> #VALUE! | HP2: =AND(Duty!D25,"AAAAAG/3v98=") -> #VALUE! | HQ2: =AND(Duty!#REF!,"AAAAAG/3v+A=") -> #REF! | HR2: =AND(Duty!G25,"AAAAAG/3v+E=") -> #VALUE! | HS2: =AND(Duty!H25,"AAAAAG/3v+I=") -> #VALUE! | HT2: =AND(Duty!I25,"AAAAAG/3v+M=") -> #VALUE! | HU2: =AND(Duty!J25,"AAAAAG/3v+Q=") -> #VALUE! | HV2: =AND(Duty!K25,"AAAAAG/3v+U=") -> #VALUE! | HW2: =AND(Duty!L25,"AAAAAG/3v+Y=") -> #VALUE! | HX2: =AND(Duty!M25,"AAAAAG/3v+c=") -> #VALUE! | HY2: =AND(Duty!#REF!,"AAAAAG/3v+g=") -> #REF! | HZ2: =AND(Duty!N25,"AAAAAG/3v+k=") -> #VALUE! | IA2: =AND(Duty!#REF!,"AAAAAG/3v+o=") -> #REF! | IB2: =AND(Duty!#REF!,"AAAAAG/3v+s=") -> #REF! | IC2: =AND(Duty!#REF!,"AAAAAG/3v+w=") -> #REF! | ID2: =AND(Duty!O25,"AAAAAG/3v+0=") -> #VALUE! | IE2: 0 | IF2: =AND(Duty!A26,"AAAAAG/3v+8=") -> #VALUE! | IG2: =AND(Duty!B26,"AAAAAG/3v/A=") -> #VALUE! | IH2: =AND(Duty!C26,"AAAAAG/3v/E=") -> #VALUE! | II2: =AND(Duty!D26,"AAAAAG/3v/I=") -> #VALUE! | IJ2: =AND(Duty!#REF!,"AAAAAG/3v/M=") -> #REF! | IK2: =AND(Duty!G26,"AAAAAG/3v/Q=") -> #VALUE! | IL2: =AND(Duty!H26,"AAAAAG/3v/U=") -> #VALUE! | IM2: =AND(Duty!I26,"AAAAAG/3v/Y=") -> #VALUE! | IN2: =AND(Duty!J26,"AAAAAG/3v/c=") -> #VALUE! | IO2: =AND(Duty!K26,"AAAAAG/3v/g=") -> #VALUE! | IP2: =AND(Duty!L26,"AAAAAG/3v/k=") -> #VALUE! | IQ2: =AND(Duty!M26,"AAAAAG/3v/o=") -> #VALUE! | IR2: =AND(Duty!#REF!,"AAAAAG/3v/s=") -> #REF! | IS2: =AND(Duty!N26,"AAAAAG/3v/w=") -> #VALUE! | IT2: =AND(Duty!#REF!,"AAAAAG/3v/0=") -> #REF! | IU2: =AND(Duty!#REF!,"AAAAAG/3v/4=") -> #REF! | IV2: =AND(Duty!#REF!,"AAAAAG/3v/8=") -> #REF!
A3: =AND(Duty!O26,"AAAAAG/a/gA=") -> #VALUE! | B3: #VALUE!:notNumber | C3: =AND(Duty!A27,"AAAAAG/a/gI=") -> #VALUE! | D3: =AND(Duty!B27,"AAAAAG/a/gM=") -> #VALUE! | E3: =AND(Duty!C27,"AAAAAG/a/gQ=") -> #VALUE! | F3: =AND(Duty!D27,"AAAAAG/a/gU=") -> #VALUE! | G3: =AND(Duty!#REF!,"AAAAAG/a/gY=") -> #REF! | H3: =AND(Duty!G27,"AAAAAG/a/gc=") -> #VALUE! | I3: =AND(Duty!H27,"AAAAAG/a/gg=") -> #VALUE! | J3: =AND(Duty!I27,"AAAAAG/a/gk=") -> #VALUE! | K3: =AND(Duty!J27,"AAAAAG/a/go=") -> #VALUE! | L3: =AND(Duty!K27,"AAAAAG/a/gs=") -> #VALUE! | M3: =AND(Duty!L27,"AAAAAG/a/gw=") -> #VALUE! | N3: =AND(Duty!M27,"AAAAAG/a/g0=") -> #VALUE! | O3: =AND(Duty!#REF!,"AAAAAG/a/g4=") -> #REF! | P3: =AND(Duty!N27,"AAAAAG/a/g8=") -> #VALUE! | Q3: =AND(Duty!#REF!,"AAAAAG/a/hA=") -> #REF! | R3: =AND(Duty!#REF!,"AAAAAG/a/hE=") -> #REF! | S3: =AND(Duty!#REF!,"AAAAAG/a/hI=") -> #REF! | T3: =AND(Duty!O27,"AAAAAG/a/hM=") -> #VALUE! | U3: =IF(Duty!#REF!,"AAAAAG/a/hQ=",0) -> #REF! | V3: =AND(Duty!#REF!,"AAAAAG/a/hU=") -> #REF! | W3: =AND(Duty!#REF!,"AAAAAG/a/hY=") -> #REF! | X3: =AND(Duty!#REF!,"AAAAAG/a/hc=") -> #REF! | Y3: =AND(Duty!#REF!,"AAAAAG/a/hg=") -> #REF! | Z3: =AND(Duty!#REF!,"AAAAAG/a/hk=") -> #REF! | AA3: =AND(Duty!#REF!,"AAAAAG/a/ho=") -> #REF! | AB3: =AND(Duty!#REF!,"AAAAAG/a/hs=") -> #REF! | AC3: =AND(Duty!#REF!,"AAAAAG/a/hw=") -> #REF! | AD3: =AND(Duty!#REF!,"AAAAAG/a/h0=") -> #REF! | AE3: =AND(Duty!#REF!,"AAAAAG/a/h4=") -> #REF! | AF3: =AND(Duty!#REF!,"AAAAAG/a/h8=") -> #REF! | AG3: =AND(Duty!#REF!,"AAAAAG/a/iA=") -> #REF! | AH3: =AND(Duty!#REF!,"AAAAAG/a/iE=") -> #REF! | AI3: =AND(Duty!#REF!,"AAAAAG/a/iI=") -> #REF! | AJ3: =AND(Duty!#REF!,"AAAAAG/a/iM=") -> #REF! | AK3: =AND(Duty!#REF!,"AAAAAG/a/iQ=") -> #REF! | AL3: =AND(Duty!#REF!,"AAAAAG/a/iU=") -> #REF! | AM3: =AND(Duty!#REF!,"AAAAAG/a/iY=") -> #REF! | AN3: 0 | AO3: =AND(Duty!A28,"AAAAAG/a/ig=") -> #VALUE! | AP3: =AND(Duty!B28,"AAAAAG/a/ik=") -> #VALUE! | AQ3: =AND(Duty!C28,"AAAAAG/a/io=") -> #VALUE! | AR3: =AND(Duty!D28,"AAAAAG/a/is=") -> #VALUE! | AS3: =AND(Duty!#REF!,"AAAAAG/a/iw=") -> #REF! | AT3: =AND(Duty!G28,"AAAAAG/a/i0=") -> #VALUE! | AU3: =AND(Duty!H28,"AAAAAG/a/i4=") -> #VALUE! | AV3: =AND(Duty!I28,"AAAAAG/a/i8=") -> #VALUE! | AW3: =AND(Duty!J28,"AAAAAG/a/jA=") -> #VALUE! | AX3: =AND(Duty!K28,"AAAAAG/a/jE=") -> #VALUE! | AY3: =AND(Duty!L28,"AAAAAG/a/jI=") -> #VALUE! | AZ3: =AND(Duty!M28,"AAAAAG/a/jM=") -> #VALUE! | BA3: =AND(Duty!#REF!,"AAAAAG/a/jQ=") -> #REF! | BB3: =AND(Duty!N28,"AAAAAG/a/jU=") -> #VALUE! | BC3: =AND(Duty!#REF!,"AAAAAG/a/jY=") -> #REF! | BD3: =AND(Duty!#REF!,"AAAAAG/a/jc=") -> #REF! | BE3: =AND(Duty!#REF!,"AAAAAG/a/jg=") -> #REF! | BF3: =AND(Duty!O28,"AAAAAG/a/jk=") -> #VALUE! | BG3: 0 | BH3: =AND(Duty!A29,"AAAAAG/a/js=") -> #VALUE! | BI3: =AND(Duty!B29,"AAAAAG/a/jw=") -> #VALUE! | BJ3: =AND(Duty!C29,"AAAAAG/a/j0=") -> #VALUE! | BK3: =AND(Duty!D29,"AAAAAG/a/j4=") -> #VALUE! | BL3: =AND(Duty!#REF!,"AAAAAG/a/j8=") -> #REF! | BM3: =AND(Duty!G29,"AAAAAG/a/kA=") -> #VALUE! | BN3: =AND(Duty!H29,"AAAAAG/a/kE=") -> #VALUE! | BO3: =AND(Duty!I29,"AAAAAG/a/kI=") -> #VALUE! | BP3: =AND(Duty!J29,"AAAAAG/a/kM=") -> #VALUE! | BQ3: =AND(Duty!K29,"AAAAAG/a/kQ=") -> #VALUE! | BR3: =AND(Duty!L29,"AAAAAG/a/kU=") -> #VALUE! | BS3: =AND(Duty!M29,"AAAAAG/a/kY=") -> #VALUE! | BT3: =AND(Duty!#REF!,"AAAAAG/a/kc=") -> #REF! | BU3: =AND(Duty!N29,"AAAAAG/a/kg=") -> #VALUE! | BV3: =AND(Duty!#REF!,"AAAAAG/a/kk=") -> #REF! | BW3: =AND(Duty!#REF!,"AAAAAG/a/ko=") -> #REF! | BX3: =AND(Duty!#REF!,"AAAAAG/a/ks=") -> #REF! | BY3: =AND(Duty!O29,"AAAAAG/a/kw=") -> #VALUE! | BZ3: 0 | CA3: =AND(Duty!A30,"AAAAAG/a/k4=") -> #VALUE! | CB3: =AND(Duty!B30,"AAAAAG/a/k8=") -> #VALUE! | CC3: =AND(Duty!C30,"AAAAAG/a/lA=") -> #VALUE! | CD3: =AND(Duty!D30,"AAAAAG/a/lE=") -> #VALUE! | CE3: =AND(Duty!#REF!,"AAAAAG/a/lI=") -> #REF! | CF3: =AND(Duty!G30,"AAAAAG/a/lM=") -> #VALUE! | CG3: =AND(Duty!H30,"AAAAAG/a/lQ=") -> #VALUE! | CH3: =AND(Duty!I30,"AAAAAG/a/lU=") -> #VALUE! | CI3: =AND(Duty!J30,"AAAAAG/a/lY=") -> #VALUE! | CJ3: =AND(Duty!K30,"AAAAAG/a/lc=") -> #VALUE! | CK3: =AND(Duty!L30,"AAAAAG/a/lg=") -> #VALUE! | CL3: =AND(Duty!M30,"AAAAAG/a/lk=") -> #VALUE! | CM3: =AND(Duty!#REF!,"AAAAAG/a/lo=") -> #REF! | CN3: =AND(Duty!N30,"AAAAAG/a/ls=") -> #VALUE! | CO3: =AND(Duty!#REF!,"AAAAAG/a/lw=") -> #REF! | CP3: =AND(Duty!#REF!,"AAAAAG/a/l0=") -> #REF! | CQ3: =AND(Duty!#REF!,"AAAAAG/a/l4=") -> #REF! | CR3: =AND(Duty!O30,"AAAAAG/a/l8=") -> #VALUE! | CS3: 0 | CT3: =AND(Duty!A33,"AAAAAG/a/mE=") -> #VALUE! | CU3: =AND(Duty!B33,"AAAAAG/a/mI=") -> #VALUE! | CV3: =AND(Duty!C33,"AAAAAG/a/mM=") -> #VALUE! | CW3: =AND(Duty!D33,"AAAAAG/a/mQ=") -> #VALUE! | CX3: =AND(Duty!#REF!,"AAAAAG/a/mU=") -> #REF! | CY3: =AND(Duty!G33,"AAAAAG/a/mY=") -> #VALUE! | CZ3: =AND(Duty!H33,"AAAAAG/a/mc=") -> #VALUE! | DA3: =AND(Duty!I33,"AAAAAG/a/mg=") -> #VALUE! | DB3: =AND(Duty!J33,"AAAAAG/a/mk=") -> #VALUE! | DC3: =AND(Duty!K33,"AAAAAG/a/mo=") -> #VALUE! | DD3: =AND(Duty!L33,"AAAAAG/a/ms=") -> #VALUE! | DE3: =AND(Duty!M33,"AAAAAG/a/mw=") -> #VALUE! | DF3: =AND(Duty!#REF!,"AAAAAG/a/m0=") -> #REF! | DG3: =AND(Duty!N33,"AAAAAG/a/m4=") -> #VALUE! | DH3: =AND(Duty!#REF!,"AAAAAG/a/m8=") -> #REF! | DI3: =AND(Duty!#REF!,"AAAAAG/a/nA=") -> #REF! | DJ3: =AND(Duty!#REF!,"AAAAAG/a/nE=") -> #REF! | DK3: =AND(Duty!O33,"AAAAAG/a/nI=") -> #VALUE! | DL3: =IF(Duty!#REF!,"AAAAAG/a/nM=",0) -> #REF! | DM3: =AND(Duty!#REF!,"AAAAAG/a/nQ=") -> #REF! | DN3: =AND(Duty!#REF!,"AAAAAG/a/nU=") -> #REF! | DO3: =AND(Duty!#REF!,"AAAAAG/a/nY=") -> #REF! | DP3: =AND(Duty!#REF!,"AAAAAG/a/nc=") -> #REF! | DQ3: =AND(Duty!#REF!,"AAAAAG/a/ng=") -> #REF! | DR3: =AND(Duty!#REF!,"AAAAAG/a/nk=") -> #REF! | DS3: =AND(Duty!#REF!,"AAAAAG/a/no=") -> #REF! | DT3: =AND(Duty!#REF!,"AAAAAG/a/ns=") -> #REF! | DU3: =AND(Duty!#REF!,"AAAAAG/a/nw=") -> #REF! | DV3: =AND(Duty!#REF!,"AAAAAG/a/n0=") -> #REF! | DW3: =AND(Duty!#REF!,"AAAAAG/a/n4=") -> #REF! | DX3: =AND(Duty!#REF!,"AAAAAG/a/n8=") -> #REF! | DY3: =AND(Duty!#REF!,"AAAAAG/a/oA=") -> #REF! | DZ3: =AND(Duty!#REF!,"AAAAAG/a/oE=") -> #REF! | EA3: =AND(Duty!#REF!,"AAAAAG/a/oI=") -> #REF! | EB3: =AND(Duty!#REF!,"AAAAAG/a/oM=") -> #REF! | EC3: =AND(Duty!#REF!,"AAAAAG/a/oQ=") -> #REF! | ED3: =AND(Duty!#REF!,"AAAAAG/a/oU=") -> #REF! | EE3: 0 | EF3: =AND(Duty!A34,"AAAAAG/a/oc=") -> #VALUE! | EG3: =AND(Duty!B34,"AAAAAG/a/og=") -> #VALUE! | EH3: =AND(Duty!C34,"AAAAAG/a/ok=") -> #VALUE! | EI3: =AND(Duty!D34,"AAAAAG/a/oo=") -> #VALUE! | EJ3: =AND(Duty!#REF!,"AAAAAG/a/os=") -> #REF! | EK3: =AND(Duty!G34,"AAAAAG/a/ow=") -> #VALUE! | EL3: =AND(Duty!H34,"AAAAAG/a/o0=") -> #VALUE! | EM3: =AND(Duty!I34,"AAAAAG/a/o4=") -> #VALUE! | EN3: =AND(Duty!J34,"AAAAAG/a/o8=") -> #VALUE! | EO3: =AND(Duty!K34,"AAAAAG/a/pA=") -> #VALUE! | EP3: =AND(Duty!L34,"AAAAAG/a/pE=") -> #VALUE! | EQ3: =AND(Duty!M34,"AAAAAG/a/pI=") -> #VALUE! | ER3: =AND(Duty!#REF!,"AAAAAG/a/pM=") -> #REF! | ES3: =AND(Duty!N34,"AAAAAG/a/pQ=") -> #VALUE! | ET3: =AND(Duty!#REF!,"AAAAAG/a/pU=") -> #REF! | EU3: =AND(Duty!#REF!,"AAAAAG/a/pY=") -> #REF! | EV3: =AND(Duty!#REF!,"AAAAAG/a/pc=") -> #REF! | EW3: =AND(Duty!O34,"AAAAAG/a/pg=") -> #VALUE! | EX3: 0 | EY3: =AND(Duty!A35,"AAAAAG/a/po=") -> #VALUE! | EZ3: =AND(Duty!B35,"AAAAAG/a/ps=") -> #VALUE! | FA3: =AND(Duty!C35,"AAAAAG/a/pw=") -> #VALUE! | FB3: =AND(Duty!D35,"AAAAAG/a/p0=") -> #VALUE! | FC3: =AND(Duty!#REF!,"AAAAAG/a/p4=") -> #REF! | FD3: =AND(Duty!G35,"AAAAAG/a/p8=") -> #VALUE! | FE3: =AND(Duty!H35,"AAAAAG/a/qA=") -> #VALUE! | FF3: =AND(Duty!I35,"AAAAAG/a/qE=") -> #VALUE! | FG3: =AND(Duty!J35,"AAAAAG/a/qI=") -> #VALUE! | FH3: =AND(Duty!K35,"AAAAAG/a/qM=") -> #VALUE! | FI3: =AND(Duty!L35,"AAAAAG/a/qQ=") -> #VALUE! | FJ3: =AND(Duty!M35,"AAAAAG/a/qU=") -> #VALUE! | FK3: =AND(Duty!#REF!,"AAAAAG/a/qY=") -> #REF! | FL3: =AND(Duty!N35,"AAAAAG/a/qc=") -> #VALUE! | FM3: =AND(Duty!#REF!,"AAAAAG/a/qg=") -> #REF! | FN3: =AND(Duty!#REF!,"AAAAAG/a/qk=") -> #REF! | FO3: =AND(Duty!#REF!,"AAAAAG/a/qo=") -> #REF! | FP3: =AND(Duty!O35,"AAAAAG/a/qs=") -> #VALUE! | FQ3: =IF(Duty!#REF!,"AAAAAG/a/qw=",0) -> #REF! | FR3: =AND(Duty!#REF!,"AAAAAG/a/q0=") -> #REF! | FS3: =AND(Duty!#REF!,"AAAAAG/a/q4=") -> #REF! | FT3: =AND(Duty!#REF!,"AAAAAG/a/q8=") -> #REF! | FU3: =AND(Duty!#REF!,"AAAAAG/a/rA=") -> #REF! | FV3: =AND(Duty!#REF!,"AAAAAG/a/rE=") -> #REF! | FW3: =AND(Duty!#REF!,"AAAAAG/a/rI=") -> #REF! | FX3: =AND(Duty!#REF!,"AAAAAG/a/rM=") -> #REF! | FY3: =AND(Duty!#REF!,"AAAAAG/a/rQ=") -> #REF! | FZ3: =AND(Duty!#REF!,"AAAAAG/a/rU=") -> #REF! | GA3: =AND(Duty!#REF!,"AAAAAG/a/rY=") -> #REF! | GB3: =AND(Duty!#REF!,"AAAAAG/a/rc=") -> #REF! | GC3: =AND(Duty!#REF!,"AAAAAG/a/rg=") -> #REF! | GD3: =AND(Duty!#REF!,"AAAAAG/a/rk=") -> #REF! | GE3: =AND(Duty!#REF!,"AAAAAG/a/ro=") -> #REF! | GF3: =AND(Duty!#REF!,"AAAAAG/a/rs=") -> #REF! | GG3: =AND(Duty!#REF!,"AAAAAG/a/rw=") -> #REF! | GH3: =AND(Duty!#REF!,"AAAAAG/a/r0=") -> #REF! | GI3: =AND(Duty!#REF!,"AAAAAG/a/r4=") -> #REF! | GJ3: 0 | GK3: =AND(Duty!A37,"AAAAAG/a/sA=") -> #VALUE! | GL3: =AND(Duty!B37,"AAAAAG/a/sE=") -> #VALUE! | GM3: =AND(Duty!C37,"AAAAAG/a/sI=") -> #VALUE! | GN3: =AND(Duty!D36,"AAAAAG/a/sM=") -> #VALUE! | GO3: =AND(Duty!#REF!,"AAAAAG/a/sQ=") -> #REF! | GP3: =AND(Duty!G37,"AAAAAG/a/sU=") -> #VALUE! | GQ3: =AND(Duty!H37,"AAAAAG/a/sY=") -> #VALUE! | GR3: =AND(Duty!I37,"AAAAAG/a/sc=") -> #VALUE! | GS3: =AND(Duty!J37,"AAAAAG/a/sg=") -> #VALUE! | GT3: =AND(Duty!K37,"AAAAAG/a/sk=") -> #VALUE! | GU3: =AND(Duty!L37,"AAAAAG/a/so=") -> #VALUE! | GV3: =AND(Duty!M37,"AAAAAG/a/ss=") -> #VALUE! | GW3: =AND(Duty!#REF!,"AAAAAG/a/sw=") -> #REF! | GX3: =AND(Duty!N37,"AAAAAG/a/s0=") -> #VALUE! | GY3: =AND(Duty!#REF!,"AAAAAG/a/s4=") -> #REF! | GZ3: =AND(Duty!#REF!,"AAAAAG/a/s8=") -> #REF! | HA3: =AND(Duty!#REF!,"AAAAAG/a/tA=") -> #REF! | HB3: =AND(Duty!O37,"AAAAAG/a/tE=") -> #VALUE! | HC3: 0 | HD3: =AND(Duty!A38,"AAAAAG/a/tM=") -> #VALUE! | HE3: =AND(Duty!B38,"AAAAAG/a/tQ=") -> #VALUE! | HF3: =AND(Duty!C38,"AAAAAG/a/tU=") -> #VALUE! | HG3: =AND(Duty!#REF!,"AAAAAG/a/tY=") -> #REF! | HH3: =AND(Duty!#REF!,"AAAAAG/a/tc=") -> #REF! | HI3: =AND(Duty!G38,"AAAAAG/a/tg=") -> #VALUE! | HJ3: =AND(Duty!H38,"AAAAAG/a/tk=") -> #VALUE! | HK3: =AND(Duty!I38,"AAAAAG/a/to=") -> #VALUE! | HL3: =AND(Duty!J38,"AAAAAG/a/ts=") -> #VALUE! | HM3: =AND(Duty!K38,"AAAAAG/a/tw=") -> #VALUE! | HN3: =AND(Duty!L38,"AAAAAG/a/t0=") -> #VALUE! | HO3: =AND(Duty!M38,"AAAAAG/a/t4=") -> #VALUE! | HP3: =AND(Duty!#REF!,"AAAAAG/a/t8=") -> #REF! | HQ3: =AND(Duty!N38,"AAAAAG/a/uA=") -> #VALUE! | HR3: =AND(Duty!#REF!,"AAAAAG/a/uE=") -> #REF! | HS3: =AND(Duty!#REF!,"AAAAAG/a/uI=") -> #REF! | HT3: =AND(Duty!#REF!,"AAAAAG/a/uM=") -> #REF! | HU3: =AND(Duty!O38,"AAAAAG/a/uQ=") -> #VALUE! | HV3: 0 | HW3: =AND(Duty!A39,"AAAAAG/a/uY=") -> #VALUE! | HX3: =AND(Duty!B39,"AAAAAG/a/uc=") -> #VALUE! | HY3: =AND(Duty!C39,"AAAAAG/a/ug=") -> #VALUE! | HZ3: =AND(Duty!#REF!,"AAAAAG/a/uk=") -> #REF! | IA3: =AND(Duty!#REF!,"AAAAAG/a/uo=") -> #REF! | IB3: =AND(Duty!G39,"AAAAAG/a/us=") -> #VALUE! | IC3: =AND(Duty!H39,"AAAAAG/a/uw=") -> #VALUE! | ID3: =AND(Duty!I39,"AAAAAG/a/u0=") -> #VALUE! | IE3: =AND(Duty!J39,"AAAAAG/a/u4=") -> #VALUE! | IF3: =AND(Duty!K39,"AAAAAG/a/u8=") -> #VALUE! | IG3: =AND(Duty!L39,"AAAAAG/a/vA=") -> #VALUE! | IH3: =AND(Duty!M39,"AAAAAG/a/vE=") -> #VALUE! | II3: =AND(Duty!#REF!,"AAAAAG/a/vI=") -> #REF! | IJ3: =AND(Duty!N39,"AAAAAG/a/vM=") -> #VALUE! | IK3: =AND(Duty!#REF!,"AAAAAG/a/vQ=") -> #REF! | IL3: =AND(Duty!#REF!,"AAAAAG/a/vU=") -> #REF! | IM3: =AND(Duty!#REF!,"AAAAAG/a/vY=") -> #REF! | IN3: =AND(Duty!O39,"AAAAAG/a/vc=") -> #VALUE! | IO3: 0 | IP3: =AND(Duty!A40,"AAAAAG/a/vk=") -> #VALUE! | IQ3: =AND(Duty!B40,"AAAAAG/a/vo=") -> #VALUE! | IR3: =AND(Duty!C40,"AAAAAG/a/vs=") -> #VALUE! | IS3: =AND(Duty!#REF!,"AAAAAG/a/vw=") -> #REF! | IT3: =AND(Duty!#REF!,"AAAAAG/a/v0=") -> #REF! | IU3: =AND(Duty!G40,"AAAAAG/a/v4=") -> #VALUE! | IV3: =AND(Duty!H40,"AAAAAG/a/v8=") -> #VALUE!
A4: =AND(Duty!I40,"AAAAAC35nwA=") -> #VALUE! | B4: =AND(Duty!J40,"AAAAAC35nwE=") -> #VALUE! | C4: =AND(Duty!K40,"AAAAAC35nwI=") -> #VALUE! | D4: =AND(Duty!L40,"AAAAAC35nwM=") -> #VALUE! | E4: =AND(Duty!M40,"AAAAAC35nwQ=") -> #VALUE! | F4: =AND(Duty!#REF!,"AAAAAC35nwU=") -> #REF! | G4: =AND(Duty!N40,"AAAAAC35nwY=") -> #VALUE! | H4: =AND(Duty!#REF!,"AAAAAC35nwc=") -> #REF! | I4: =AND(Duty!#REF!,"AAAAAC35nwg=") -> #REF! | J4: =AND(Duty!#REF!,"AAAAAC35nwk=") -> #REF! | K4: =AND(Duty!O40,"AAAAAC35nwo=") -> #VALUE! | L4: 0 | M4: =AND(Duty!A41,"AAAAAC35nww=") -> #VALUE! | N4: =AND(Duty!B41,"AAAAAC35nw0=") -> #VALUE! | O4: =AND(Duty!C41,"AAAAAC35nw4=") -> #VALUE! | P4: =AND(Duty!#REF!,"AAAAAC35nw8=") -> #REF! | Q4: =AND(Duty!#REF!,"AAAAAC35nxA=") -> #REF! | R4: =AND(Duty!G41,"AAAAAC35nxE=") -> #VALUE! | S4: =AND(Duty!H41,"AAAAAC35nxI=") -> #VALUE! | T4: =AND(Duty!I41,"AAAAAC35nxM=") -> #VALUE! | U4: =AND(Duty!J41,"AAAAAC35nxQ=") -> #VALUE! | V4: =AND(Duty!K41,"AAAAAC35nxU=") -> #VALUE! | W4: =AND(Duty!L41,"AAAAAC35nxY=") -> #VALUE! | X4: =AND(Duty!M41,"AAAAAC35nxc=") -> #VALUE! | Y4: =AND(Duty!#REF!,"AAAAAC35nxg=") -> #REF! | Z4: =AND(Duty!N41,"AAAAAC35nxk=") -> #VALUE! | AA4: =AND(Duty!#REF!,"AAAAAC35nxo=") -> #REF! | AB4: =AND(Duty!#REF!,"AAAAAC35nxs=") -> #REF! | AC4: =AND(Duty!#REF!,"AAAAAC35nxw=") -> #REF! | AD4: =AND(Duty!O41,"AAAAAC35nx0=") -> #VALUE! | AE4: 0 | AF4: =AND(Duty!A42,"AAAAAC35nx8=") -> #VALUE! | AG4: =AND(Duty!B42,"AAAAAC35nyA=") -> #VALUE! | AH4: =AND(Duty!C42,"AAAAAC35nyE=") -> #VALUE! | AI4: =AND(Duty!#REF!,"AAAAAC35nyI=") -> #REF! | AJ4: =AND(Duty!#REF!,"AAAAAC35nyM=") -> #REF! | AK4: =AND(Duty!G42,"AAAAAC35nyQ=") -> #VALUE! | AL4: =AND(Duty!H42,"AAAAAC35nyU=") -> #VALUE! | AM4: =AND(Duty!I42,"AAAAAC35nyY=") -> #VALUE! | AN4: =AND(Duty!J42,"AAAAAC35nyc=") -> #VALUE! | AO4: =AND(Duty!K42,"AAAAAC35nyg=") -> #VALUE! | AP4: =AND(Duty!L42,"AAAAAC35nyk=") -> #VALUE! | AQ4: =AND(Duty!M42,"AAAAAC35nyo=") -> #VALUE! | AR4: =AND(Duty!#REF!,"AAAAAC35nys=") -> #REF! | AS4: =AND(Duty!N42,"AAAAAC35nyw=") -> #VALUE! | AT4: =AND(Duty!#REF!,"AAAAAC35ny0=") -> #REF! | AU4: =AND(Duty!#REF!,"AAAAAC35ny4=") -> #REF! | AV4: =AND(Duty!#REF!,"AAAAAC35ny8=") -> #REF! | AW4: =AND(Duty!O42,"AAAAAC35nzA=") -> #VALUE! | AX4: 0 | AY4: =AND(Duty!A36,"AAAAAC35nzI=") -> #VALUE! | AZ4: =AND(Duty!B36,"AAAAAC35nzM=") -> #VALUE! | BA4: =AND(Duty!C36,"AAAAAC35nzQ=") -> #VALUE! | BB4: =AND(Duty!#REF!,"AAAAAC35nzU=") -> #REF! | BC4: =AND(Duty!#REF!,"AAAAAC35nzY=") -> #REF! | BD4: =AND(Duty!G36,"AAAAAC35nzc=") -> #VALUE! | BE4: =AND(Duty!H36,"AAAAAC35nzg=") -> #VALUE! | BF4: =AND(Duty!I36,"AAAAAC35nzk=") -> #VALUE! | BG4: =AND(Duty!J36,"AAAAAC35nzo=") -> #VALUE! | BH4: =AND(Duty!K36,"AAAAAC35nzs=") -> #VALUE! | BI4: =AND(Duty!L36,"AAAAAC35nzw=") -> #VALUE! | BJ4: =AND(Duty!M36,"AAAAAC35nz0=") -> #VALUE! | BK4: =AND(Duty!#REF!,"AAAAAC35nz4=") -> #REF! | BL4: =AND(Duty!N36,"AAAAAC35nz8=") -> #VALUE! | BM4: =AND(Duty!#REF!,"AAAAAC35n0A=") -> #REF! | BN4: =AND(Duty!#REF!,"AAAAAC35n0E=") -> #REF! | BO4: =AND(Duty!#REF!,"AAAAAC35n0I=") -> #REF! | BP4: =AND(Duty!O36,"AAAAAC35n0M=") -> #VALUE! | BQ4: =IF(Duty!#REF!,"AAAAAC35n0Q=",0) -> #REF! | BR4: AAAAAC35n0U= | BS4: #VALUE!:notNumber | BT4: #VALUE!:notNumber | BU4: #VALUE!:notNumber | BV4: =IF(Duty!#REF!,"AAAAAC35n0k=",0) -> #REF! | BW4: #VALUE!:notNumber | BX4: #VALUE!:notNumber | BY4: 0 | BZ4: 0 | CA4: 0 | CB4: 0 | CC4: 0 | CD4: 0 | CE4: 0 | CF4: 0 | CG4: 0 | CH4: =IF(Duty!#REF!,"AAAAAC35n1U=",0) -> #REF! | CI4: 0 | CJ4: 0 | CK4: =AND('RC expenses'!A1,"AAAAAC35n1g=") -> #VALUE! | CL4: AAAAAC35n1k= | CM4: AAAAAC35n1o=
A5: #VALUE!:notNumber | B5: =AND(ROARS!A1,"AAAAAHT/fQE=") -> #VALUE! | C5: =AND(ROARS!B1,"AAAAAHT/fQI=") -> #VALUE! | D5: =AND(ROARS!C1,"AAAAAHT/fQM=") -> #VALUE! | E5: =AND(ROARS!D1,"AAAAAHT/fQQ=") -> #VALUE! | F5: =AND(ROARS!E1,"AAAAAHT/fQU=") -> #VALUE! | G5: =AND(ROARS!F1,"AAAAAHT/fQY=") -> #VALUE! | H5: =AND(ROARS!G1,"AAAAAHT/fQc=") -> #VALUE! | I5: =AND(ROARS!H1,"AAAAAHT/fQg=") -> #VALUE! | J5: =AND(ROARS!#REF!,"AAAAAHT/fQk=") -> #REF! | K5: =AND(ROARS!#REF!,"AAAAAHT/fQo=") -> #REF! | L5: =AND(ROARS!#REF!,"AAAAAHT/fQs=") -> #REF! | M5: =AND(ROARS!#REF!,"AAAAAHT/fQw=") -> #REF! | N5: =AND(ROARS!K1,"AAAAAHT/fQ0=") -> #VALUE! | O5: =AND(ROARS!L1,"AAAAAHT/fQ4=") -> #VALUE! | P5: =AND(ROARS!M1,"AAAAAHT/fQ8=") -> #VALUE! | Q5: =AND(ROARS!N1,"AAAAAHT/fRA=") -> #VALUE! | R5: =AND(ROARS!O1,"AAAAAHT/fRE=") -> #VALUE! | S5: =AND(ROARS!P1,"AAAAAHT/fRI=") -> #VALUE! | T5: =AND(ROARS!Q1,"AAAAAHT/fRM=") -> #VALUE! | U5: =AND(ROARS!R1,"AAAAAHT/fRQ=") -> #VALUE! | V5: 0 | W5: =AND(ROARS!A2,"AAAAAHT/fRY=") -> #VALUE! | X5: =AND(ROARS!B2,"AAAAAHT/fRc=") -> #VALUE! | Y5: =AND(ROARS!C2,"AAAAAHT/fRg=") -> #VALUE! | Z5: =AND(ROARS!D2,"AAAAAHT/fRk=") -> #VALUE! | AA5: =AND(ROARS!E2,"AAAAAHT/fRo=") -> #VALUE! | AB5: =AND(ROARS!F2,"AAAAAHT/fRs=") -> #VALUE! | AC5: 0 | AD5: =AND(ROARS!A3,"AAAAAHT/fR0=") -> #VALUE! | AE5: =AND(ROARS!B3,"AAAAAHT/fR4=") -> #VALUE! | AF5: =AND(ROARS!C3,"AAAAAHT/fR8=") -> #VALUE! | AG5: =AND(ROARS!D3,"AAAAAHT/fSA=") -> #VALUE! | AH5: =AND(ROARS!E3,"AAAAAHT/fSE=") -> #VALUE! | AI5: =AND(ROARS!F3,"AAAAAHT/fSI=") -> #VALUE! | AJ5: 0 | AK5: =AND(ROARS!A4,"AAAAAHT/fSQ=") -> #VALUE! | AL5: =AND(ROARS!B4,"AAAAAHT/fSU=") -> #VALUE! | AM5: =AND(ROARS!C4,"AAAAAHT/fSY=") -> #VALUE! | AN5: =AND(ROARS!D4,"AAAAAHT/fSc=") -> #VALUE! | AO5: =AND(ROARS!E4,"AAAAAHT/fSg=") -> #VALUE! | AP5: =AND(ROARS!F4,"AAAAAHT/fSk=") -> #VALUE! | AQ5: 0 | AR5: =AND(ROARS!A5,"AAAAAHT/fSs=") -> #VALUE! | AS5: =AND(ROARS!B5,"AAAAAHT/fSw=") -> #VALUE! | AT5: =AND(ROARS!C5,"AAAAAHT/fS0=") -> #VALUE! | AU5: =AND(ROARS!D5,"AAAAAHT/fS4=") -> #VALUE! | AV5: =AND(ROARS!E5,"AAAAAHT/fS8=") -> #VALUE! | AW5: =AND(ROARS!F5,"AAAAAHT/fTA=") -> #VALUE! | AX5: 0 | AY5: =AND(ROARS!A6,"AAAAAHT/fTI=") -> #VALUE! | AZ5: =AND(ROARS!B6,"AAAAAHT/fTM=") -> #VALUE! | BA5: =AND(ROARS!C6,"AAAAAHT/fTQ=") -> #VALUE! | BB5: =AND(ROARS!D6,"AAAAAHT/fTU=") -> #VALUE! | BC5: =AND(ROARS!E6,"AAAAAHT/fTY=") -> #VALUE! | BD5: =AND(ROARS!F6,"AAAAAHT/fTc=") -> #VALUE! | BE5: 0 | BF5: =AND(ROARS!A7,"AAAAAHT/fTk=") -> #VALUE! | BG5: =AND(ROARS!B7,"AAAAAHT/fTo=") -> #VALUE! | BH5: =AND(ROARS!C7,"AAAAAHT/fTs=") -> #VALUE! | BI5: =AND(ROARS!D7,"AAAAAHT/fTw=") -> #VALUE! | BJ5: =AND(ROARS!E7,"AAAAAHT/fT0=") -> #VALUE! | BK5: =AND(ROARS!F7,"AAAAAHT/fT4=") -> #VALUE! | BL5: 0 | BM5: =AND(ROARS!A8,"AAAAAHT/fUA=") -> #VALUE! | BN5: =AND(ROARS!B8,"AAAAAHT/fUE=") -> #VALUE! | BO5: =AND(ROARS!C8,"AAAAAHT/fUI=") -> #VALUE! | BP5: =AND(ROARS!D8,"AAAAAHT/fUM=") -> #VALUE! | BQ5: =AND(ROARS!E8,"AAAAAHT/fUQ=") -> #VALUE! | BR5: =AND(ROARS!F8,"AAAAAHT/fUU=") -> #VALUE! | BS5: 0 | BT5: =AND(ROARS!A9,"AAAAAHT/fUc=") -> #VALUE! | BU5: =AND(ROARS!B9,"AAAAAHT/fUg=") -> #VALUE! | BV5: =AND(ROARS!C9,"AAAAAHT/fUk=") -> #VALUE! | BW5: =AND(ROARS!D9,"AAAAAHT/fUo=") -> #VALUE! | BX5: =AND(ROARS!E9,"AAAAAHT/fUs=") -> #VALUE! | BY5: =AND(ROARS!F9,"AAAAAHT/fUw=") -> #VALUE! | BZ5: #VALUE!:notNumber | CA5: #VALUE!:notNumber | CB5: #VALUE!:notNumber | CC5: AAAAAHT/fVA= | CD5: #VALUE!:notNumber | CE5: AAAAAHT/fVI= | CF5: 0 | CG5: 0 | CH5: #VALUE!:notNumber | CI5: #VALUE!:notNumber | CJ5: 0 | CK5: 0 | CL5: 0 | CM5: 0 | CN5: 0 | CO5: 0 | CP5: 0 | CQ5: 0 | CR5: 0 | CS5: 0 | CT5: =AND('RC expenses'!B1,"AAAAAHT/fWE=") -> #VALUE! | CU5: =AND('RC expenses'!C1,"AAAAAHT/fWI=") -> #VALUE! | CV5: =AND('RC expenses'!D1,"AAAAAHT/fWM=") -> #VALUE! | CW5: =AND('RC expenses'!E1,"AAAAAHT/fWQ=") -> #VALUE! | CX5: =AND('RC expenses'!F1,"AAAAAHT/fWU=") -> #VALUE! | CY5: =AND('RC expenses'!G1,"AAAAAHT/fWY=") -> #VALUE! | CZ5: =AND('RC expenses'!H1,"AAAAAHT/fWc=") -> #VALUE! | DA5: 0 | DB5: =AND('RC expenses'!A2,"AAAAAHT/fWk=") -> #VALUE! | DC5: =AND('RC expenses'!B2,"AAAAAHT/fWo=") -> #VALUE! | DD5: =AND('RC expenses'!C2,"AAAAAHT/fWs=") -> #VALUE! | DE5: =AND('RC expenses'!D2,"AAAAAHT/fWw=") -> #VALUE! | DF5: =AND('RC expenses'!E2,"AAAAAHT/fW0=") -> #VALUE! | DG5: =AND('RC expenses'!F2,"AAAAAHT/fW4=") -> #VALUE! | DH5: =AND('RC expenses'!G2,"AAAAAHT/fW8=") -> #VALUE! | DI5: =AND('RC expenses'!H2,"AAAAAHT/fXA=") -> #VALUE! | DJ5: 0 | DK5: =AND('RC expenses'!A3,"AAAAAHT/fXI=") -> #VALUE! | DL5: =AND('RC expenses'!B3,"AAAAAHT/fXM=") -> #VALUE! | DM5: =AND('RC expenses'!C3,"AAAAAHT/fXQ=") -> #VALUE! | DN5: =AND('RC expenses'!D3,"AAAAAHT/fXU=") -> #VALUE! | DO5: =AND('RC expenses'!E3,"AAAAAHT/fXY=") -> #VALUE! | DP5: =AND('RC expenses'!F3,"AAAAAHT/fXc=") -> #VALUE! | DQ5: =AND('RC expenses'!G3,"AAAAAHT/fXg=") -> #VALUE! | DR5: =AND('RC expenses'!H3,"AAAAAHT/fXk=") -> #VALUE! | DS5: 0 | DT5: =AND('RC expenses'!A4,"AAAAAHT/fXs=") -> #VALUE! | DU5: =AND('RC expenses'!B4,"AAAAAHT/fXw=") -> #VALUE! | DV5: =AND('RC expenses'!C4,"AAAAAHT/fX0=") -> #VALUE! | DW5: =AND('RC expenses'!D4,"AAAAAHT/fX4=") -> #VALUE! | DX5: =AND('RC expenses'!E4,"AAAAAHT/fX8=") -> #VALUE! | DY5: =AND('RC expenses'!F4,"AAAAAHT/fYA=") -> #VALUE! | DZ5: =AND('RC expenses'!G4,"AAAAAHT/fYE=") -> #VALUE! | EA5: =AND('RC expenses'!H4,"AAAAAHT/fYI=") -> #VALUE! | EB5: 0 | EC5: =AND('RC expenses'!A5,"AAAAAHT/fYQ=") -> #VALUE! | ED5: =AND('RC expenses'!B5,"AAAAAHT/fYU=") -> #VALUE! | EE5: =AND('RC expenses'!C5,"AAAAAHT/fYY=") -> #VALUE! | EF5: =AND('RC expenses'!D5,"AAAAAHT/fYc=") -> #VALUE! | EG5: =AND('RC expenses'!E5,"AAAAAHT/fYg=") -> #VALUE! | EH5: =AND('RC expenses'!F5,"AAAAAHT/fYk=") -> #VALUE! | EI5: =AND('RC expenses'!G5,"AAAAAHT/fYo=") -> #VALUE! | EJ5: =AND('RC expenses'!H5,"AAAAAHT/fYs=") -> #VALUE! | EK5: 0 | EL5: =AND('RC expenses'!A6,"AAAAAHT/fY0=") -> #VALUE! | EM5: =AND('RC expenses'!B6,"AAAAAHT/fY4=") -> #VALUE! | EN5: =AND('RC expenses'!C6,"AAAAAHT/fY8=") -> #VALUE! | EO5: =AND('RC expenses'!D6,"AAAAAHT/fZA=") -> #VALUE! | EP5: =AND('RC expenses'!E6,"AAAAAHT/fZE=") -> #VALUE! | EQ5: =AND('RC expenses'!F6,"AAAAAHT/fZI=") -> #VALUE! | ER5: =AND('RC expenses'!G6,"AAAAAHT/fZM=") -> #VALUE! | ES5: =AND('RC expenses'!H6,"AAAAAHT/fZQ=") -> #VALUE! | ET5: 0 | EU5: =AND('RC expenses'!A7,"AAAAAHT/fZY=") -> #VALUE! | EV5: =AND('RC expenses'!B7,"AAAAAHT/fZc=") -> #VALUE! | EW5: =AND('RC expenses'!C7,"AAAAAHT/fZg=") -> #VALUE! | EX5: =AND('RC expenses'!D7,"AAAAAHT/fZk=") -> #VALUE! | EY5: =AND('RC expenses'!E7,"AAAAAHT/fZo=") -> #VALUE! | EZ5: =AND('RC expenses'!F7,"AAAAAHT/fZs=") -> #VALUE! | FA5: =AND('RC expenses'!G7,"AAAAAHT/fZw=") -> #VALUE! | FB5: =AND('RC expenses'!H7,"AAAAAHT/fZ0=") -> #VALUE! | FC5: 0 | FD5: =AND('RC expenses'!A8,"AAAAAHT/fZ8=") -> #VALUE! | FE5: =AND('RC expenses'!B8,"AAAAAHT/faA=") -> #VALUE! | FF5: =AND('RC expenses'!C8,"AAAAAHT/faE=") -> #VALUE! | FG5: =AND('RC expenses'!D8,"AAAAAHT/faI=") -> #VALUE! | FH5: =AND('RC expenses'!E8,"AAAAAHT/faM=") -> #VALUE! | FI5: =AND('RC expenses'!F8,"AAAAAHT/faQ=") -> #VALUE! | FJ5: =AND('RC expenses'!G8,"AAAAAHT/faU=") -> #VALUE! | FK5: =AND('RC expenses'!H8,"AAAAAHT/faY=") -> #VALUE! | FL5: 0 | FM5: =AND('RC expenses'!A9,"AAAAAHT/fag=") -> #VALUE! | FN5: =AND('RC expenses'!B9,"AAAAAHT/fak=") -> #VALUE! | FO5: =AND('RC expenses'!C9,"AAAAAHT/fao=") -> #VALUE! | FP5: =AND('RC expenses'!D9,"AAAAAHT/fas=") -> #VALUE! | FQ5: =AND('RC expenses'!E9,"AAAAAHT/faw=") -> #VALUE! | FR5: =AND('RC expenses'!F9,"AAAAAHT/fa0=") -> #VALUE! | FS5: =AND('RC expenses'!G9,"AAAAAHT/fa4=") -> #VALUE! | FT5: =AND('RC expenses'!H9,"AAAAAHT/fa8=") -> #VALUE! | FU5: 0 | FV5: =AND('RC expenses'!A10,"AAAAAHT/fbE=") -> #VALUE! | FW5: =AND('RC expenses'!B10,"AAAAAHT/fbI=") -> #VALUE! | FX5: =AND('RC expenses'!C10,"AAAAAHT/fbM=") -> #VALUE! | FY5: =AND('RC expenses'!D10,"AAAAAHT/fbQ=") -> #VALUE! | FZ5: =AND('RC expenses'!E10,"AAAAAHT/fbU=") -> #VALUE! | GA5: =AND('RC expenses'!F10,"AAAAAHT/fbY=") -> #VALUE! | GB5: =AND('RC expenses'!G10,"AAAAAHT/fbc=") -> #VALUE! | GC5: =AND('RC expenses'!H10,"AAAAAHT/fbg=") -> #VALUE! | GD5: 0 | GE5: =AND('RC expenses'!A11,"AAAAAHT/fbo=") -> #VALUE! | GF5: =AND('RC expenses'!B11,"AAAAAHT/fbs=") -> #VALUE! | GG5: =AND('RC expenses'!C11,"AAAAAHT/fbw=") -> #VALUE! | GH5: =AND('RC expenses'!D11,"AAAAAHT/fb0=") -> #VALUE! | GI5: =AND('RC expenses'!E11,"AAAAAHT/fb4=") -> #VALUE! | GJ5: =AND('RC expenses'!F11,"AAAAAHT/fb8=") -> #VALUE! | GK5: =AND('RC expenses'!G11,"AAAAAHT/fcA=") -> #VALUE! | GL5: =AND('RC expenses'!H11,"AAAAAHT/fcE=") -> #VALUE! | GM5: 0 | GN5: =AND('RC expenses'!A12,"AAAAAHT/fcM=") -> #VALUE! | GO5: =AND('RC expenses'!B12,"AAAAAHT/fcQ=") -> #VALUE! | GP5: =AND('RC expenses'!C12,"AAAAAHT/fcU=") -> #VALUE! | GQ5: =AND('RC expenses'!D12,"AAAAAHT/fcY=") -> #VALUE! | GR5: =AND('RC expenses'!E12,"AAAAAHT/fcc=") -> #VALUE! | GS5: =AND('RC expenses'!F12,"AAAAAHT/fcg=") -> #VALUE! | GT5: =AND('RC expenses'!G12,"AAAAAHT/fck=") -> #VALUE! | GU5: =AND('RC expenses'!H12,"AAAAAHT/fco=") -> #VALUE! | GV5: 0 | GW5: =AND('RC expenses'!A13,"AAAAAHT/fcw=") -> #VALUE! | GX5: =AND('RC expenses'!B13,"AAAAAHT/fc0=") -> #VALUE! | GY5: =AND('RC expenses'!C13,"AAAAAHT/fc4=") -> #VALUE! | GZ5: =AND('RC expenses'!D13,"AAAAAHT/fc8=") -> #VALUE! | HA5: =AND('RC expenses'!E13,"AAAAAHT/fdA=") -> #VALUE! | HB5: =AND('RC expenses'!F13,"AAAAAHT/fdE=") -> #VALUE! | HC5: =AND('RC expenses'!G13,"AAAAAHT/fdI=") -> #VALUE! | HD5: =AND('RC expenses'!H13,"AAAAAHT/fdM=") -> #VALUE! | HE5: 0 | HF5: =AND('RC expenses'!A14,"AAAAAHT/fdU=") -> #VALUE! | HG5: =AND('RC expenses'!B14,"AAAAAHT/fdY=") -> #VALUE! | HH5: =AND('RC expenses'!C14,"AAAAAHT/fdc=") -> #VALUE! | HI5: =AND('RC expenses'!D14,"AAAAAHT/fdg=") -> #VALUE! | HJ5: =AND('RC expenses'!E14,"AAAAAHT/fdk=") -> #VALUE! | HK5: =AND('RC expenses'!F14,"AAAAAHT/fdo=") -> #VALUE! | HL5: =AND('RC expenses'!G14,"AAAAAHT/fds=") -> #VALUE! | HM5: =AND('RC expenses'!H14,"AAAAAHT/fdw=") -> #VALUE! | HN5: 0 | HO5: =AND('RC expenses'!A15,"AAAAAHT/fd4=") -> #VALUE! | HP5: =AND('RC expenses'!B15,"AAAAAHT/fd8=") -> #VALUE! | HQ5: =AND('RC expenses'!C15,"AAAAAHT/feA=") -> #VALUE! | HR5: =AND('RC expenses'!D15,"AAAAAHT/feE=") -> #VALUE! | HS5: =AND('RC expenses'!E15,"AAAAAHT/feI=") -> #VALUE! | HT5: =AND('RC expenses'!F15,"AAAAAHT/feM=") -> #VALUE! | HU5: =AND('RC expenses'!G15,"AAAAAHT/feQ=") -> #VALUE! | HV5: =AND('RC expenses'!H15,"AAAAAHT/feU=") -> #VALUE! | HW5: 0 | HX5: =AND('RC expenses'!A16,"AAAAAHT/fec=") -> #VALUE! | HY5: =AND('RC expenses'!B16,"AAAAAHT/feg=") -> #VALUE! | HZ5: =AND('RC expenses'!C16,"AAAAAHT/fek=") -> #VALUE! | IA5: =AND('RC expenses'!D16,"AAAAAHT/feo=") -> #VALUE! | IB5: =AND('RC expenses'!E16,"AAAAAHT/fes=") -> #VALUE! | IC5: =AND('RC expenses'!F16,"AAAAAHT/few=") -> #VALUE! | ID5: =AND('RC expenses'!G16,"AAAAAHT/fe0=") -> #VALUE! | IE5: =AND('RC expenses'!H16,"AAAAAHT/fe4=") -> #VALUE! | IF5: 0 | IG5: =AND('RC expenses'!A17,"AAAAAHT/ffA=") -> #VALUE! | IH5: =AND('RC expenses'!B17,"AAAAAHT/ffE=") -> #VALUE! | II5: =AND('RC expenses'!C17,"AAAAAHT/ffI=") -> #VALUE! | IJ5: =AND('RC expenses'!D17,"AAAAAHT/ffM=") -> #VALUE! | IK5: =AND('RC expenses'!E17,"AAAAAHT/ffQ=") -> #VALUE! | IL5: =AND('RC expenses'!F17,"AAAAAHT/ffU=") -> #VALUE! | IM5: =AND('RC expenses'!G17,"AAAAAHT/ffY=") -> #VALUE! | IN5: =AND('RC expenses'!H17,"AAAAAHT/ffc=") -> #VALUE! | IO5: 0 | IP5: =AND('RC expenses'!A18,"AAAAAHT/ffk=") -> #VALUE! | IQ5: =AND('RC expenses'!B18,"AAAAAHT/ffo=") -> #VALUE! | IR5: =AND('RC expenses'!C18,"AAAAAHT/ffs=") -> #VALUE! | IS5: =AND('RC expenses'!D18,"AAAAAHT/ffw=") -> #VALUE! | IT5: =AND('RC expenses'!E18,"AAAAAHT/ff0=") -> #VALUE! | IU5: =AND('RC expenses'!F18,"AAAAAHT/ff4=") -> #VALUE! | IV5: =AND('RC expenses'!G18,"AAAAAHT/ff8=") -> #VALUE!
A6: =AND('RC expenses'!H18,"AAAAAFf/fQA=") -> #VALUE! | B6: =IF('RC expenses'!#REF!,"AAAAAFf/fQE=",0) -> #REF! | C6: =AND('RC expenses'!#REF!,"AAAAAFf/fQI=") -> #REF! | D6: =AND('RC expenses'!#REF!,"AAAAAFf/fQM=") -> #REF! | E6: =AND('RC expenses'!#REF!,"AAAAAFf/fQQ=") -> #REF! | F6: =AND('RC expenses'!#REF!,"AAAAAFf/fQU=") -> #REF! | G6: =AND('RC expenses'!#REF!,"AAAAAFf/fQY=") -> #REF! | H6: =AND('RC expenses'!#REF!,"AAAAAFf/fQc=") -> #REF! | I6: =AND('RC expenses'!#REF!,"AAAAAFf/fQg=") -> #REF! | J6: =AND('RC expenses'!#REF!,"AAAAAFf/fQk=") -> #REF! | K6: 0 | L6: 0 | M6: 0 | N6: 0 | O6: 0 | P6: #VALUE!:notNumber | Q6: AAAAAFf/fRA= | R6: AAAAAFf/fRE= | S6: #VALUE!:notNumber | T6: 0 | U6: #VALUE!:notNumber | V6: #VALUE!:notNumber
A7: =AND(ROARS!G2,"AAAAAGf//AA=") -> #VALUE! | B7: =AND(ROARS!H2,"AAAAAGf//AE=") -> #VALUE! | C7: =AND(ROARS!#REF!,"AAAAAGf//AI=") -> #REF! | D7: =AND(ROARS!#REF!,"AAAAAGf//AM=") -> #REF! | E7: =AND(ROARS!#REF!,"AAAAAGf//AQ=") -> #REF! | F7: =AND(ROARS!#REF!,"AAAAAGf//AU=") -> #REF! | G7: =AND(ROARS!G3,"AAAAAGf//AY=") -> #VALUE! | H7: =AND(ROARS!H3,"AAAAAGf//Ac=") -> #VALUE! | I7: =AND(ROARS!#REF!,"AAAAAGf//Ag=") -> #REF! | J7: =AND(ROARS!#REF!,"AAAAAGf//Ak=") -> #REF! | K7: =AND(ROARS!#REF!,"AAAAAGf//Ao=") -> #REF! | L7: =AND(ROARS!#REF!,"AAAAAGf//As=") -> #REF! | M7: =AND(ROARS!G4,"AAAAAGf//Aw=") -> #VALUE! | N7: =AND(ROARS!H4,"AAAAAGf//A0=") -> #VALUE! | O7: =AND(ROARS!#REF!,"AAAAAGf//A4=") -> #REF! | P7: =AND(ROARS!#REF!,"AAAAAGf//A8=") -> #REF! | Q7: =AND(ROARS!#REF!,"AAAAAGf//BA=") -> #REF! | R7: =AND(ROARS!#REF!,"AAAAAGf//BE=") -> #REF! | S7: =AND(ROARS!G5,"AAAAAGf//BI=") -> #VALUE! | T7: =AND(ROARS!H5,"AAAAAGf//BM=") -> #VALUE! | U7: =AND(ROARS!#REF!,"AAAAAGf//BQ=") -> #REF! | V7: =AND(ROARS!#REF!,"AAAAAGf//BU=") -> #REF! | W7: =AND(ROARS!#REF!,"AAAAAGf//BY=") -> #REF! | X7: =AND(ROARS!#REF!,"AAAAAGf//Bc=") -> #REF! | Y7: =AND(ROARS!G6,"AAAAAGf//Bg=") -> #VALUE! | Z7: =AND(ROARS!H6,"AAAAAGf//Bk=") -> #VALUE! | AA7: =AND(ROARS!#REF!,"AAAAAGf//Bo=") -> #REF! | AB7: =AND(ROARS!#REF!,"AAAAAGf//Bs=") -> #REF! | AC7: =AND(ROARS!#REF!,"AAAAAGf//Bw=") -> #REF! | AD7: =AND(ROARS!#REF!,"AAAAAGf//B0=") -> #REF! | AE7: =AND(ROARS!G7,"AAAAAGf//B4=") -> #VALUE! | AF7: =AND(ROARS!H7,"AAAAAGf//B8=") -> #VALUE! | AG7: =AND(ROARS!#REF!,"AAAAAGf//CA=") -> #REF! | AH7: =AND(ROARS!#REF!,"AAAAAGf//CE=") -> #REF! | AI7: =AND(ROARS!#REF!,"AAAAAGf//CI=") -> #REF! | AJ7: =AND(ROARS!#REF!,"AAAAAGf//CM=") -> #REF! | AK7: =AND(ROARS!G8,"AAAAAGf//CQ=") -> #VALUE! | AL7: =AND(ROARS!H8,"AAAAAGf//CU=") -> #VALUE! | AM7: =AND(ROARS!#REF!,"AAAAAGf//CY=") -> #REF! | AN7: =AND(ROARS!#REF!,"AAAAAGf//Cc=") -> #REF! | AO7: =AND(ROARS!#REF!,"AAAAAGf//Cg=") -> #REF! | AP7: =AND(ROARS!#REF!,"AAAAAGf//Ck=") -> #REF! | AQ7: =AND(ROARS!G9,"AAAAAGf//Co=") -> #VALUE! | AR7: =AND(ROARS!H9,"AAAAAGf//Cs=") -> #VALUE! | AS7: =AND(ROARS!#REF!,"AAAAAGf//Cw=") -> #REF! | AT7: =AND(ROARS!#REF!,"AAAAAGf//C0=") -> #REF! | AU7: =AND(ROARS!#REF!,"AAAAAGf//C4=") -> #REF! | AV7: =AND(ROARS!#REF!,"AAAAAGf//C8=") -> #REF! | AW7: 0 | AX7: =AND(ROARS!A10,"AAAAAGf//DE=") -> #VALUE! | AY7: =AND(ROARS!B10,"AAAAAGf//DI=") -> #VALUE! | AZ7: =AND(ROARS!C10,"AAAAAGf//DM=") -> #VALUE! | BA7: =AND(ROARS!D10,"AAAAAGf//DQ=") -> #VALUE! | BB7: =AND(ROARS!E10,"AAAAAGf//DU=") -> #VALUE! | BC7: =AND(ROARS!F10,"AAAAAGf//DY=") -> #VALUE! | BD7: =AND(ROARS!G10,"AAAAAGf//Dc=") -> #VALUE! | BE7: =AND(ROARS!H10,"AAAAAGf//Dg=") -> #VALUE! | BF7: =AND(ROARS!#REF!,"AAAAAGf//Dk=") -> #REF! | BG7: =AND(ROARS!#REF!,"AAAAAGf//Do=") -> #REF! | BH7: =AND(ROARS!#REF!,"AAAAAGf//Ds=") -> #REF! | BI7: =AND(ROARS!#REF!,"AAAAAGf//Dw=") -> #REF! | BJ7: 0 | BK7: =AND(ROARS!A11,"AAAAAGf//D4=") -> #VALUE! | BL7: =AND(ROARS!B11,"AAAAAGf//D8=") -> #VALUE! | BM7: =AND(ROARS!C11,"AAAAAGf//EA=") -> #VALUE! | BN7: =AND(ROARS!D11,"AAAAAGf//EE=") -> #VALUE! | BO7: =AND(ROARS!E11,"AAAAAGf//EI=") -> #VALUE! | BP7: =AND(ROARS!F11,"AAAAAGf//EM=") -> #VALUE! | BQ7: =AND(ROARS!G11,"AAAAAGf//EQ=") -> #VALUE! | BR7: =AND(ROARS!H11,"AAAAAGf//EU=") -> #VALUE! | BS7: =AND(ROARS!#REF!,"AAAAAGf//EY=") -> #REF! | BT7: =AND(ROARS!#REF!,"AAAAAGf//Ec=") -> #REF! | BU7: =AND(ROARS!#REF!,"AAAAAGf//Eg=") -> #REF! | BV7: =AND(ROARS!#REF!,"AAAAAGf//Ek=") -> #REF! | BW7: 0 | BX7: =AND(ROARS!A12,"AAAAAGf//Es=") -> #VALUE! | BY7: =AND(ROARS!B12,"AAAAAGf//Ew=") -> #VALUE! | BZ7: =AND(ROARS!C12,"AAAAAGf//E0=") -> #VALUE! | CA7: =AND(ROARS!D12,"AAAAAGf//E4=") -> #VALUE! | CB7: =AND(ROARS!E12,"AAAAAGf//E8=") -> #VALUE! | CC7: =AND(ROARS!F12,"AAAAAGf//FA=") -> #VALUE! | CD7: =AND(ROARS!G12,"AAAAAGf//FE=") -> #VALUE! | CE7: =AND(ROARS!H12,"AAAAAGf//FI=") -> #VALUE! | CF7: =AND(ROARS!#REF!,"AAAAAGf//FM=") -> #REF! | CG7: =AND(ROARS!#REF!,"AAAAAGf//FQ=") -> #REF! | CH7: =AND(ROARS!#REF!,"AAAAAGf//FU=") -> #REF! | CI7: =AND(ROARS!#REF!,"AAAAAGf//FY=") -> #REF!
A8: =AND('RC expenses'!A19,"AAAAAG83xwA=") -> #VALUE! | B8: =AND('RC expenses'!B19,"AAAAAG83xwE=") -> #VALUE! | C8: =AND('RC expenses'!C19,"AAAAAG83xwI=") -> #VALUE! | D8: =AND('RC expenses'!#REF!,"AAAAAG83xwM=") -> #REF! | E8: =AND('RC expenses'!A20,"AAAAAG83xwQ=") -> #VALUE! | F8: =AND('RC expenses'!B20,"AAAAAG83xwU=") -> #VALUE! | G8: =AND('RC expenses'!C20,"AAAAAG83xwY=") -> #VALUE! | H8: =AND('RC expenses'!D19,"AAAAAG83xwc=") -> #VALUE! | I8: =AND('RC expenses'!#REF!,"AAAAAG83xwg=") -> #REF! | J8: =AND('RC expenses'!#REF!,"AAAAAG83xwk=") -> #REF! | K8: =AND('RC expenses'!#REF!,"AAAAAG83xwo=") -> #REF! | L8: =AND('RC expenses'!#REF!,"AAAAAG83xws=") -> #REF! | M8: =AND('RC expenses'!A22,"AAAAAG83xww=") -> #VALUE! | N8: =AND('RC expenses'!B22,"AAAAAG83xw0=") -> #VALUE! | O8: =AND('RC expenses'!C22,"AAAAAG83xw4=") -> #VALUE! | P8: =AND('RC expenses'!D22,"AAAAAG83xw8=") -> #VALUE! | Q8: =AND('RC expenses'!A21,"AAAAAG83xxA=") -> #VALUE! | R8: =AND('RC expenses'!B21,"AAAAAG83xxE=") -> #VALUE! | S8: =AND('RC expenses'!C21,"AAAAAG83xxI=") -> #VALUE! | T8: =AND('RC expenses'!#REF!,"AAAAAG83xxM=") -> #REF! | U8: 0 | V8: =AND('RC expenses'!A24,"AAAAAG83xxU=") -> #VALUE! | W8: =AND('RC expenses'!B24,"AAAAAG83xxY=") -> #VALUE! | X8: =AND('RC expenses'!C24,"AAAAAG83xxc=") -> #VALUE! | Y8: =AND('RC expenses'!D24,"AAAAAG83xxg=") -> #VALUE! | Z8: 0 | AA8: =AND('RC expenses'!A25,"AAAAAG83xxo=") -> #VALUE! | AB8: =AND('RC expenses'!B25,"AAAAAG83xxs=") -> #VALUE! | AC8: =AND('RC expenses'!C25,"AAAAAG83xxw=") -> #VALUE! | AD8: =AND('RC expenses'!D25,"AAAAAG83xx0=") -> #VALUE! | AE8: 0 | AF8: =AND('RC expenses'!A26,"AAAAAG83xx8=") -> #VALUE! | AG8: =AND('RC expenses'!B26,"AAAAAG83xyA=") -> #VALUE! | AH8: =AND('RC expenses'!C26,"AAAAAG83xyE=") -> #VALUE! | AI8: =AND('RC expenses'!D26,"AAAAAG83xyI=") -> #VALUE! | AJ8: 0 | AK8: =AND('RC expenses'!A27,"AAAAAG83xyQ=") -> #VALUE! | AL8: =AND('RC expenses'!B27,"AAAAAG83xyU=") -> #VALUE! | AM8: =AND('RC expenses'!C27,"AAAAAG83xyY=") -> #VALUE! | AN8: =AND('RC expenses'!D27,"AAAAAG83xyc=") -> #VALUE! | AO8: 0 | AP8: =AND('RC expenses'!A28,"AAAAAG83xyk=") -> #VALUE! | AQ8: =AND('RC expenses'!B28,"AAAAAG83xyo=") -> #VALUE! | AR8: =AND('RC expenses'!C28,"AAAAAG83xys=") -> #VALUE! | AS8: =AND('RC expenses'!D28,"AAAAAG83xyw=") -> #VALUE! | AT8: 0 | AU8: =AND('RC expenses'!A29,"AAAAAG83xy4=") -> #VALUE! | AV8: =AND('RC expenses'!B29,"AAAAAG83xy8=") -> #VALUE! | AW8: =AND('RC expenses'!C29,"AAAAAG83xzA=") -> #VALUE! | AX8: =AND('RC expenses'!D29,"AAAAAG83xzE=") -> #VALUE! | AY8: 0 | AZ8: =AND('RC expenses'!A30,"AAAAAG83xzM=") -> #VALUE! | BA8: =AND('RC expenses'!B30,"AAAAAG83xzQ=") -> #VALUE! | BB8: =AND('RC expenses'!C30,"AAAAAG83xzU=") -> #VALUE! | BC8: =AND('RC expenses'!D21,"AAAAAG83xzY=") -> #VALUE! | BD8: AAAAAG83xzc=
A9: =AND(ROARS!K2,"AAAAAH7jngA=") -> #VALUE! | B9: =AND(ROARS!L2,"AAAAAH7jngE=") -> #VALUE! | C9: =AND(ROARS!M2,"AAAAAH7jngI=") -> #VALUE! | D9: =AND(ROARS!N2,"AAAAAH7jngM=") -> #VALUE! | E9: =AND(ROARS!O2,"AAAAAH7jngQ=") -> #VALUE! | F9: =AND(ROARS!P2,"AAAAAH7jngU=") -> #VALUE! | G9: =AND(ROARS!Q2,"AAAAAH7jngY=") -> #VALUE! | H9: =AND(ROARS!R2,"AAAAAH7jngc=") -> #VALUE! | I9: =AND(ROARS!K3,"AAAAAH7jngg=") -> #VALUE! | J9: =AND(ROARS!L3,"AAAAAH7jngk=") -> #VALUE! | K9: =AND(ROARS!M3,"AAAAAH7jngo=") -> #VALUE! | L9: =AND(ROARS!N3,"AAAAAH7jngs=") -> #VALUE! | M9: =AND(ROARS!O3,"AAAAAH7jngw=") -> #VALUE! | N9: =AND(ROARS!P3,"AAAAAH7jng0=") -> #VALUE! | O9: =AND(ROARS!Q3,"AAAAAH7jng4=") -> #VALUE! | P9: =AND(ROARS!R3,"AAAAAH7jng8=") -> #VALUE! | Q9: =AND(ROARS!K4,"AAAAAH7jnhA=") -> #VALUE! | R9: =AND(ROARS!L4,"AAAAAH7jnhE=") -> #VALUE! | S9: =AND(ROARS!M4,"AAAAAH7jnhI=") -> #VALUE! | T9: =AND(ROARS!N4,"AAAAAH7jnhM=") -> #VALUE! | U9: =AND(ROARS!O4,"AAAAAH7jnhQ=") -> #VALUE! | V9: =AND(ROARS!P4,"AAAAAH7jnhU=") -> #VALUE! | W9: =AND(ROARS!Q4,"AAAAAH7jnhY=") -> #VALUE! | X9: =AND(ROARS!R4,"AAAAAH7jnhc=") -> #VALUE! | Y9: =AND(ROARS!K5,"AAAAAH7jnhg=") -> #VALUE! | Z9: =AND(ROARS!L5,"AAAAAH7jnhk=") -> #VALUE! | AA9: =AND(ROARS!M5,"AAAAAH7jnho=") -> #VALUE! | AB9: =AND(ROARS!N5,"AAAAAH7jnhs=") -> #VALUE! | AC9: =AND(ROARS!O5,"AAAAAH7jnhw=") -> #VALUE! | AD9: =AND(ROARS!P5,"AAAAAH7jnh0=") -> #VALUE! | AE9: =AND(ROARS!Q5,"AAAAAH7jnh4=") -> #VALUE! | AF9: =AND(ROARS!R5,"AAAAAH7jnh8=") -> #VALUE! | AG9: =AND(ROARS!K6,"AAAAAH7jniA=") -> #VALUE! | AH9: =AND(ROARS!L6,"AAAAAH7jniE=") -> #VALUE! | AI9: =AND(ROARS!M6,"AAAAAH7jniI=") -> #VALUE! | AJ9: =AND(ROARS!N6,"AAAAAH7jniM=") -> #VALUE! | AK9: =AND(ROARS!O6,"AAAAAH7jniQ=") -> #VALUE! | AL9: =AND(ROARS!P6,"AAAAAH7jniU=") -> #VALUE! | AM9: =AND(ROARS!Q6,"AAAAAH7jniY=") -> #VALUE! | AN9: =AND(ROARS!R6,"AAAAAH7jnic=") -> #VALUE! | AO9: =AND(ROARS!K7,"AAAAAH7jnig=") -> #VALUE! | AP9: =AND(ROARS!L7,"AAAAAH7jnik=") -> #VALUE! | AQ9: =AND(ROARS!M7,"AAAAAH7jnio=") -> #VALUE! | AR9: =AND(ROARS!N7,"AAAAAH7jnis=") -> #VALUE! | AS9: =AND(ROARS!O7,"AAAAAH7jniw=") -> #VALUE! | AT9: =AND(ROARS!P7,"AAAAAH7jni0=") -> #VALUE! | AU9: =AND(ROARS!Q7,"AAAAAH7jni4=") -> #VALUE! | AV9: =AND(ROARS!R7,"AAAAAH7jni8=") -> #VALUE! | AW9: =AND(ROARS!K8,"AAAAAH7jnjA=") -> #VALUE! | AX9: =AND(ROARS!L8,"AAAAAH7jnjE=") -> #VALUE! | AY9: =AND(ROARS!M8,"AAAAAH7jnjI=") -> #VALUE! | AZ9: =AND(ROARS!N8,"AAAAAH7jnjM=") -> #VALUE! | BA9: =AND(ROARS!O8,"AAAAAH7jnjQ=") -> #VALUE! | BB9: =AND(ROARS!P8,"AAAAAH7jnjU=") -> #VALUE! | BC9: =AND(ROARS!Q8,"AAAAAH7jnjY=") -> #VALUE! | BD9: =AND(ROARS!R8,"AAAAAH7jnjc=") -> #VALUE! | BE9: =AND(ROARS!K9,"AAAAAH7jnjg=") -> #VALUE! | BF9: =AND(ROARS!L9,"AAAAAH7jnjk=") -> #VALUE! | BG9: =AND(ROARS!M9,"AAAAAH7jnjo=") -> #VALUE! | BH9: =AND(ROARS!N9,"AAAAAH7jnjs=") -> #VALUE! | BI9: =AND(ROARS!O9,"AAAAAH7jnjw=") -> #VALUE! | BJ9: =AND(ROARS!P9,"AAAAAH7jnj0=") -> #VALUE! | BK9: =AND(ROARS!Q9,"AAAAAH7jnj4=") -> #VALUE! | BL9: =AND(ROARS!R9,"AAAAAH7jnj8=") -> #VALUE! | BM9: =AND(ROARS!K10,"AAAAAH7jnkA=") -> #VALUE! | BN9: =AND(ROARS!L10,"AAAAAH7jnkE=") -> #VALUE! | BO9: =AND(ROARS!M10,"AAAAAH7jnkI=") -> #VALUE! | BP9: =AND(ROARS!N10,"AAAAAH7jnkM=") -> #VALUE! | BQ9: =AND(ROARS!O10,"AAAAAH7jnkQ=") -> #VALUE! | BR9: =AND(ROARS!P10,"AAAAAH7jnkU=") -> #VALUE! | BS9: =AND(ROARS!Q10,"AAAAAH7jnkY=") -> #VALUE! | BT9: =AND(ROARS!R10,"AAAAAH7jnkc=") -> #VALUE! | BU9: =AND(ROARS!K11,"AAAAAH7jnkg=") -> #VALUE! | BV9: =AND(ROARS!L11,"AAAAAH7jnkk=") -> #VALUE! | BW9: =AND(ROARS!M11,"AAAAAH7jnko=") -> #VALUE! | BX9: =AND(ROARS!N11,"AAAAAH7jnks=") -> #VALUE! | BY9: =AND(ROARS!O11,"AAAAAH7jnkw=") -> #VALUE! | BZ9: =AND(ROARS!P11,"AAAAAH7jnk0=") -> #VALUE! | CA9: =AND(ROARS!Q11,"AAAAAH7jnk4=") -> #VALUE! | CB9: =AND(ROARS!R11,"AAAAAH7jnk8=") -> #VALUE! | CC9: =AND(ROARS!K12,"AAAAAH7jnlA=") -> #VALUE! | CD9: =AND(ROARS!L12,"AAAAAH7jnlE=") -> #VALUE! | CE9: =AND(ROARS!M12,"AAAAAH7jnlI=") -> #VALUE! | CF9: =AND(ROARS!N12,"AAAAAH7jnlM=") -> #VALUE! | CG9: =AND(ROARS!O12,"AAAAAH7jnlQ=") -> #VALUE! | CH9: =AND(ROARS!P12,"AAAAAH7jnlU=") -> #VALUE! | CI9: =AND(ROARS!Q12,"AAAAAH7jnlY=") -> #VALUE! | CJ9: =AND(ROARS!R12,"AAAAAH7jnlc=") -> #VALUE! | CK9: 0 | CL9: =AND(ROARS!A13,"AAAAAH7jnlk=") -> #VALUE! | CM9: =AND(ROARS!B13,"AAAAAH7jnlo=") -> #VALUE! | CN9: =AND(ROARS!C13,"AAAAAH7jnls=") -> #VALUE! | CO9: =AND(ROARS!D13,"AAAAAH7jnlw=") -> #VALUE! | CP9: =AND(ROARS!E13,"AAAAAH7jnl0=") -> #VALUE! | CQ9: =AND(ROARS!F13,"AAAAAH7jnl4=") -> #VALUE! | CR9: 0 | CS9: =AND(ROARS!A14,"AAAAAH7jnmA=") -> #VALUE! | CT9: =AND(ROARS!B14,"AAAAAH7jnmE=") -> #VALUE! | CU9: =AND(ROARS!C14,"AAAAAH7jnmI=") -> #VALUE! | CV9: =AND(ROARS!D14,"AAAAAH7jnmM=") -> #VALUE! | CW9: =AND(ROARS!E14,"AAAAAH7jnmQ=") -> #VALUE! | CX9: =AND(ROARS!F14,"AAAAAH7jnmU=") -> #VALUE! | CY9: 0 | CZ9: =AND(ROARS!A15,"AAAAAH7jnmc=") -> #VALUE! | DA9: =AND(ROARS!B15,"AAAAAH7jnmg=") -> #VALUE! | DB9: =AND(ROARS!C15,"AAAAAH7jnmk=") -> #VALUE! | DC9: =AND(ROARS!D15,"AAAAAH7jnmo=") -> #VALUE! | DD9: =AND(ROARS!E15,"AAAAAH7jnms=") -> #VALUE! | DE9: =AND(ROARS!F15,"AAAAAH7jnmw=") -> #VALUE! | DF9: 0 | DG9: =AND(ROARS!A17,"AAAAAH7jnm4=") -> #VALUE! | DH9: =AND(ROARS!B17,"AAAAAH7jnm8=") -> #VALUE! | DI9: =AND(ROARS!C17,"AAAAAH7jnnA=") -> #VALUE! | DJ9: =AND(ROARS!D17,"AAAAAH7jnnE=") -> #VALUE! | DK9: =AND(ROARS!E17,"AAAAAH7jnnI=") -> #VALUE! | DL9: =AND(ROARS!F17,"AAAAAH7jnnM=") -> #VALUE! | DM9: 0 | DN9: =AND(ROARS!A18,"AAAAAH7jnnU=") -> #VALUE! | DO9: =AND(ROARS!B18,"AAAAAH7jnnY=") -> #VALUE! | DP9: =AND(ROARS!C18,"AAAAAH7jnnc=") -> #VALUE! | DQ9: =AND(ROARS!D18,"AAAAAH7jnng=") -> #VALUE! | DR9: =AND(ROARS!E18,"AAAAAH7jnnk=") -> #VALUE! | DS9: =AND(ROARS!F18,"AAAAAH7jnno=") -> #VALUE! | DT9: 0 | DU9: =AND(ROARS!A19,"AAAAAH7jnnw=") -> #VALUE! | DV9: =AND(ROARS!B19,"AAAAAH7jnn0=") -> #VALUE! | DW9: =AND(ROARS!C19,"AAAAAH7jnn4=") -> #VALUE! | DX9: =AND(ROARS!D19,"AAAAAH7jnn8=") -> #VALUE! | DY9: =AND(ROARS!E19,"AAAAAH7jnoA=") -> #VALUE! | DZ9: =AND(ROARS!F19,"AAAAAH7jnoE=") -> #VALUE! | EA9: 0 | EB9: =AND(ROARS!A20,"AAAAAH7jnoM=") -> #VALUE! | EC9: =AND(ROARS!B20,"AAAAAH7jnoQ=") -> #VALUE! | ED9: =AND(ROARS!C20,"AAAAAH7jnoU=") -> #VALUE! | EE9: =AND(ROARS!D20,"AAAAAH7jnoY=") -> #VALUE! | EF9: =AND(ROARS!E20,"AAAAAH7jnoc=") -> #VALUE! | EG9: =AND(ROARS!F20,"AAAAAH7jnog=") -> #VALUE! | EH9: 0 | EI9: =AND(ROARS!A21,"AAAAAH7jnoo=") -> #VALUE! | EJ9: =AND(ROARS!B21,"AAAAAH7jnos=") -> #VALUE! | EK9: =AND(ROARS!C21,"AAAAAH7jnow=") -> #VALUE! | EL9: =AND(ROARS!D21,"AAAAAH7jno0=") -> #VALUE! | EM9: =AND(ROARS!E21,"AAAAAH7jno4=") -> #VALUE! | EN9: =AND(ROARS!F21,"AAAAAH7jno8=") -> #VALUE! | EO9: 0 | EP9: =AND(ROARS!A22,"AAAAAH7jnpE=") -> #VALUE! | EQ9: =AND(ROARS!B22,"AAAAAH7jnpI=") -> #VALUE! | ER9: =AND(ROARS!C22,"AAAAAH7jnpM=") -> #VALUE! | ES9: =AND(ROARS!D22,"AAAAAH7jnpQ=") -> #VALUE! | ET9: =AND(ROARS!E22,"AAAAAH7jnpU=") -> #VALUE! | EU9: =AND(ROARS!F22,"AAAAAH7jnpY=") -> #VALUE! | EV9: 0 | EW9: =AND(ROARS!A23,"AAAAAH7jnpg=") -> #VALUE! | EX9: =AND(ROARS!B23,"AAAAAH7jnpk=") -> #VALUE! | EY9: =AND(ROARS!C23,"AAAAAH7jnpo=") -> #VALUE! | EZ9: =AND(ROARS!D23,"AAAAAH7jnps=") -> #VALUE! | FA9: =AND(ROARS!E23,"AAAAAH7jnpw=") -> #VALUE! | FB9: =AND(ROARS!F23,"AAAAAH7jnp0=") -> #VALUE! | FC9: 0 | FD9: =AND(ROARS!A24,"AAAAAH7jnp8=") -> #VALUE! | FE9: =AND(ROARS!B24,"AAAAAH7jnqA=") -> #VALUE! | FF9: =AND(ROARS!C24,"AAAAAH7jnqE=") -> #VALUE! | FG9: =AND(ROARS!D24,"AAAAAH7jnqI=") -> #VALUE! | FH9: =AND(ROARS!E24,"AAAAAH7jnqM=") -> #VALUE! | FI9: =AND(ROARS!F24,"AAAAAH7jnqQ=") -> #VALUE! | FJ9: 0 | FK9: =AND(ROARS!A25,"AAAAAH7jnqY=") -> #VALUE! | FL9: =AND(ROARS!B25,"AAAAAH7jnqc=") -> #VALUE! | FM9: =AND(ROARS!C25,"AAAAAH7jnqg=") -> #VALUE! | FN9: =AND(ROARS!D25,"AAAAAH7jnqk=") -> #VALUE! | FO9: =AND(ROARS!E25,"AAAAAH7jnqo=") -> #VALUE! | FP9: =AND(ROARS!F25,"AAAAAH7jnqs=") -> #VALUE! | FQ9: 0 | FR9: =AND(ROARS!A26,"AAAAAH7jnq0=") -> #VALUE! | FS9: =AND(ROARS!B26,"AAAAAH7jnq4=") -> #VALUE! | FT9: =AND(ROARS!C26,"AAAAAH7jnq8=") -> #VALUE! | FU9: =AND(ROARS!D26,"AAAAAH7jnrA=") -> #VALUE! | FV9: =AND(ROARS!E26,"AAAAAH7jnrE=") -> #VALUE! | FW9: =AND(ROARS!F26,"AAAAAH7jnrI=") -> #VALUE! | FX9: 0 | FY9: =AND(ROARS!A27,"AAAAAH7jnrQ=") -> #VALUE! | FZ9: =AND(ROARS!B27,"AAAAAH7jnrU=") -> #VALUE! | GA9: =AND(ROARS!C27,"AAAAAH7jnrY=") -> #VALUE! | GB9: =AND(ROARS!D27,"AAAAAH7jnrc=") -> #VALUE! | GC9: =AND(ROARS!E27,"AAAAAH7jnrg=") -> #VALUE! | GD9: =AND(ROARS!F27,"AAAAAH7jnrk=") -> #VALUE! | GE9: 0 | GF9: =AND(ROARS!A28,"AAAAAH7jnrs=") -> #VALUE! | GG9: =AND(ROARS!B28,"AAAAAH7jnrw=") -> #VALUE! | GH9: =AND(ROARS!C28,"AAAAAH7jnr0=") -> #VALUE! | GI9: =AND(ROARS!D28,"AAAAAH7jnr4=") -> #VALUE! | GJ9: =AND(ROARS!E28,"AAAAAH7jnr8=") -> #VALUE! | GK9: =AND(ROARS!F28,"AAAAAH7jnsA=") -> #VALUE! | GL9: 0 | GM9: =AND(ROARS!A29,"AAAAAH7jnsI=") -> #VALUE! | GN9: =AND(ROARS!B29,"AAAAAH7jnsM=") -> #VALUE! | GO9: =AND(ROARS!C29,"AAAAAH7jnsQ=") -> #VALUE! | GP9: =AND(ROARS!D29,"AAAAAH7jnsU=") -> #VALUE! | GQ9: =AND(ROARS!E29,"AAAAAH7jnsY=") -> #VALUE! | GR9: =AND(ROARS!F29,"AAAAAH7jnsc=") -> #VALUE! | GS9: 0 | GT9: =AND(ROARS!A30,"AAAAAH7jnsk=") -> #VALUE! | GU9: =AND(ROARS!B30,"AAAAAH7jnso=") -> #VALUE! | GV9: =AND(ROARS!C30,"AAAAAH7jnss=") -> #VALUE! | GW9: =AND(ROARS!D30,"AAAAAH7jnsw=") -> #VALUE! | GX9: =AND(ROARS!E30,"AAAAAH7jns0=") -> #VALUE! | GY9: =AND(ROARS!F30,"AAAAAH7jns4=") -> #VALUE! | GZ9: 0 | HA9: =AND(ROARS!A31,"AAAAAH7jntA=") -> #VALUE! | HB9: =AND(ROARS!B31,"AAAAAH7jntE=") -> #VALUE! | HC9: =AND(ROARS!C31,"AAAAAH7jntI=") -> #VALUE! | HD9: =AND(ROARS!D31,"AAAAAH7jntM=") -> #VALUE! | HE9: =AND(ROARS!E31,"AAAAAH7jntQ=") -> #VALUE! | HF9: =AND(ROARS!F31,"AAAAAH7jntU=") -> #VALUE! | HG9: 0 | HH9: =AND(ROARS!A32,"AAAAAH7jntc=") -> #VALUE! | HI9: =AND(ROARS!B32,"AAAAAH7jntg=") -> #VALUE! | HJ9: =AND(ROARS!C32,"AAAAAH7jntk=") -> #VALUE! | HK9: =AND(ROARS!D32,"AAAAAH7jnto=") -> #VALUE! | HL9: =AND(ROARS!E32,"AAAAAH7jnts=") -> #VALUE! | HM9: =AND(ROARS!F32,"AAAAAH7jntw=") -> #VALUE! | HN9: 0 | HO9: =AND(ROARS!A33,"AAAAAH7jnt4=") -> #VALUE! | HP9: =AND(ROARS!B33,"AAAAAH7jnt8=") -> #VALUE! | HQ9: =AND(ROARS!C33,"AAAAAH7jnuA=") -> #VALUE! | HR9: =AND(ROARS!D33,"AAAAAH7jnuE=") -> #VALUE! | HS9: =AND(ROARS!E33,"AAAAAH7jnuI=") -> #VALUE! | HT9: =AND(ROARS!F33,"AAAAAH7jnuM=") -> #VALUE! | HU9: 0 | HV9: =AND(ROARS!A34,"AAAAAH7jnuU=") -> #VALUE! | HW9: =AND(ROARS!B34,"AAAAAH7jnuY=") -> #VALUE! | HX9: =AND(ROARS!C34,"AAAAAH7jnuc=") -> #VALUE! | HY9: =AND(ROARS!D34,"AAAAAH7jnug=") -> #VALUE! | HZ9: =AND(ROARS!E34,"AAAAAH7jnuk=") -> #VALUE! | IA9: =AND(ROARS!F34,"AAAAAH7jnuo=") -> #VALUE! | IB9: 0 | IC9: =AND(ROARS!A35,"AAAAAH7jnuw=") -> #VALUE! | ID9: =AND(ROARS!B35,"AAAAAH7jnu0=") -> #VALUE! | IE9: =AND(ROARS!C35,"AAAAAH7jnu4=") -> #VALUE! | IF9: =AND(ROARS!D35,"AAAAAH7jnu8=") -> #VALUE! | IG9: =AND(ROARS!E35,"AAAAAH7jnvA=") -> #VALUE! | IH9: =AND(ROARS!F35,"AAAAAH7jnvE=") -> #VALUE! | II9: 0 | IJ9: =AND(ROARS!A36,"AAAAAH7jnvM=") -> #VALUE! | IK9: =AND(ROARS!B36,"AAAAAH7jnvQ=") -> #VALUE! | IL9: =AND(ROARS!C36,"AAAAAH7jnvU=") -> #VALUE! | IM9: =AND(ROARS!D36,"AAAAAH7jnvY=") -> #VALUE! | IN9: =AND(ROARS!E36,"AAAAAH7jnvc=") -> #VALUE! | IO9: =AND(ROARS!F36,"AAAAAH7jnvg=") -> #VALUE! | IP9: 0 | IQ9: =AND(ROARS!A37,"AAAAAH7jnvo=") -> #VALUE! | IR9: =AND(ROARS!B37,"AAAAAH7jnvs=") -> #VALUE! | IS9: =AND(ROARS!C37,"AAAAAH7jnvw=") -> #VALUE! | IT9: =AND(ROARS!D37,"AAAAAH7jnv0=") -> #VALUE! | IU9: =AND(ROARS!E37,"AAAAAH7jnv4=") -> #VALUE! | IV9: =AND(ROARS!F37,"AAAAAH7jnv8=") -> #VALUE!
A10: 0 | B10: =AND(ROARS!A142,"AAAAAH3vVQE=") -> #VALUE! | C10: =AND(ROARS!B142,"AAAAAH3vVQI=") -> #VALUE! | D10: =AND(ROARS!C142,"AAAAAH3vVQM=") -> #VALUE! | E10: =AND(ROARS!D142,"AAAAAH3vVQQ=") -> #VALUE! | F10: =AND(ROARS!E142,"AAAAAH3vVQU=") -> #VALUE! | G10: =AND(ROARS!F142,"AAAAAH3vVQY=") -> #VALUE! | H10: 0 | I10: =AND(ROARS!A143,"AAAAAH3vVQg=") -> #VALUE! | J10: =AND(ROARS!B143,"AAAAAH3vVQk=") -> #VALUE! | K10: =AND(ROARS!C143,"AAAAAH3vVQo=") -> #VALUE! | L10: =AND(ROARS!D143,"AAAAAH3vVQs=") -> #VALUE! | M10: =AND(ROARS!E143,"AAAAAH3vVQw=") -> #VALUE! | N10: =AND(ROARS!F143,"AAAAAH3vVQ0=") -> #VALUE! | O10: 0 | P10: =AND(ROARS!A144,"AAAAAH3vVQ8=") -> #VALUE! | Q10: =AND(ROARS!B144,"AAAAAH3vVRA=") -> #VALUE! | R10: =AND(ROARS!C144,"AAAAAH3vVRE=") -> #VALUE! | S10: =AND(ROARS!D144,"AAAAAH3vVRI=") -> #VALUE! | T10: =AND(ROARS!E144,"AAAAAH3vVRM=") -> #VALUE! | U10: =AND(ROARS!F144,"AAAAAH3vVRQ=") -> #VALUE! | V10: 0 | W10: =AND(ROARS!A145,"AAAAAH3vVRY=") -> #VALUE! | X10: =AND(ROARS!B145,"AAAAAH3vVRc=") -> #VALUE! | Y10: =AND(ROARS!C145,"AAAAAH3vVRg=") -> #VALUE! | Z10: =AND(ROARS!D145,"AAAAAH3vVRk=") -> #VALUE! | AA10: =AND(ROARS!E145,"AAAAAH3vVRo=") -> #VALUE! | AB10: =AND(ROARS!#REF!,"AAAAAH3vVRs=") -> #REF!
A11: =AND(Duty!E1,"AAAAAE0fnQA=") -> #VALUE! | B11: =AND(Duty!E3,"AAAAAE0fnQE=") -> #VALUE! | C11: =AND(Duty!E4,"AAAAAE0fnQI=") -> #VALUE! | D11: =AND(Duty!E5,"AAAAAE0fnQM=") -> #VALUE! | E11: =AND(Duty!E6,"AAAAAE0fnQQ=") -> #VALUE! | F11: =AND(Duty!E7,"AAAAAE0fnQU=") -> #VALUE! | G11: =AND(Duty!E8,"AAAAAE0fnQY=") -> #VALUE! | H11: =AND(Duty!E9,"AAAAAE0fnQc=") -> #VALUE! | I11: =AND(Duty!E10,"AAAAAE0fnQg=") -> #VALUE! | J11: =AND(Duty!E11,"AAAAAE0fnQk=") -> #VALUE! | K11: =AND(Duty!E12,"AAAAAE0fnQo=") -> #VALUE! | L11: =AND(Duty!E13,"AAAAAE0fnQs=") -> #VALUE! | M11: =AND(Duty!E14,"AAAAAE0fnQw=") -> #VALUE! | N11: =AND(Duty!E15,"AAAAAE0fnQ0=") -> #VALUE! | O11: =AND(Duty!E16,"AAAAAE0fnQ4=") -> #VALUE! | P11: 0 | Q11: =AND(Duty!A18,"AAAAAE0fnRA=") -> #VALUE! | R11: =AND(Duty!B18,"AAAAAE0fnRE=") -> #VALUE! | S11: =AND(Duty!C18,"AAAAAE0fnRI=") -> #VALUE! | T11: =AND(Duty!D18,"AAAAAE0fnRM=") -> #VALUE! | U11: =AND(Duty!E18,"AAAAAE0fnRQ=") -> #VALUE! | V11: =AND(Duty!G18,"AAAAAE0fnRU=") -> #VALUE! | W11: =AND(Duty!H18,"AAAAAE0fnRY=") -> #VALUE! | X11: =AND(Duty!I18,"AAAAAE0fnRc=") -> #VALUE! | Y11: =AND(Duty!J18,"AAAAAE0fnRg=") -> #VALUE! | Z11: =AND(Duty!K18,"AAAAAE0fnRk=") -> #VALUE! | AA11: =AND(Duty!L18,"AAAAAE0fnRo=") -> #VALUE! | AB11: =AND(Duty!M18,"AAAAAE0fnRs=") -> #VALUE! | AC11: =AND(Duty!#REF!,"AAAAAE0fnRw=") -> #REF! | AD11: =AND(Duty!N18,"AAAAAE0fnR0=") -> #VALUE! | AE11: =AND(Duty!#REF!,"AAAAAE0fnR4=") -> #REF! | AF11: =AND(Duty!#REF!,"AAAAAE0fnR8=") -> #REF! | AG11: =AND(Duty!#REF!,"AAAAAE0fnSA=") -> #REF! | AH11: =AND(Duty!O18,"AAAAAE0fnSE=") -> #VALUE! | AI11: =AND(Duty!E19,"AAAAAE0fnSI=") -> #VALUE! | AJ11: =AND(Duty!E20,"AAAAAE0fnSM=") -> #VALUE! | AK11: =AND(Duty!E21,"AAAAAE0fnSQ=") -> #VALUE! | AL11: =AND(Duty!E22,"AAAAAE0fnSU=") -> #VALUE! | AM11: =AND(Duty!E23,"AAAAAE0fnSY=") -> #VALUE! | AN11: =AND(Duty!E24,"AAAAAE0fnSc=") -> #VALUE! | AO11: =AND(Duty!E25,"AAAAAE0fnSg=") -> #VALUE! | AP11: =AND(Duty!E26,"AAAAAE0fnSk=") -> #VALUE! | AQ11: =AND(Duty!E27,"AAAAAE0fnSo=") -> #VALUE! | AR11: =AND(Duty!E28,"AAAAAE0fnSs=") -> #VALUE! | AS11: =AND(Duty!E29,"AAAAAE0fnSw=") -> #VALUE! | AT11: =AND(Duty!E30,"AAAAAE0fnS0=") -> #VALUE! | AU11: 0 | AV11: =AND(Duty!A31,"AAAAAE0fnS8=") -> #VALUE! | AW11: =AND(Duty!B31,"AAAAAE0fnTA=") -> #VALUE! | AX11: =AND(Duty!C31,"AAAAAE0fnTE=") -> #VALUE! | AY11: =AND(Duty!D31,"AAAAAE0fnTI=") -> #VALUE! | AZ11: =AND(Duty!E31,"AAAAAE0fnTM=") -> #VALUE! | BA11: =AND(Duty!G31,"AAAAAE0fnTQ=") -> #VALUE! | BB11: =AND(Duty!H31,"AAAAAE0fnTU=") -> #VALUE! | BC11: =AND(Duty!I31,"AAAAAE0fnTY=") -> #VALUE! | BD11: =AND(Duty!J31,"AAAAAE0fnTc=") -> #VALUE! | BE11: =AND(Duty!K31,"AAAAAE0fnTg=") -> #VALUE! | BF11: =AND(Duty!L31,"AAAAAE0fnTk=") -> #VALUE! | BG11: =AND(Duty!M31,"AAAAAE0fnTo=") -> #VALUE! | BH11: =AND(Duty!#REF!,"AAAAAE0fnTs=") -> #REF! | BI11: =AND(Duty!N31,"AAAAAE0fnTw=") -> #VALUE! | BJ11: =AND(Duty!#REF!,"AAAAAE0fnT0=") -> #REF! | BK11: =AND(Duty!#REF!,"AAAAAE0fnT4=") -> #REF! | BL11: =AND(Duty!#REF!,"AAAAAE0fnT8=") -> #REF! | BM11: =AND(Duty!O31,"AAAAAE0fnUA=") -> #VALUE! | BN11: 0 | BO11: =AND(Duty!A32,"AAAAAE0fnUI=") -> #VALUE! | BP11: =AND(Duty!B32,"AAAAAE0fnUM=") -> #VALUE! | BQ11: =AND(Duty!C32,"AAAAAE0fnUQ=") -> #VALUE! | BR11: =AND(Duty!D32,"AAAAAE0fnUU=") -> #VALUE! | BS11: =AND(Duty!E32,"AAAAAE0fnUY=") -> #VALUE! | BT11: =AND(Duty!G32,"AAAAAE0fnUc=") -> #VALUE! | BU11: =AND(Duty!H32,"AAAAAE0fnUg=") -> #VALUE! | BV11: =AND(Duty!I32,"AAAAAE0fnUk=") -> #VALUE! | BW11: =AND(Duty!J32,"AAAAAE0fnUo=") -> #VALUE! | BX11: =AND(Duty!K32,"AAAAAE0fnUs=") -> #VALUE! | BY11: =AND(Duty!L32,"AAAAAE0fnUw=") -> #VALUE! | BZ11: =AND(Duty!M32,"AAAAAE0fnU0=") -> #VALUE! | CA11: =AND(Duty!#REF!,"AAAAAE0fnU4=") -> #REF! | CB11: =AND(Duty!N32,"AAAAAE0fnU8=") -> #VALUE! | CC11: =AND(Duty!#REF!,"AAAAAE0fnVA=") -> #REF! | CD11: =AND(Duty!#REF!,"AAAAAE0fnVE=") -> #REF! | CE11: =AND(Duty!#REF!,"AAAAAE0fnVI=") -> #REF! | CF11: =AND(Duty!O32,"AAAAAE0fnVM=") -> #VALUE! | CG11: =AND(Duty!E33,"AAAAAE0fnVQ=") -> #VALUE! | CH11: =AND(Duty!E34,"AAAAAE0fnVU=") -> #VALUE! | CI11: =AND(Duty!E35,"AAAAAE0fnVY=") -> #VALUE! | CJ11: =AND(Duty!D37,"AAAAAE0fnVc=") -> #VALUE! | CK11: =AND(Duty!E37,"AAAAAE0fnVg=") -> #VALUE! | CL11: =AND(Duty!D38,"AAAAAE0fnVk=") -> #VALUE! | CM11: =AND(Duty!E38,"AAAAAE0fnVo=") -> #VALUE! | CN11: =AND(Duty!D39,"AAAAAE0fnVs=") -> #VALUE! | CO11: =AND(Duty!E39,"AAAAAE0fnVw=") -> #VALUE! | CP11: =AND(Duty!D40,"AAAAAE0fnV0=") -> #VALUE! | CQ11: =AND(Duty!E40,"AAAAAE0fnV4=") -> #VALUE! | CR11: =AND(Duty!D41,"AAAAAE0fnV8=") -> #VALUE! | CS11: =AND(Duty!E41,"AAAAAE0fnWA=") -> #VALUE! | CT11: =AND(Duty!D42,"AAAAAE0fnWE=") -> #VALUE! | CU11: =AND(Duty!E42,"AAAAAE0fnWI=") -> #VALUE! | CV11: =AND(Duty!E36,"AAAAAE0fnWM=") -> #VALUE! | CW11: #VALUE!:notNumber
A12: =AND(Duty!O4,"AAAAAH/6fwA=") -> #VALUE!
A13: =AND(ROARS!I1,"AAAAAHv/DQA=") -> #VALUE! | B13: =AND(ROARS!J1,"AAAAAHv/DQE=") -> #VALUE! | C13: =AND(ROARS!I2,"AAAAAHv/DQI=") -> #VALUE! | D13: =AND(ROARS!J2,"AAAAAHv/DQM=") -> #VALUE! | E13: =AND(ROARS!I3,"AAAAAHv/DQQ=") -> #VALUE! | F13: =AND(ROARS!J3,"AAAAAHv/DQU=") -> #VALUE! | G13: =AND(ROARS!I4,"AAAAAHv/DQY=") -> #VALUE! | H13: =AND(ROARS!J4,"AAAAAHv/DQc=") -> #VALUE! | I13: =AND(ROARS!I5,"AAAAAHv/DQg=") -> #VALUE! | J13: =AND(ROARS!J5,"AAAAAHv/DQk=") -> #VALUE! | K13: =AND(ROARS!I6,"AAAAAHv/DQo=") -> #VALUE! | L13: =AND(ROARS!J6,"AAAAAHv/DQs=") -> #VALUE! | M13: =AND(ROARS!I7,"AAAAAHv/DQw=") -> #VALUE! | N13: =AND(ROARS!J7,"AAAAAHv/DQ0=") -> #VALUE! | O13: =AND(ROARS!I8,"AAAAAHv/DQ4=") -> #VALUE! | P13: =AND(ROARS!J8,"AAAAAHv/DQ8=") -> #VALUE! | Q13: =AND(ROARS!I9,"AAAAAHv/DRA=") -> #VALUE! | R13: =AND(ROARS!J9,"AAAAAHv/DRE=") -> #VALUE! | S13: =AND(ROARS!I10,"AAAAAHv/DRI=") -> #VALUE! | T13: =AND(ROARS!J10,"AAAAAHv/DRM=") -> #VALUE! | U13: =AND(ROARS!I11,"AAAAAHv/DRQ=") -> #VALUE! | V13: =AND(ROARS!J11,"AAAAAHv/DRU=") -> #VALUE! | W13: =AND(ROARS!I12,"AAAAAHv/DRY=") -> #VALUE! | X13: =AND(ROARS!J12,"AAAAAHv/DRc=") -> #VALUE! | Y13: =AND('RC expenses'!E19,"AAAAAHv/DRg=") -> #VALUE! | Z13: =AND('RC expenses'!F19,"AAAAAHv/DRk=") -> #VALUE! | AA13: =AND('RC expenses'!G19,"AAAAAHv/DRo=") -> #VALUE! | AB13: =AND('RC expenses'!H19,"AAAAAHv/DRs=") -> #VALUE! | AC13: =AND('RC expenses'!E20,"AAAAAHv/DRw=") -> #VALUE! | AD13: =AND('RC expenses'!F20,"AAAAAHv/DR0=") -> #VALUE! | AE13: =AND('RC expenses'!G20,"AAAAAHv/DR4=") -> #VALUE! | AF13: =AND('RC expenses'!H20,"AAAAAHv/DR8=") -> #VALUE! | AG13: =AND('RC expenses'!#REF!,"AAAAAHv/DSA=") -> #REF! | AH13: =AND('RC expenses'!#REF!,"AAAAAHv/DSE=") -> #REF! | AI13: =AND('RC expenses'!#REF!,"AAAAAHv/DSI=") -> #REF! | AJ13: =AND('RC expenses'!#REF!,"AAAAAHv/DSM=") -> #REF! | AK13: =AND('RC expenses'!E22,"AAAAAHv/DSQ=") -> #VALUE! | AL13: =AND('RC expenses'!F22,"AAAAAHv/DSU=") -> #VALUE! | AM13: =AND('RC expenses'!G22,"AAAAAHv/DSY=") -> #VALUE! | AN13: =AND('RC expenses'!H22,"AAAAAHv/DSc=") -> #VALUE! | AO13: =AND('RC expenses'!E21,"AAAAAHv/DSg=") -> #VALUE! | AP13: =AND('RC expenses'!F21,"AAAAAHv/DSk=") -> #VALUE! | AQ13: =AND('RC expenses'!G21,"AAAAAHv/DSo=") -> #VALUE! | AR13: =AND('RC expenses'!H21,"AAAAAHv/DSs=") -> #VALUE! | AS13: =AND('RC expenses'!E24,"AAAAAHv/DSw=") -> #VALUE! | AT13: =AND('RC expenses'!F24,"AAAAAHv/DS0=") -> #VALUE! | AU13: =AND('RC expenses'!G24,"AAAAAHv/DS4=") -> #VALUE! | AV13: =AND('RC expenses'!H24,"AAAAAHv/DS8=") -> #VALUE! | AW13: =AND('RC expenses'!E25,"AAAAAHv/DTA=") -> #VALUE! | AX13: =AND('RC expenses'!F25,"AAAAAHv/DTE=") -> #VALUE! | AY13: =AND('RC expenses'!G25,"AAAAAHv/DTI=") -> #VALUE! | AZ13: =AND('RC expenses'!H25,"AAAAAHv/DTM=") -> #VALUE! | BA13: =AND('RC expenses'!E26,"AAAAAHv/DTQ=") -> #VALUE! | BB13: =AND('RC expenses'!F26,"AAAAAHv/DTU=") -> #VALUE! | BC13: =AND('RC expenses'!G26,"AAAAAHv/DTY=") -> #VALUE! | BD13: =AND('RC expenses'!H26,"AAAAAHv/DTc=") -> #VALUE! | BE13: =AND('RC expenses'!E27,"AAAAAHv/DTg=") -> #VALUE! | BF13: =AND('RC expenses'!F27,"AAAAAHv/DTk=") -> #VALUE! | BG13: =AND('RC expenses'!G27,"AAAAAHv/DTo=") -> #VALUE! | BH13: =AND('RC expenses'!H27,"AAAAAHv/DTs=") -> #VALUE! | BI13: =AND('RC expenses'!E28,"AAAAAHv/DTw=") -> #VALUE! | BJ13: =AND('RC expenses'!F28,"AAAAAHv/DT0=") -> #VALUE! | BK13: =AND('RC expenses'!G28,"AAAAAHv/DT4=") -> #VALUE! | BL13: =AND('RC expenses'!H28,"AAAAAHv/DT8=") -> #VALUE! | BM13: =AND('RC expenses'!E29,"AAAAAHv/DUA=") -> #VALUE! | BN13: =AND('RC expenses'!F29,"AAAAAHv/DUE=") -> #VALUE! | BO13: =AND('RC expenses'!G29,"AAAAAHv/DUI=") -> #VALUE! | BP13: =AND('RC expenses'!H29,"AAAAAHv/DUM=") -> #VALUE! | BQ13: =AND('RC expenses'!E30,"AAAAAHv/DUQ=") -> #VALUE! | BR13: =AND('RC expenses'!F30,"AAAAAHv/DUU=") -> #VALUE! | BS13: =AND('RC expenses'!G30,"AAAAAHv/DUY=") -> #VALUE! | BT13: =AND('RC expenses'!H30,"AAAAAHv/DUc=") -> #VALUE! | BU13: 0 | BV13: 0 | BW13: =AND('Declaration Form'!A1,"AAAAAHv/DUo=") -> #VALUE! | BX13: =AND('Declaration Form'!B1,"AAAAAHv/DUs=") -> #VALUE! | BY13: =AND('Declaration Form'!C1,"AAAAAHv/DUw=") -> #VALUE! | BZ13: =AND('Declaration Form'!D1,"AAAAAHv/DU0=") -> #VALUE! | CA13: =AND('Declaration Form'!E1,"AAAAAHv/DU4=") -> #VALUE! | CB13: =AND('Declaration Form'!F1,"AAAAAHv/DU8=") -> #VALUE! | CC13: =AND('Declaration Form'!G1,"AAAAAHv/DVA=") -> #VALUE! | CD13: 0 | CE13: =AND('Declaration Form'!A2,"AAAAAHv/DVI=") -> #VALUE! | CF13: =AND('Declaration Form'!B2,"AAAAAHv/DVM=") -> #VALUE! | CG13: =AND('Declaration Form'!C2,"AAAAAHv/DVQ=") -> #VALUE! | CH13: =AND('Declaration Form'!D2,"AAAAAHv/DVU=") -> #VALUE! | CI13: =AND('Declaration Form'!E2,"AAAAAHv/DVY=") -> #VALUE! | CJ13: =AND('Declaration Form'!F2,"AAAAAHv/DVc=") -> #VALUE! | CK13: =AND('Declaration Form'!G2,"AAAAAHv/DVg=") -> #VALUE! | CL13: 0 | CM13: 0 | CN13: 0 | CO13: 0 | CP13: 0 | CQ13: 0 | CR13: 0 | CS13: 0 | CT13: =AND('Race Kit'!A1,"AAAAAHv/DWE=") -> #VALUE! | CU13: #VALUE!:notNumber
A14: =AND('Race Kit'!B1,"AAAAADL53QA=") -> #VALUE! | B14: =AND('Race Kit'!C1,"AAAAADL53QE=") -> #VALUE! | C14: =AND('Race Kit'!D1,"AAAAADL53QI=") -> #VALUE! | D14: =AND('Race Kit'!E1,"AAAAADL53QM=") -> #VALUE! | E14: #VALUE!:notNumber | F14: =AND('Race Kit'!A2,"AAAAADL53QU=") -> #VALUE! | G14: =AND('Race Kit'!B2,"AAAAADL53QY=") -> #VALUE! | H14: =AND('Race Kit'!C2,"AAAAADL53Qc=") -> #VALUE! | I14: =AND('Race Kit'!D2,"AAAAADL53Qg=") -> #VALUE! | J14: =AND('Race Kit'!E2,"AAAAADL53Qk=") -> #VALUE! | K14: 0 | L14: =AND('Race Kit'!A3,"AAAAADL53Qs=") -> #VALUE! | M14: =AND('Race Kit'!B3,"AAAAADL53Qw=") -> #VALUE! | N14: =AND('Race Kit'!C3,"AAAAADL53Q0=") -> #VALUE! | O14: =AND('Race Kit'!D3,"AAAAADL53Q4=") -> #VALUE! | P14: =AND('Race Kit'!E3,"AAAAADL53Q8=") -> #VALUE! | Q14: 0 | R14: =AND('Race Kit'!A4,"AAAAADL53RE=") -> #VALUE! | S14: =AND('Race Kit'!B4,"AAAAADL53RI=") -> #VALUE! | T14: =AND('Race Kit'!C4,"AAAAADL53RM=") -> #VALUE! | U14: =AND('Race Kit'!D4,"AAAAADL53RQ=") -> #VALUE! | V14: =AND('Race Kit'!E4,"AAAAADL53RU=") -> #VALUE! | W14: 0 | X14: =AND('Race Kit'!A5,"AAAAADL53Rc=") -> #VALUE! | Y14: =AND('Race Kit'!B5,"AAAAADL53Rg=") -> #VALUE! | Z14: =AND('Race Kit'!C5,"AAAAADL53Rk=") -> #VALUE! | AA14: =AND('Race Kit'!D5,"AAAAADL53Ro=") -> #VALUE! | AB14: =AND('Race Kit'!E5,"AAAAADL53Rs=") -> #VALUE! | AC14: 0 | AD14: =AND('Race Kit'!A6,"AAAAADL53R0=") -> #VALUE! | AE14: =AND('Race Kit'!B6,"AAAAADL53R4=") -> #VALUE! | AF14: =AND('Race Kit'!C6,"AAAAADL53R8=") -> #VALUE! | AG14: =AND('Race Kit'!D6,"AAAAADL53SA=") -> #VALUE! | AH14: =AND('Race Kit'!E6,"AAAAADL53SE=") -> #VALUE! | AI14: 0 | AJ14: =AND('Race Kit'!A7,"AAAAADL53SM=") -> #VALUE! | AK14: =AND('Race Kit'!B7,"AAAAADL53SQ=") -> #VALUE! | AL14: =AND('Race Kit'!C7,"AAAAADL53SU=") -> #VALUE! | AM14: =AND('Race Kit'!D7,"AAAAADL53SY=") -> #VALUE! | AN14: =AND('Race Kit'!E7,"AAAAADL53Sc=") -> #VALUE! | AO14: 0 | AP14: =AND('Race Kit'!A8,"AAAAADL53Sk=") -> #VALUE! | AQ14: =AND('Race Kit'!B8,"AAAAADL53So=") -> #VALUE! | AR14: =AND('Race Kit'!C8,"AAAAADL53Ss=") -> #VALUE! | AS14: =AND('Race Kit'!D8,"AAAAADL53Sw=") -> #VALUE! | AT14: =AND('Race Kit'!E8,"AAAAADL53S0=") -> #VALUE! | AU14: 0 | AV14: =AND('Race Kit'!A9,"AAAAADL53S8=") -> #VALUE! | AW14: =AND('Race Kit'!B9,"AAAAADL53TA=") -> #VALUE! | AX14: =AND('Race Kit'!C9,"AAAAADL53TE=") -> #VALUE! | AY14: =AND('Race Kit'!D9,"AAAAADL53TI=") -> #VALUE! | AZ14: =AND('Race Kit'!E9,"AAAAADL53TM=") -> #VALUE! | BA14: 0 | BB14: =AND('Race Kit'!A10,"AAAAADL53TU=") -> #VALUE! | BC14: =AND('Race Kit'!B10,"AAAAADL53TY=") -> #VALUE! | BD14: =AND('Race Kit'!C10,"AAAAADL53Tc=") -> #VALUE! | BE14: =AND('Race Kit'!D10,"AAAAADL53Tg=") -> #VALUE! | BF14: =AND('Race Kit'!E10,"AAAAADL53Tk=") -> #VALUE! | BG14: 0 | BH14: =AND('Race Kit'!A11,"AAAAADL53Ts=") -> #VALUE! | BI14: =AND('Race Kit'!B11,"AAAAADL53Tw=") -> #VALUE! | BJ14: =AND('Race Kit'!C11,"AAAAADL53T0=") -> #VALUE! | BK14: =AND('Race Kit'!D11,"AAAAADL53T4=") -> #VALUE! | BL14: =AND('Race Kit'!E11,"AAAAADL53T8=") -> #VALUE! | BM14: 0 | BN14: =AND('Race Kit'!A12,"AAAAADL53UE=") -> #VALUE! | BO14: =AND('Race Kit'!B12,"AAAAADL53UI=") -> #VALUE! | BP14: =AND('Race Kit'!C12,"AAAAADL53UM=") -> #VALUE! | BQ14: =AND('Race Kit'!D12,"AAAAADL53UQ=") -> #VALUE! | BR14: =AND('Race Kit'!E12,"AAAAADL53UU=") -> #VALUE! | BS14: 0 | BT14: =AND('Race Kit'!A13,"AAAAADL53Uc=") -> #VALUE! | BU14: =AND('Race Kit'!B13,"AAAAADL53Ug=") -> #VALUE! | BV14: =AND('Race Kit'!C13,"AAAAADL53Uk=") -> #VALUE! | BW14: =AND('Race Kit'!D13,"AAAAADL53Uo=") -> #VALUE! | BX14: =AND('Race Kit'!E13,"AAAAADL53Us=") -> #VALUE! | BY14: 0 | BZ14: =AND('Race Kit'!A14,"AAAAADL53U0=") -> #VALUE! | CA14: =AND('Race Kit'!B14,"AAAAADL53U4=") -> #VALUE! | CB14: =AND('Race Kit'!C14,"AAAAADL53U8=") -> #VALUE! | CC14: =AND('Race Kit'!D14,"AAAAADL53VA=") -> #VALUE! | CD14: =AND('Race Kit'!E14,"AAAAADL53VE=") -> #VALUE! | CE14: 0 | CF14: =AND('Race Kit'!A15,"AAAAADL53VM=") -> #VALUE! | CG14: =AND('Race Kit'!B15,"AAAAADL53VQ=") -> #VALUE! | CH14: =AND('Race Kit'!C15,"AAAAADL53VU=") -> #VALUE! | CI14: =AND('Race Kit'!D15,"AAAAADL53VY=") -> #VALUE! | CJ14: =AND('Race Kit'!E15,"AAAAADL53Vc=") -> #VALUE! | CK14: 0 | CL14: =AND('Race Kit'!A16,"AAAAADL53Vk=") -> #VALUE! | CM14: =AND('Race Kit'!B16,"AAAAADL53Vo=") -> #VALUE! | CN14: =AND('Race Kit'!C16,"AAAAADL53Vs=") -> #VALUE! | CO14: =AND('Race Kit'!D16,"AAAAADL53Vw=") -> #VALUE! | CP14: =AND('Race Kit'!E16,"AAAAADL53V0=") -> #VALUE! | CQ14: 0 | CR14: =AND('Race Kit'!A17,"AAAAADL53V8=") -> #VALUE! | CS14: =AND('Race Kit'!B17,"AAAAADL53WA=") -> #VALUE! | CT14: =AND('Race Kit'!C17,"AAAAADL53WE=") -> #VALUE! | CU14: =AND('Race Kit'!D17,"AAAAADL53WI=") -> #VALUE! | CV14: =AND('Race Kit'!E17,"AAAAADL53WM=") -> #VALUE! | CW14: 0 | CX14: =AND('Race Kit'!A18,"AAAAADL53WU=") -> #VALUE! | CY14: =AND('Race Kit'!B18,"AAAAADL53WY=") -> #VALUE! | CZ14: =AND('Race Kit'!C18,"AAAAADL53Wc=") -> #VALUE! | DA14: =AND('Race Kit'!D18,"AAAAADL53Wg=") -> #VALUE! | DB14: =AND('Race Kit'!E18,"AAAAADL53Wk=") -> #VALUE! | DC14: 0 | DD14: =AND('Race Kit'!A19,"AAAAADL53Ws=") -> #VALUE! | DE14: =AND('Race Kit'!B19,"AAAAADL53Ww=") -> #VALUE! | DF14: =AND('Race Kit'!C19,"AAAAADL53W0=") -> #VALUE! | DG14: =AND('Race Kit'!D19,"AAAAADL53W4=") -> #VALUE! | DH14: =AND('Race Kit'!E19,"AAAAADL53W8=") -> #VALUE! | DI14: 0 | DJ14: =AND('Race Kit'!A20,"AAAAADL53XE=") -> #VALUE! | DK14: =AND('Race Kit'!B20,"AAAAADL53XI=") -> #VALUE! | DL14: =AND('Race Kit'!C20,"AAAAADL53XM=") -> #VALUE! | DM14: =AND('Race Kit'!D20,"AAAAADL53XQ=") -> #VALUE! | DN14: =AND('Race Kit'!E20,"AAAAADL53XU=") -> #VALUE! | DO14: 0 | DP14: =AND('Race Kit'!A21,"AAAAADL53Xc=") -> #VALUE! | DQ14: =AND('Race Kit'!B21,"AAAAADL53Xg=") -> #VALUE! | DR14: =AND('Race Kit'!C21,"AAAAADL53Xk=") -> #VALUE! | DS14: =AND('Race Kit'!D21,"AAAAADL53Xo=") -> #VALUE! | DT14: =AND('Race Kit'!E21,"AAAAADL53Xs=") -> #VALUE! | DU14: 0 | DV14: =AND('Race Kit'!A22,"AAAAADL53X0=") -> #VALUE! | DW14: =AND('Race Kit'!B22,"AAAAADL53X4=") -> #VALUE! | DX14: =AND('Race Kit'!C22,"AAAAADL53X8=") -> #VALUE! | DY14: =AND('Race Kit'!D22,"AAAAADL53YA=") -> #VALUE! | DZ14: =AND('Race Kit'!E22,"AAAAADL53YE=") -> #VALUE! | EA14: 0 | EB14: =AND('Race Kit'!A23,"AAAAADL53YM=") -> #VALUE! | EC14: =AND('Race Kit'!B23,"AAAAADL53YQ=") -> #VALUE! | ED14: =AND('Race Kit'!C23,"AAAAADL53YU=") -> #VALUE! | EE14: =AND('Race Kit'!D23,"AAAAADL53YY=") -> #VALUE! | EF14: =AND('Race Kit'!E23,"AAAAADL53Yc=") -> #VALUE! | EG14: 0 | EH14: =AND('Race Kit'!A24,"AAAAADL53Yk=") -> #VALUE! | EI14: =AND('Race Kit'!B24,"AAAAADL53Yo=") -> #VALUE! | EJ14: =AND('Race Kit'!C24,"AAAAADL53Ys=") -> #VALUE! | EK14: =AND('Race Kit'!D24,"AAAAADL53Yw=") -> #VALUE! | EL14: =AND('Race Kit'!E24,"AAAAADL53Y0=") -> #VALUE! | EM14: 0 | EN14: =AND('Race Kit'!A25,"AAAAADL53Y8=") -> #VALUE! | EO14: =AND('Race Kit'!B25,"AAAAADL53ZA=") -> #VALUE! | EP14: =AND('Race Kit'!C25,"AAAAADL53ZE=") -> #VALUE! | EQ14: =AND('Race Kit'!D25,"AAAAADL53ZI=") -> #VALUE! | ER14: =AND('Race Kit'!E25,"AAAAADL53ZM=") -> #VALUE! | ES14: 0 | ET14: =AND('Race Kit'!A26,"AAAAADL53ZU=") -> #VALUE! | EU14: =AND('Race Kit'!B26,"AAAAADL53ZY=") -> #VALUE! | EV14: =AND('Race Kit'!C26,"AAAAADL53Zc=") -> #VALUE! | EW14: =AND('Race Kit'!D26,"AAAAADL53Zg=") -> #VALUE! | EX14: =AND('Race Kit'!E26,"AAAAADL53Zk=") -> #VALUE! | EY14: 0 | EZ14: =AND('Race Kit'!A27,"AAAAADL53Zs=") -> #VALUE! | FA14: =AND('Race Kit'!B27,"AAAAADL53Zw=") -> #VALUE! | FB14: =AND('Race Kit'!C27,"AAAAADL53Z0=") -> #VALUE! | FC14: =AND('Race Kit'!D27,"AAAAADL53Z4=") -> #VALUE! | FD14: =AND('Race Kit'!E27,"AAAAADL53Z8=") -> #VALUE! | FE14: 0 | FF14: =AND('Race Kit'!A28,"AAAAADL53aE=") -> #VALUE! | FG14: =AND('Race Kit'!B28,"AAAAADL53aI=") -> #VALUE! | FH14: =AND('Race Kit'!C28,"AAAAADL53aM=") -> #VALUE! | FI14: =AND('Race Kit'!D28,"AAAAADL53aQ=") -> #VALUE! | FJ14: =AND('Race Kit'!E28,"AAAAADL53aU=") -> #VALUE! | FK14: 0 | FL14: =AND('Race Kit'!A29,"AAAAADL53ac=") -> #VALUE! | FM14: =AND('Race Kit'!B29,"AAAAADL53ag=") -> #VALUE! | FN14: =AND('Race Kit'!C29,"AAAAADL53ak=") -> #VALUE! | FO14: =AND('Race Kit'!D29,"AAAAADL53ao=") -> #VALUE! | FP14: =AND('Race Kit'!E29,"AAAAADL53as=") -> #VALUE! | FQ14: 0 | FR14: =AND('Race Kit'!A30,"AAAAADL53a0=") -> #VALUE! | FS14: =AND('Race Kit'!B30,"AAAAADL53a4=") -> #VALUE! | FT14: =AND('Race Kit'!C30,"AAAAADL53a8=") -> #VALUE! | FU14: =AND('Race Kit'!D30,"AAAAADL53bA=") -> #VALUE! | FV14: =AND('Race Kit'!E30,"AAAAADL53bE=") -> #VALUE! | FW14: 0 | FX14: =AND('Race Kit'!A31,"AAAAADL53bM=") -> #VALUE! | FY14: =AND('Race Kit'!B31,"AAAAADL53bQ=") -> #VALUE! | FZ14: =AND('Race Kit'!C31,"AAAAADL53bU=") -> #VALUE! | GA14: =AND('Race Kit'!D31,"AAAAADL53bY=") -> #VALUE! | GB14: =AND('Race Kit'!E31,"AAAAADL53bc=") -> #VALUE! | GC14: 0 | GD14: =AND('Race Kit'!A32,"AAAAADL53bk=") -> #VALUE! | GE14: =AND('Race Kit'!B32,"AAAAADL53bo=") -> #VALUE! | GF14: =AND('Race Kit'!C32,"AAAAADL53bs=") -> #VALUE! | GG14: =AND('Race Kit'!D32,"AAAAADL53bw=") -> #VALUE! | GH14: =AND('Race Kit'!E32,"AAAAADL53b0=") -> #VALUE! | GI14: 0 | GJ14: =AND('Race Kit'!A33,"AAAAADL53b8=") -> #VALUE! | GK14: =AND('Race Kit'!B33,"AAAAADL53cA=") -> #VALUE! | GL14: =AND('Race Kit'!C33,"AAAAADL53cE=") -> #VALUE! | GM14: =AND('Race Kit'!D33,"AAAAADL53cI=") -> #VALUE! | GN14: =AND('Race Kit'!E33,"AAAAADL53cM=") -> #VALUE! | GO14: 0 | GP14: =AND('Race Kit'!A34,"AAAAADL53cU=") -> #VALUE! | GQ14: =AND('Race Kit'!B34,"AAAAADL53cY=") -> #VALUE! | GR14: =AND('Race Kit'!C34,"AAAAADL53cc=") -> #VALUE! | GS14: =AND('Race Kit'!D34,"AAAAADL53cg=") -> #VALUE! | GT14: =AND('Race Kit'!E34,"AAAAADL53ck=") -> #VALUE! | GU14: 0 | GV14: =AND('Race Kit'!A35,"AAAAADL53cs=") -> #VALUE! | GW14: =AND('Race Kit'!B35,"AAAAADL53cw=") -> #VALUE! | GX14: =AND('Race Kit'!C35,"AAAAADL53c0=") -> #VALUE! | GY14: =AND('Race Kit'!D35,"AAAAADL53c4=") -> #VALUE! | GZ14: =AND('Race Kit'!E35,"AAAAADL53c8=") -> #VALUE! | HA14: 0 | HB14: =AND('Race Kit'!A36,"AAAAADL53dE=") -> #VALUE! | HC14: =AND('Race Kit'!B36,"AAAAADL53dI=") -> #VALUE! | HD14: =AND('Race Kit'!C36,"AAAAADL53dM=") -> #VALUE! | HE14: =AND('Race Kit'!D36,"AAAAADL53dQ=") -> #VALUE! | HF14: =AND('Race Kit'!E36,"AAAAADL53dU=") -> #VALUE! | HG14: 0 | HH14: =AND('Race Kit'!A38,"AAAAADL53dc=") -> #VALUE! | HI14: =AND('Race Kit'!B38,"AAAAADL53dg=") -> #VALUE! | HJ14: =AND('Race Kit'!C38,"AAAAADL53dk=") -> #VALUE! | HK14: =AND('Race Kit'!D38,"AAAAADL53do=") -> #VALUE! | HL14: =AND('Race Kit'!E38,"AAAAADL53ds=") -> #VALUE! | HM14: 0 | HN14: =AND('Race Kit'!A39,"AAAAADL53d0=") -> #VALUE! | HO14: =AND('Race Kit'!B39,"AAAAADL53d4=") -> #VALUE! | HP14: =AND('Race Kit'!C39,"AAAAADL53d8=") -> #VALUE! | HQ14: =AND('Race Kit'!D39,"AAAAADL53eA=") -> #VALUE! | HR14: =AND('Race Kit'!E39,"AAAAADL53eE=") -> #VALUE! | HS14: 0 | HT14: =AND('Race Kit'!A40,"AAAAADL53eM=") -> #VALUE! | HU14: =AND('Race Kit'!B40,"AAAAADL53eQ=") -> #VALUE! | HV14: =AND('Race Kit'!C40,"AAAAADL53eU=") -> #VALUE! | HW14: =AND('Race Kit'!D40,"AAAAADL53eY=") -> #VALUE! | HX14: =AND('Race Kit'!E40,"AAAAADL53ec=") -> #VALUE! | HY14: 0 | HZ14: =AND('Race Kit'!A41,"AAAAADL53ek=") -> #VALUE! | IA14: =AND('Race Kit'!B41,"AAAAADL53eo=") -> #VALUE! | IB14: =AND('Race Kit'!C41,"AAAAADL53es=") -> #VALUE! | IC14: =AND('Race Kit'!D41,"AAAAADL53ew=") -> #VALUE! | ID14: =AND('Race Kit'!E41,"AAAAADL53e0=") -> #VALUE! | IE14: 0 | IF14: =AND('Race Kit'!A42,"AAAAADL53e8=") -> #VALUE! | IG14: =AND('Race Kit'!B42,"AAAAADL53fA=") -> #VALUE! | IH14: =AND('Race Kit'!C42,"AAAAADL53fE=") -> #VALUE! | II14: =AND('Race Kit'!D42,"AAAAADL53fI=") -> #VALUE! | IJ14: =AND('Race Kit'!E42,"AAAAADL53fM=") -> #VALUE! | IK14: 0 | IL14: =AND('Race Kit'!A43,"AAAAADL53fU=") -> #VALUE! | IM14: =AND('Race Kit'!B43,"AAAAADL53fY=") -> #VALUE! | IN14: =AND('Race Kit'!C43,"AAAAADL53fc=") -> #VALUE! | IO14: =AND('Race Kit'!D43,"AAAAADL53fg=") -> #VALUE! | IP14: =AND('Race Kit'!E43,"AAAAADL53fk=") -> #VALUE! | IQ14: 0 | IR14: =AND('Race Kit'!A44,"AAAAADL53fs=") -> #VALUE! | IS14: =AND('Race Kit'!B44,"AAAAADL53fw=") -> #VALUE! | IT14: =AND('Race Kit'!C44,"AAAAADL53f0=") -> #VALUE! | IU14: =AND('Race Kit'!D44,"AAAAADL53f4=") -> #VALUE! | IV14: =AND('Race Kit'!E44,"AAAAADL53f8=") -> #VALUE!
A15: #VALUE!:notNumber | B15: =AND('Race Kit'!A45,"AAAAAFex7wE=") -> #VALUE! | C15: =AND('Race Kit'!B45,"AAAAAFex7wI=") -> #VALUE! | D15: =AND('Race Kit'!C45,"AAAAAFex7wM=") -> #VALUE! | E15: =AND('Race Kit'!D45,"AAAAAFex7wQ=") -> #VALUE! | F15: =AND('Race Kit'!E45,"AAAAAFex7wU=") -> #VALUE! | G15: 0 | H15: =AND('Race Kit'!A46,"AAAAAFex7wc=") -> #VALUE! | I15: =AND('Race Kit'!B46,"AAAAAFex7wg=") -> #VALUE! | J15: =AND('Race Kit'!C46,"AAAAAFex7wk=") -> #VALUE! | K15: =AND('Race Kit'!D46,"AAAAAFex7wo=") -> #VALUE! | L15: =AND('Race Kit'!E46,"AAAAAFex7ws=") -> #VALUE! | M15: 0 | N15: =AND('Race Kit'!A47,"AAAAAFex7w0=") -> #VALUE! | O15: =AND('Race Kit'!B47,"AAAAAFex7w4=") -> #VALUE! | P15: =AND('Race Kit'!C47,"AAAAAFex7w8=") -> #VALUE! | Q15: =AND('Race Kit'!D47,"AAAAAFex7xA=") -> #VALUE! | R15: =AND('Race Kit'!E47,"AAAAAFex7xE=") -> #VALUE! | S15: 0 | T15: =AND('Race Kit'!A48,"AAAAAFex7xM=") -> #VALUE! | U15: =AND('Race Kit'!B48,"AAAAAFex7xQ=") -> #VALUE! | V15: =AND('Race Kit'!C48,"AAAAAFex7xU=") -> #VALUE! | W15: =AND('Race Kit'!D48,"AAAAAFex7xY=") -> #VALUE! | X15: =AND('Race Kit'!E48,"AAAAAFex7xc=") -> #VALUE! | Y15: 0 | Z15: =AND('Race Kit'!A49,"AAAAAFex7xk=") -> #VALUE! | AA15: =AND('Race Kit'!B49,"AAAAAFex7xo=") -> #VALUE! | AB15: =AND('Race Kit'!C49,"AAAAAFex7xs=") -> #VALUE! | AC15: =AND('Race Kit'!D49,"AAAAAFex7xw=") -> #VALUE! | AD15: =AND('Race Kit'!E49,"AAAAAFex7x0=") -> #VALUE! | AE15: 0 | AF15: =AND('Race Kit'!A50,"AAAAAFex7x8=") -> #VALUE! | AG15: =AND('Race Kit'!B50,"AAAAAFex7yA=") -> #VALUE! | AH15: =AND('Race Kit'!C50,"AAAAAFex7yE=") -> #VALUE! | AI15: =AND('Race Kit'!D50,"AAAAAFex7yI=") -> #VALUE! | AJ15: =AND('Race Kit'!E50,"AAAAAFex7yM=") -> #VALUE! | AK15: 0 | AL15: =AND('Race Kit'!A51,"AAAAAFex7yU=") -> #VALUE! | AM15: =AND('Race Kit'!B51,"AAAAAFex7yY=") -> #VALUE! | AN15: =AND('Race Kit'!C51,"AAAAAFex7yc=") -> #VALUE! | AO15: =AND('Race Kit'!D51,"AAAAAFex7yg=") -> #VALUE! | AP15: =AND('Race Kit'!E51,"AAAAAFex7yk=") -> #VALUE! | AQ15: 0 | AR15: =AND('Race Kit'!A52,"AAAAAFex7ys=") -> #VALUE! | AS15: =AND('Race Kit'!B52,"AAAAAFex7yw=") -> #VALUE! | AT15: =AND('Race Kit'!C52,"AAAAAFex7y0=") -> #VALUE! | AU15: =AND('Race Kit'!D52,"AAAAAFex7y4=") -> #VALUE! | AV15: =AND('Race Kit'!E52,"AAAAAFex7y8=") -> #VALUE! | AW15: 0 | AX15: =AND('Race Kit'!A53,"AAAAAFex7zE=") -> #VALUE! | AY15: =AND('Race Kit'!B53,"AAAAAFex7zI=") -> #VALUE! | AZ15: =AND('Race Kit'!C53,"AAAAAFex7zM=") -> #VALUE! | BA15: =AND('Race Kit'!D53,"AAAAAFex7zQ=") -> #VALUE! | BB15: =AND('Race Kit'!E53,"AAAAAFex7zU=") -> #VALUE! | BC15: 0 | BD15: =AND('Race Kit'!A54,"AAAAAFex7zc=") -> #VALUE! | BE15: =AND('Race Kit'!B54,"AAAAAFex7zg=") -> #VALUE! | BF15: =AND('Race Kit'!C54,"AAAAAFex7zk=") -> #VALUE! | BG15: =AND('Race Kit'!D54,"AAAAAFex7zo=") -> #VALUE! | BH15: =AND('Race Kit'!E54,"AAAAAFex7zs=") -> #VALUE! | BI15: 0 | BJ15: =AND('Race Kit'!A55,"AAAAAFex7z0=") -> #VALUE! | BK15: =AND('Race Kit'!B55,"AAAAAFex7z4=") -> #VALUE! | BL15: =AND('Race Kit'!C55,"AAAAAFex7z8=") -> #VALUE! | BM15: =AND('Race Kit'!D55,"AAAAAFex70A=") -> #VALUE! | BN15: =AND('Race Kit'!E55,"AAAAAFex70E=") -> #VALUE! | BO15: 0 | BP15: =AND('Race Kit'!A56,"AAAAAFex70M=") -> #VALUE! | BQ15: =AND('Race Kit'!B56,"AAAAAFex70Q=") -> #VALUE! | BR15: =AND('Race Kit'!C56,"AAAAAFex70U=") -> #VALUE! | BS15: =AND('Race Kit'!D56,"AAAAAFex70Y=") -> #VALUE! | BT15: 0 | BU15: =AND('Race Kit'!A57,"AAAAAFex70g=") -> #VALUE! | BV15: =AND('Race Kit'!B57,"AAAAAFex70k=") -> #VALUE! | BW15: =AND('Race Kit'!C57,"AAAAAFex70o=") -> #VALUE! | BX15: =AND('Race Kit'!D57,"AAAAAFex70s=") -> #VALUE! | BY15: 0 | BZ15: =AND('Race Kit'!A58,"AAAAAFex700=") -> #VALUE! | CA15: =AND('Race Kit'!B58,"AAAAAFex704=") -> #VALUE! | CB15: =AND('Race Kit'!C58,"AAAAAFex708=") -> #VALUE! | CC15: =AND('Race Kit'!D58,"AAAAAFex71A=") -> #VALUE! | CD15: 0 | CE15: =AND('Race Kit'!A59,"AAAAAFex71I=") -> #VALUE! | CF15: =AND('Race Kit'!B59,"AAAAAFex71M=") -> #VALUE! | CG15: =AND('Race Kit'!C59,"AAAAAFex71Q=") -> #VALUE! | CH15: =AND('Race Kit'!D59,"AAAAAFex71U=") -> #VALUE! | CI15: 0 | CJ15: =AND('Race Kit'!A60,"AAAAAFex71c=") -> #VALUE! | CK15: =AND('Race Kit'!B60,"AAAAAFex71g=") -> #VALUE! | CL15: =AND('Race Kit'!C60,"AAAAAFex71k=") -> #VALUE! | CM15: =AND('Race Kit'!D60,"AAAAAFex71o=") -> #VALUE! | CN15: 0 | CO15: =AND('Race Kit'!A61,"AAAAAFex71w=") -> #VALUE! | CP15: =AND('Race Kit'!B61,"AAAAAFex710=") -> #VALUE! | CQ15: =AND('Race Kit'!C61,"AAAAAFex714=") -> #VALUE! | CR15: =AND('Race Kit'!D61,"AAAAAFex718=") -> #VALUE! | CS15: #VALUE!:notNumber | CT15: AAAAAFex72E= | CU15: 0 | CV15: #VALUE!:notNumber
A16: =AND('Declaration Form'!H1,"AAAAAH3r/QA=") -> #VALUE! | B16: =AND('Declaration Form'!I1,"AAAAAH3r/QE=") -> #VALUE! | C16: =AND('Declaration Form'!J1,"AAAAAH3r/QI=") -> #VALUE! | D16: =AND('Declaration Form'!K1,"AAAAAH3r/QM=") -> #VALUE! | E16: =AND('Declaration Form'!H2,"AAAAAH3r/QQ=") -> #VALUE! | F16: =AND('Declaration Form'!I2,"AAAAAH3r/QU=") -> #VALUE! | G16: =AND('Declaration Form'!J2,"AAAAAH3r/QY=") -> #VALUE! | H16: =AND('Declaration Form'!K2,"AAAAAH3r/Qc=") -> #VALUE! | I16: 0 | J16: 0 | K16: 0 | L16: 0
A17: #VALUE!:notNumber | B17: =AND('Scoring Inquiry'!A1,"AAAAAC3v2gE=") -> #VALUE! | C17: =AND('Scoring Inquiry'!B1,"AAAAAC3v2gI=") -> #VALUE! | D17: =AND('Scoring Inquiry'!C1,"AAAAAC3v2gM=") -> #VALUE! | E17: =AND('Scoring Inquiry'!D1,"AAAAAC3v2gQ=") -> #VALUE! | F17: =AND('Scoring Inquiry'!E1,"AAAAAC3v2gU=") -> #VALUE! | G17: =AND('Scoring Inquiry'!F1,"AAAAAC3v2gY=") -> #VALUE! | H17: =AND('Scoring Inquiry'!G1,"AAAAAC3v2gc=") -> #VALUE! | I17: =AND('Scoring Inquiry'!H1,"AAAAAC3v2gg=") -> #VALUE! | J17: =AND('Scoring Inquiry'!I1,"AAAAAC3v2gk=") -> #VALUE! | K17: =AND('Scoring Inquiry'!J1,"AAAAAC3v2go=") -> #VALUE! | L17: =AND('Scoring Inquiry'!K1,"AAAAAC3v2gs=") -> #VALUE! | M17: 0 | N17: =AND('Scoring Inquiry'!A2,"AAAAAC3v2g0=") -> #VALUE! | O17: =AND('Scoring Inquiry'!B2,"AAAAAC3v2g4=") -> #VALUE! | P17: =AND('Scoring Inquiry'!C2,"AAAAAC3v2g8=") -> #VALUE! | Q17: =AND('Scoring Inquiry'!D2,"AAAAAC3v2hA=") -> #VALUE! | R17: =AND('Scoring Inquiry'!E2,"AAAAAC3v2hE=") -> #VALUE! | S17: =AND('Scoring Inquiry'!F2,"AAAAAC3v2hI=") -> #VALUE! | T17: =AND('Scoring Inquiry'!G2,"AAAAAC3v2hM=") -> #VALUE! | U17: =AND('Scoring Inquiry'!H2,"AAAAAC3v2hQ=") -> #VALUE! | V17: =AND('Scoring Inquiry'!I2,"AAAAAC3v2hU=") -> #VALUE! | W17: =AND('Scoring Inquiry'!J2,"AAAAAC3v2hY=") -> #VALUE! | X17: =AND('Scoring Inquiry'!K2,"AAAAAC3v2hc=") -> #VALUE! | Y17: 0 | Z17: 0 | AA17: 0 | AB17: 0 | AC17: 0 | AD17: 0 | AE17: 0 | AF17: 0 | AG17: 0 | AH17: 0 | AI17: 0 | AJ17: 0 | AK17: =AND(Skippers!A1,"AAAAAC3v2iQ=") -> #VALUE! | AL17: #VALUE!:notNumber
A18: =AND('Race Kit'!E56,"AAAAAC3nzwA=") -> #VALUE!
A19: =AND(Duty!O1,"AAAAAH//7QA=") -> #VALUE! | B19: =AND(Duty!#REF!,"AAAAAH//7QE=") -> #REF! | C19: =AND(Duty!#REF!,"AAAAAH//7QI=") -> #REF! | D19: =AND(Duty!#REF!,"AAAAAH//7QM=") -> #REF! | E19: =AND(Duty!#REF!,"AAAAAH//7QQ=") -> #REF! | F19: =AND(Duty!#REF!,"AAAAAH//7QU=") -> #REF! | G19: =AND(Duty!#REF!,"AAAAAH//7QY=") -> #REF! | H19: =AND(Duty!#REF!,"AAAAAH//7Qc=") -> #REF! | I19: =AND(Duty!#REF!,"AAAAAH//7Qg=") -> #REF! | J19: =AND(Duty!#REF!,"AAAAAH//7Qk=") -> #REF! | K19: =AND(Duty!#REF!,"AAAAAH//7Qo=") -> #REF! | L19: =AND(Duty!#REF!,"AAAAAH//7Qs=") -> #REF! | M19: =AND(Duty!#REF!,"AAAAAH//7Qw=") -> #REF! | N19: =AND(Duty!#REF!,"AAAAAH//7Q0=") -> #REF! | O19: =AND(Duty!#REF!,"AAAAAH//7Q4=") -> #REF! | P19: =AND(Duty!#REF!,"AAAAAH//7Q8=") -> #REF! | Q19: =AND(Duty!#REF!,"AAAAAH//7RA=") -> #REF! | R19: =AND(Duty!#REF!,"AAAAAH//7RE=") -> #REF! | S19: =AND(Duty!#REF!,"AAAAAH//7RI=") -> #REF! | T19: =AND(Duty!#REF!,"AAAAAH//7RM=") -> #REF! | U19: =AND(Duty!#REF!,"AAAAAH//7RQ=") -> #REF! | V19: =AND(Duty!#REF!,"AAAAAH//7RU=") -> #REF! | W19: =AND(Duty!#REF!,"AAAAAH//7RY=") -> #REF! | X19: =AND(Duty!#REF!,"AAAAAH//7Rc=") -> #REF! | Y19: =AND(Duty!#REF!,"AAAAAH//7Rg=") -> #REF! | Z19: =AND(Duty!#REF!,"AAAAAH//7Rk=") -> #REF! | AA19: =AND(Duty!#REF!,"AAAAAH//7Ro=") -> #REF! | AB19: =AND(Duty!#REF!,"AAAAAH//7Rs=") -> #REF! | AC19: =AND(Duty!#REF!,"AAAAAH//7Rw=") -> #REF! | AD19: =AND(Duty!#REF!,"AAAAAH//7R0=") -> #REF! | AE19: =AND(Duty!#REF!,"AAAAAH//7R4=") -> #REF! | AF19: 0
A20: =IF("N",ROARS!_xlnm._FilterDatabase,"AAAAAH393wA=") -> #VALUE!
A21: =AND(Skippers!C1,"AAAAAH155wA=") -> #VALUE! | B21: =AND(Skippers!D1,"AAAAAH155wE=") -> #VALUE! | C21: =AND(Skippers!E1,"AAAAAH155wI=") -> #VALUE! | D21: =AND(Skippers!F1,"AAAAAH155wM=") -> #VALUE! | E21: =AND(Skippers!I1,"AAAAAH155wQ=") -> #VALUE! | F21: =AND(Skippers!J1,"AAAAAH155wU=") -> #VALUE! | G21: AAAAAH155wY= | H21: =AND(Skippers!A3,"AAAAAH155wc=") -> #VALUE! | I21: =AND(Skippers!C3,"AAAAAH155wg=") -> #VALUE! | J21: =AND(Skippers!D3,"AAAAAH155wk=") -> #VALUE! | K21: =AND(Skippers!E3,"AAAAAH155wo=") -> #VALUE! | L21: 0 | M21: 0 | N21: 0 | O21: 0 | P21: 0 | Q21: 0

Sheet Race Kit
A1: Recommended Equipment | B1: Location | C1: Quantity | D1: Value | E1: Comment
A2: air horns, extra air canisters | B2: green tub | C2: 2 | D2: 15 | E2: green tub in dock box
A3: boat anchor, 6ft chain & 200ft line | B3: 91 | C3: 1 | D3: 200 | E3: another 100 ft line available in dockbox
A4: anemometer, green | B4: green tub | C4: 1 | D4: 100
A5: batteries, spare for devices | B5: green tub | C5: 1 | D5: 5 | E5: AA + AAA zip bag
A6: binoculars | B6: - | E6: available special occasions
A7: Boat hook | B7: 91 | C7: 1 | D7: 20
A8: chart(s), NOAA 13223 waterproof | B8: notebook | C8: 1 | E8: notebook in green tub
A9: clipboard | B9: green tub | C9: 1 | D9: 5
A10: Compass; hand bearing, blue | B10: green tub | C10: 1 | D10: 100
A11: Coast Guard equipment, required | B11: super tide | E11: 3 flares & fire bottle. Type IV, air horn MWR
A12: dry-erase markers, black, with eraser | B12: green tub | C12: 1 | D12: 3
A13: duct tape | B13: green tub | C13: 1 | D13: 5 | E13: zip bag
A14: electrical ties ("zip" ties) package | B14: green tub | C14: 1 | D14: 10
A15: emergency contacts, phone and VHF | B15: notebook | C15: 1 | E15: SBRC
A16: entry lists, by sail number | B16: notebook | C16: 1 | E16: worksheets on/in clipboard
A17: finish/start pin ground tackle (#12 mushroom w/ 60ft line (nylon) | B17: dock box | C17: 1 | D17: 75 | E17: Tackle in orange HD bucket
A18: Flag decoder (in RRS) | B18: green tub | C18: 11 | E18: decal on green tub
A19: flags: letters & pennants | B19: green tub | C19: 1 | E19: MCS YOLNA in zip bags
A20: flag, class R19 | B20: 91 | C20: 1 | D20: 100 | E20: Pvc pole 8 ft
A21: Flag, class = Shields | B21: 91 | C21: 1 | D21: 100 | E21: Pvc pole 8 ft
A22: flag, AP (postpone) | B22: 91 | C22: 1 | D22: 10 | E22: Pvc pole - flag replaced 2013
A23: flag, Race Committee (blue) | B23: 91 | C23: 1 | D23: 25 | E23: Pvc pole - flag replaced 2013
A24: Flag, Race Committee (yellow) | B24: 91 | C24: 1 | D24: 20 | E24: Pvc Pole
A25: Flag, pin (yellow) w/ O/S p buoy | B25: 91 | C25: 1 | D25: 10 | E25: Pvc pole - flag replaced 2013
A26: flag, Prep | B26: 91 | C26: 1 | D26: 10 | E26: Pvc pole 8 ft - new flag 2013
A27: flag, starting (orange) line | B27: 91 | C27: 1 | D27: 10 | E27: Pvc pole
A28: flag, finishing (blue) line | B28: 91 | C28: 1 | D28: 10 | E28: Pvc pole - flag replaced 2013
A29: flags, recall individual and general | B29: 91 | C29: 1 | D29: 10 | E29: Wood dbl ended
A30: food, water & soft drinks | B30: - | E30: bring your own
A31: Tow line w/ bridle | B31: super tide | E31: mounted
A32: knife | B32: green tub | C32: 1 | E32: zip bag
A33: loud hailer | B33: dock box | C33: 1 | D33: 50 | E33: replaced in 2013
A34: Notice of Race | B34: notebook | C34: 1
A35: Ollie Starting Machine with trumpets | B35: green tub | C35: 1 | D35: 750 | E35: case cracked - rebuild in winter 2014
A36: paper & pencils, mechanical | B36: green tub | C36: 1 | E36: zip bag
A37: starting/finish pin offshore Hy-flier buoy | B37: 91 | C37: 1 | D37: 100 | E37: temporary replacement 2013
A38: personal flotation devices ("PFDs") | B38: - | E38: bring your own or get from MWR
A39: PVC holders for poles (larger diameter) | B39: super tide | C39: 2 | E39: 4 mounted in ST; 4 spares in dock box
A40: Racing Rules of Sailing (rule book) 2013-2016 | B40: green tub | C40: 1 | D40: 25 | E40: zip bag
A41: RC forms: CHNYC worksheet | B41: notebook | C41: 12
A42: Race Chart - South Bay (extras) | B42: green tub | C42: 4 | E42: rolled around PVC pipe
A43: Sailing Instructions | B43: notebook | C43: 4
A44: tide tables | B44: notebook | C44: 1
A45: VHF handheld radios & charger | B45: green tub | C45: 1 | D45: 125 | E45: charger & manual in zip bag
A46: Voice recorder | B46: green tub | C46: 1 | D46: 40 | E46: zip bag
A47: watches or timer | B47: green tub | C47: 1 | D47: 20 | E47: zip bag
A48: whistle, on a lanyard | B48: green tub | C48: 1 | D48: 3 | E48: Looped on Ollie & clipboard
A49: white board | B49: dock box | C49: 1 | D49: 20 | E49: replaced in 2013
A50: Zip-lock bags | B50: green tub | C50: 1 | E50: spares
A51: 5ft inflatable tetra (orange) | B51: garage | C51: 1 | D51: 700 | E51: leaks at fill
A52: Spare anchors and tackle (2) | B52: garage | C52: 1 | D52: 100
A53: Ollie spare horn, compressor | B53: garage | C53: 1 | D53: 40
A54: SRM 15 w/ tackle | B54: WNS model 6000 yellow | C54: 1 | D54: 500 | E54: NE Potters Cove, 120# dor-mor, 75# mushroom, 40ft chain, 10ft nylon
A55: Bema cylinder inflatable mark orange | B55: model 40 | C55: 1 | D55: 60 | E55: available special occasions
A56: "George" sounding device | C56: 1 | E56: available special occasions
D61: =SUM(D2:D60) -> 3376

Sheet Skippers
A1: Skipper | B1: waiver | C1: $ummer | D1: Win$low | E1: Fall$ | I1: Boat Summer | J1: Boat Fall | K1: Winslow
A2: 2013
A3: McDonald | C3: y | D3: y | E3: y | I3: 1 | J3: 1 | K3: 1
A4: GunzelmanCoupland | C4: y | D4: y | E4: y | I4: 12 | J4: 12 | K4: 12
A5: Lautieri/Schumacher | C5: y | D5: y | E5: y | I5: 5 | J5: ?
A6: Hayes/Matton | C6: y | D6: y | E6: y | I6: 19 | J6: 19
A7: DeAcentis/Stefani | C7: y | D7: y | E7: y | I7: 7 | J7: 5 | K7: 7
A8: Caldwell | C8: y | D8: y | E8: y | I8: 11 | J8: 13
A9: Incze | C9: y | D9: y | E9: y | I9: 13 | J9: 17
A10: Connelly | C10: y | D10: y | E10: y | I10: 14 | J10: 16
A11: Hanus | C11: y | D11: n | E11: ? | I11: 15 | J11: 7
A12: Schuldheiss | C12: y | D12: y | E12: y | I12: 16 | J12: 15
A13: Moyer/Viloudaki | C13: y | D13: y | E13: y | I13: 17 | J13: 18 | K13: 17
A14: Irwin/Mitchell | C14: y | D14: n | E14: y | I14: 18 | J14: 8
A16: Marrone | C16: n | D16: y | E16: n | K16: 19
A20: 2014
A21: McDonald
A22: Gunzelman/Coupland
A23: DeAscentis/Stefani | B23: 41668

Sheet Waivers
A1: Timestamp | B1: First Name | C1: Last Name | D1: Mailing Address | H1: Email Address | I1: Phone Number | J1: Boat Type | K1: Boat Sail Number/Name | L1: Skipper/Crew | M1: Club/Membership Number | N1: Series/Regatta | O1: Checkbox | P1: Comment | Q1: Checkbox
A2: 40890.522 | B2: chuck | C2: kesson | D2: 3 cypress st newport ri 02840 | H2: chuck.kesson@gmail.ccom | I2: 401 324-9324 | J2: 26' MWB | K2: Yoyo | L2: Co-skipper | M2: 2542 | P2: testing | Q2: Acknowledged
A3: 2012
A4: 40954.574 | B4: chuck | C4: kesson | H4: chuck.kesson@gmail.com | I4: 401 324-9324 | J4: mwb | K4: yoyo | L4: Co-skipper | M4: 2542 | P4: testing | Q4: Acknowledged
A5: 40991.392 | B5: Virginia | C5: Lautieri | D5: 13 Weatherly Ave | H5: Lauierig@aol.com | I5: 401-662-8100 | J5: Rhodes 19 | K5: 16 | L5: Skipper | M5: 3480 | P5: Would like boat #13 if possible. | Q5: Acknowledged
A6: 41005.443 | B6: JEFFREY | C6: STEFANI | D6: 1 MILL ST #1502, TIVERTON RI 02878 | H6: JEFFREY.STEFANI@DSCA.MIL | I6: 7039894597 | J6: RHODES | K6: 18 | L6: Co-skipper | M6: We have numbers? #3560 | Q6: Acknowledged
A7: 41005.524 | B7: Donna | C7: DeAscentis | D7: 129 Carroll Ave Newport, RI 02840 | H7: dmd2037@verizon.net | I7: 401-450-2704 | J7: Rhodes | K7: 18 | L7: Co-skipper | M7: 3555 | Q7: Acknowledged
A8: 41012.378 | B8: Steven | C8: Caldwell | D8: 17 Berkeley Ave Newport, RI 02840 | H8: steven.caldwell@cox.net | I8: 4016191666 | J8: Rhodes | K8: 6 | L8: Skipper | M8: 3416 | Q8: Acknowledged
A9: 41013.536 | B9: Linda | C9: Barbour | D9: 2828 | H9: lbarbour329@hotmail.com | I9: 401 286-6927 | J9: Rhodes 19 | K9: 6 | L9: Crew | M9: 3416 | Q9: Acknowledged
A10: 41013.737 | B10: Michael | C10: McDonald | D10: 113 Highland Ave, N.Dartmouth, MA 02747 | H10: mcdonaldmj46@hotmail.com | I10: 508.636.3138 | J10: Rhodes | K10: 13 / Ceres | L10: Skipper | M10: 3227 | Q10: Acknowledged
A11: 41013.746 | B11: Mark | C11: Fuller | D11: 21 School St. #2 | H11: mark.e.fuller@gmail.com | I11: 732-513-7119 | J11: N/A | L11: Crew | M11: 3591 | Q11: Acknowledged
A12: 41015.417 | B12: Debra | C12: Huntington | D12: 51 Lighthouse View Dr., Middletown RI 02842 | H12: ddhuntington@yahoo.com | I12: 401-368-6574 | J12: Rhodes | K12: 13/Ceres | L12: Crew | M12: ????? can't find it anywhere #3515 | Q12: Acknowledged
A13: 41015.622 | B13: Cheryl | C13: Cox | D13: 112 Locust ave. Portsmouth, RI 02871 | H13: oakrailsmom@aol.com | I13: 401-683-6337 | J13: Rhodes 19 | K13: # 13 | L13: Crew | M13: 3438 | Q13: Acknowledged
A14: 41016.79 | B14: michael | C14: connelly | D14: 85 woodmans trl, wakefield, ri 02879 | H14: meconnelly@cox.net | I14: 401-529-9575 | J14: Rhodes 19 | L14: Skipper | M14: 3549 | Q14: Acknowledged
A15: 41016.791 | B15: William | C15: Connelly | D15: 85 woodmans trl, wakefield, ri 02879 | H15: will_connelly@cox.net | I15: 401-529-5007 | J15: Rhodes 19 | L15: Crew | M15: 3549 | P15: Since crewmember is a minor, this is submitted by his father, Michael Connelly. | Q15: Acknowledged
A16: 41016.792 | B16: garrett | C16: Connelly | D16: 85 woodmans trl, wakefield, ri 02879 | H16: garrett_connelly@cox.net | I16: 401-529-7796 | J16: Rhodes 19 | L16: Crew | M16: 3549 | P16: Since crewmember is a minor, this is submitted by his father, Michael Connelly. | Q16: Acknowledged
A17: 41031.873 | B17: William | C17: Viloudaki | D17: 3 Plymouth Rd, Jamestown, RI 02835 | H17: scottvil47@aol.com | I17: 401-486-6277 | J17: Rhodes 19 | L17: Skipper | M17: 3060 | Q17: Acknowledged
A18: 41036.624 | B18: Jeff | C18: Schuldheiss | D18: 73 Catherine St Newport, RI 02840 | H18: jschuldheiss@gmail.com | I18: 703-447-7770 | J18: Rhodes | K18: #19 | L18: Skipper | M18: 3500 | Q18: Acknowledged
A19: 41048.367 | B19: RIchard | C19: Philips | D19: 30 Walnut Rd., Barrington, RI 02806 | H19: philirkcb@verizon.net | I19: 4012461350 | J19: Rhodes 19 | K19: Hulll # 14 | L19: Crew | M19: 3561 | P19: Thank You | Q19: Acknowledged
A20: 41049 | B20: Jane | C20: Eaton | D20: 171 S Pierce E Greenwich RI | H20: jeaton@gso.uri.edu | I20: 401 741-0433 | J20: rhodes | K20: vaarious | L20: alt crew | M20: #3436 | Q20: acknowledged
A21: 41049 | B21: Steven | C21: Liebhauser | D21: 109 Columbia Lane Jamestown, RI 02835 | H21: theliebos@cox.net | I21: 401 423-0261 | J21: rhodes 19 | K21: viloudaki | L21: Crew | Q21: acknowledged
A22: 41052 | B22: Tom | C22: Gunzelman | D22: 30 Mohawk Dr Portsmouth, RI 02871 | H22: jtgunzelmantwo@cox.net | I22: 401 847-0468 | J22: rhodes 19 | K22: 14 | L22: skipper | M22: 3061
A23: 41059 | B23: richard | C23: coupland | D23: 334 sweet allen farm rd wakefield, ri 02878 | H23: rlcoupland@msn.com | I23: 401 595-1175 | J23: rhodes | K23: 14 | L23: Co-skipper | M23: ??073002 #3491
A24: 41059 | B24: anne | C24: mccarver | D24: 127 rhode island ave newport ri 02840 | H24: longlars@aol.com | I24: 401 225-5891 | J24: rhodes 19 | K24: 14 | L24: crew | M24: na
A25: 41059 | B25: william | C25: sanchez | D25: 12 rose hill dr johnston, ri 02919 | H25: willsanchez@verizon.net | I25: 401 499-6835 | J25: rhodes 19 | K25: 10 | L25: crew
A26: 41059 | B26: elizabeth | C26: chagnon | D26: 234 leander ave portsmouth ri 02871 | H26: chagnons@cox.net | I26: 401 683-4281 | J26: rhodes 19 | K26: 10 | L26: crew
A27: 41066 | B27: brenda | C27: moyer | D27: 69 bramblewood ln | H27: rimoyers@cox.net | I27: 401 782-2691 | J27: rhodes | K27: 3 | L27: crew | M27: 2677
A28: 41066 | B28: seth | C28: moyer | D28: 69 bramblewood ln | H28: rimoyers@cox.net | I28: 401 782-2691 | J28: rhodes | K28: 3 | L28: co-skipper | M28: 2677
A29: 41080 | B29: carol | C29: ovios | D29: H training station road | H29: covios@aol.com | I29: 401 324-9755 | J29: rhodes | K29: 18 | L29: crew
A30: 41080 | B30: daven | C30: amin | D30: 8 kay sy apr 5 newport ro 02840 | H30: daven.amin@navy.mil | I30: 518 821-7947 | J30: RHODES 19 | K30: 18 | L30: crew | M30: 110830B
A31: 41093.262 | B31: elaine | C31: connelly | D31: 85 Woodmans Trl, Wakefield RI 02879 | H31: meconnelly@cox.net | I31: 4015299220 | J31: Rhodes 19 | L31: Crew | M31: 3549 | Q31: Acknowledged
A32: 41094 | B32: stephen | C32: deltatto | D32: 17 intrepid jamestown ri 02835 | H32: silverliningtech@gmail.com | I32: 401 423-3454 | J32: rhodes | K32: 3 | L32: crew
A33: 41094 | B33: matthew | C33: ovios | D33: H training station road | H33: mdovis@hotmail.com | I33: 401 324-9777 | J33: Rhodes 19 | K33: 3 | L33: crew
A34: 41102.909 | B34: Matthew | C34: Ovios | D34: H Training Station Rd, Newport, RI 02840 | H34: MDOvios@hotmail.com | I34: 4013249777 | J34: Rhodes | L34: Skipper | M34: CHNYC | Q34: Acknowledged
A35: 41106.566 | B35: Ronald | C35: Oard | D35: 121 Lighthouse View Dr, Middletown, RI 02842 | H35: ronoard@cox.net | I35: 847-9929 | J35: Shields | K35: 15/Icea | L35: Skipper | M35: CHNYC/2511 | P35: Winslow | Q35: Acknowledged
A36: 41115 | B36: Jake | C36: Hossfeld | D36: 11 Narragansett Ave Newport, RI 02840 | H36: jake.hossfeld@gmail.com | I36: 760 470-7000 | J36: Rhodes 19
A37: 41116.814 | B37: Robin | C37: Monk | D37: 229 Rt 87 Columbia, CT 06237 | H37: rmonk@travelers.com | I37: 860 228 3092 | J37: Shields | K37: 160 | L37: Skipper | M37: Ida Lewis Yacht Club | Q37: Acknowledged
A38: 41118.365 | B38: dirk | C38: johnson | D38: 68 riverview ave | H38: dirkjohnson@cox.net | I38: 401 965-9189 | J38: shields | K38: 181 Helen | L38: Skipper | M38: ILYC | P38: Winslow | Q38: Acknowledged
A39: 41118.421 | B39: Michael | C39: Arsenault | D39: 685 Aquidneck Ave Middletown RI 02842 | H39: mfa543@gmail.com | I39: 401-219-2693 | J39: Pearson | L39: Skipper | M39: 0 | Q39: Acknowledged
A40: 41118.43 | B40: Jay | C40: Gowell | D40: 35 Watch Hill, East Greenwich, RI 02818 | H40: jay.gowell@gmail.com | I40: 401-225-4728 | J40: Shields | K40: 232/Fox | L40: Skipper | M40: Fleet 9 | Q40: Acknowledged
A41: 41129 | B41: carmen | C41: bois | D41: 297 walsmey lane saunderstown ri 02874 | H41: boiscarmen@yahoo.com | I41: 401 741-9219 | J41: rhodes | K41: 18 | L41: crew
A42: 41360.572 | B42: ERIC | C42: IRWIN | D42: 136 LEDGELAND DR | H42: IRWINER@COMCAST.NET | I42: 8608578748 | J42: RHODES #18 | K42: 18 | L42: Skipper | M42: 660 | Q42: Acknowledged
A43: 41361.328 | B43: MaryBeth | C43: Marshall | D43: 40 S. Arnolda Rd., Charlestown, RI 02813 | H43: risailorgurl@verizon.net | I43: 401-218-2793 | J43: Rhodes/Sheilds | K43: 18 | L43: Crew | M43: na | Q43: Acknowledged
A44: 41367.427 | B44: Jeff | C44: Schuldheiss | D44: 73 Catherine St Newport, RI 02840 | H44: jschuldheiss@gmail.com | I44: 703-447-7770 | J44: Rhodes | K44: 16 | L44: Skipper | M44: 3500 | Q44: Acknowledged
A45: 41367.918 | B45: Maurice | C45: Lynch | D45: 479 Church Avenue | H45: mmlynch1949@gmail.com | I45: 401-527-9369 | J45: Rhodes | K45: 16 | L45: Crew | M45: 1234567890 | P45: don't know member # | Q45: Acknowledged
A46: 41377.525 | B46: chuck | C46: kesson | H46: chuck.kesson@gmail.com | I46: 401 324-9324 | J46: power | K46: Yoyo | L46: Skipper | M46: 2542 | P46: test | Q46: Acknowledged
A47: 41388.599 | B47: Ann | C47: Sweeny | D47: 29 Champli Street, Newport, RI 02840 | H47: annsweeny@gmail.com | I47: 401-862-0083 | J47: Rhodes 19 | K47: 16 | L47: Crew | M47: not a member of CHNYC | Q47: Acknowledged
A48: 41400.413 | B48: Deborah | C48: Smith | H48: dsmith1880@verizon.net | I48: 401-741-7556 | J48: Rhode 19 | K48: 11 | L48: Crew | M48: 5009 | P48: I will also be spot crewing on sheilds as well. | Q48: Acknowledged
A49: 41400.451 | B49: John | C49: Hanus | D49: 47 Fourth St | H49: john.hanus@yahoo.com | I49: 401-267-8892 | J49: Rhodes 19 | K49: 15 | L49: Skipper | M49: 3628 | Q49: Acknowledged
A50: 41401.919 | B50: Linda | C50: Barbour | D50: 2828 | H50: lbarbour329@hotmail.com | I50: 401 286-6927 | J50: Rhodes 19 | K50: 11 | L50: Crew | M50: 3510 | Q50: Acknowledged
A51: 41407.899 | B51: William | C51: Viloudaki | D51: 3 Plymouth rd, Jamestown, RI 02835 | H51: scottvil47@aol.com | I51: 401-486-6277 | J51: Rhodes | K51: 17 | L51: Co-skipper | M51: 3060 | Q51: Acknowledged
A52: 41409.413 | B52: Donna | C52: DeAscentis | D52: 129 Carroll Ave, Newport, RI 02840 | H52: dmd2037@verizon.net | I52: 401-450-2704 | J52: Rhodes | K52: 7 | L52: Skipper | M52: 3555 | Q52: Acknowledged
A53: 41409 | B53: Jeff | C53: Stefani | D53: Mill Street, Tiverton, RI | H53: Jeffrey.STEFANI@DSCA.MIL | I53: 703 989-4597 | J53: Rhodes | K53: 7 | L53: co-skipper | M53: 3560
A54: 41409 | B54: Edward | C54: Hayes | D54: 41 Freedom Trail Drive, Portsmouth, RI | H54: tedhayes01@cox.net | I54: 401 225-8636 | J54: Rhodes | K54: 19 | L54: skipper
A55: 41409 | B55: Richard | C55: Matton | D55: 11Kinnicott Ave. Warren, RI 02885 | H55: rrickmatton@aol.com | I55: 401 261-0755 | J55: Rhodes | K55: 19 | L55: co-skipper
A56: 41409 | B56: Cheryl | C56: Cox | D56: 112 Locust Ave, Portsmouth, RI | H56: oakrailsmom@aol.com | I56: 401 835-5181 | J56: Rhodes | K56: 1 | L56: crew | M56: 5004
A57: 41409 | B57: Castro | C57: German | D57: 163 Jones St, Middletown | H57: gdcastro18@hotmail | I57: 240 481-2279 | J57: Rhodes | K57: 7 | L57: crew
A58: 41414.51 | B58: Jane | C58: Eaton | D58: 171 South Pierce Rd | H58: jane.eaton6@gmail.com | I58: 401-741-0433 | J58: Rhodes 19 | K58: various | L58: Crew | M58: 5003 | P58: I have accepted alternate crew status for several Rhodes skippers | Q58: Acknowledged
A59: 41415.014 | B59: Michael | C59: McDonald | D59: 113 Highland Ave | H59: mcdonaldmj46@hotmail.com | I59: 508.636.3138 | J59: Rhodes 19 | K59: 1/Phoenix | L59: Skipper | M59: 3227 | Q59: Acknowledged
A60: 41415.404 | B60: Debra | C60: Huntington | D60: 51 Lighthouse View Dr. Middletown, RI 02842 | H60: ddhuntington@yahoo.com | I60: 401-368-6574 | J60: Rhodes | K60: 1 | L60: Crew | M60: 785 | Q60: Acknowledged
A61: 41416.378 | B61: Gordon | C61: Willard | H61: gordon.willard@gmail.com | I61: 617-981-0175 | J61: Rhodes | K61: #15 (Hanus is Skipper) | L61: Crew | M61: Just joining today | Q61: Acknowledged
A62: 41424.364 | B62: Brenda | C62: Mitchell | D62: 526 Green Hill Beach Rd Wakefield RI 02879 | H62: brendamitchell@cox.net | I62: 401-742-2128 | J62: rhodes | K62: 18 / Irwin | L62: Crew | M62: sorry, don't know | P62: I'll be skippering 3-4 f races | Q62: Acknowledged
A63: 41423 | B63: Tom | C63: Gunzelman | D63: 30 Mohawk Dr Portsmouth RI | H63: jtgunzelmantwo@cox.net | I63: 401 847-0468 | J63: rhodes 19 | K63: 12 | L63: skipper | M63: chnyc
A64: 41423 | B64: Richard | C64: coupland | D64: 335 Sweet Allen Farm Rd Wakefield RI | H64: rlcoupland@msn.com | I64: 4041 595-1175 | J64: rhodes 19 | K64: 12 | L64: co-skipper
A65: 41423 | B65: Anne | C65: mccarver | D65: 127 Rhoder Island Ave Newport RI | H65: anne.mccarver@wfadvisors.com | I65: 401 225-5891 | J65: rhodes 19 | K65: 12 | L65: crew
A66: 41423 | B66: Walter | C66: Sepe | D66: windstorm Dr Portsmouth, RI | H66: wsepe@cox.net | I66: 401 683-2461 | J66: rhodes 19 | K66: 12 | L66: crew
A67: 41423 | B67: ginny | C67: Lautieri | D67: 13 weatherly ave Newport RI | H67: lauierig@aol.com | I67: 401 662-8100 | J67: rhodes 19 | K67: 5 | L67: skipper
A68: 41423 | B68: christian | C68: schumacher | D68: 12 mann ave newport ri | H68: christian.schumacher@gmail.com | I68: 619 300-1452 | J68: rhodes 19 | K68: 5 | L68: co-skipper
A69: 41423 | B69: tim | C69: daly | D69: 13 weatherly ave newport ri | H69: tdaly43@aol.com | I69: 401 619-2632 | J69: rhodes 19 | K69: 5 | L69: crew
A70: 41423 | B70: david | C70: dill | D70: 141 busher drive middletown, ri | H70: daviddill41@aol.com | I70: 401 741-1240 | J70: rhodes | K70: 5 and various | L70: crew
A71: 41430 | B71: mark | C71: fuller | D71: 21 school st #2 newport, ri | H71: mark.e.fuller@gmail.com | I71: 732 513-7119 | J71: rhodes & shelds | K71: 19 | L71: crew and shields tbd | M71: 3591
A72: 41430 | B72: richard | C72: Philips | D72: 30 walnut rdbarrington, RI | H72: philirkcb@verizon.net | I72: 401 374-1221 | J72: rhodes | K72: 12 | L72: crew
A73: 41430 | B73: david | C73: freeman | D73: 2208 martlet lane 23456 | H73: david.b.freeman@navy.mil | I73: 752 831-8752 | J73: rhodes | K73: 17 | L73: crew
A74: 41437.419 | B74: FJ | C74: Ritt | D74: 3 Champlin terrace Middletown RI | H74: fj.ritt@gmail.com | I74: 4018479838 | J74: Rhodes 19 | L74: Crew | M74: Newport yacht club | Q74: Acknowledged
A75: 41439.851 | B75: seth | C75: moyer | D75: 69 bramblewood ln wakefield ri 02879 | H75: rimoyers@cox.net | I75: 401.782.2691 | J75: rhodes 19 | K75: 17 | L75: Skipper | M75: 2677 | Q75: Acknowledged
A76: 41439.852 | B76: brenda | C76: moeyr | H76: rimoyers@cox.net | I76: 401.782.2691 | J76: rhodes 19 | K76: 17 | L76: Crew | M76: 2677 | Q76: Acknowledged
A77: 41439.852 | B77: rachel | C77: moyer | H77: rimoyers@cox.net | I77: 401.782.2691 | J77: rhodes 19 | K77: 17 | L77: Crew | M77: 2677 | Q77: Acknowledged
A78: 41443.654 | B78: scott | C78: karn | D78: 23 laurel hill road east greenwich ri 02818 | H78: scott.karn@us.didata.com | I78: 508 667 5764 | J78: rhodes | K78: martha | L78: Crew | M78: 5555 | Q78: Acknowledged
A79: 41444 | B79: boivin | C79: mark | D79: 40 s arn?da rd charleston ri 03218 | H79: mtboivin@yahoo.com | I79: 401 954-9141 | J79: rhodes & shields | K79: various | L79: crew | M79: ?
A80: 41466.522 | B80: Brian | C80: Holden | D80: 181 Lantern Lane East, North Kingstown, RI, 02852 | H80: brian.t.holden@gmail.com | I80: (203) 241-5449 | J80: Rhodes 19 | K80: 15 | L80: Crew | M80: None | Q80: Acknowledged
A81: 41466 | B81: erik | C81: edwards | D81: 6 renfrew park middletown ri 02842 | H81: erikb690@gmail.com | I81: 412 327-8891 | J81: rhodes 19 | K81: 19 | L81: crew | M81: 130710
A82: 41470.438 | B82: Ron | C82: Oard | D82: 121 Lighthouse View Dr | H82: ronoard@cox.net | I82: 4016625639 | J82: Shields | K82: 15/Icea | L82: Skipper | M82: CHNYC/2511 | Q82: Acknowledged
A83: 41470.574 | B83: Wendy | C83: Lotz | D83: 129 Harrison Ave | H83: wlotz@indyyachts.com | I83: 203-253-5827 | J83: Shields | K83: 138 | L83: Co-skipper | M83: Ida Lewis | Q83: Acknowledged
A84: 41470.781 | B84: Phil | C84: Lotz | D84: 129 Harrison Ave | H84: plotz@indyyachts.com | I84: 203-570-2865 | J84: Shields | K84: 138 | L84: Co-skipper | M84: Ida Lewis | Q84: Acknowledged
A85: 41471.698 | B85: Michael | C85: Marrone | D85: 23 Weathervane Drive, Leominster, MA 01453 | H85: marronemjm@gmail.com | I85: 978-660-4998 | J85: Rhodes 19 | K85: TBD | L85: Skipper | M85: 3431 | Q85: Acknowledged
A86: 41471.699 | B86: Cheryl | C86: Marrone | D86: 23 Weathervane Drive, Leominster, MA 01453 | H86: marronecah@gmail.com | I86: 857-205-7758 | J86: Rhodes 19 | K86: TBD | L86: Crew | M86: 3431 | Q86: Acknowledged
A87: 41472 | B87: Valerie | C87: Riege | D87: 17 Long Meadow Ave | H87: vriege@aol.com | I87: 401-595-1295 | J87: Rhodes | K87: 7 | L87: crew
A88: 41475.767 | B88: Wyatt | C88: Reynolds | D88: 16 Mann Ave #3 | H88: wreynlds11@yahoo.com | I88: 901-606-9082 | J88: Shields | K88: 163/Ann | L88: Crew | M88: Navy Marina | Q88: Acknowledged
A89: 41479.394 | B89: George | C89: Anderson | D89: 499 Aquidneck Ave Apt B, Middletown, RI 02842 | H89: georgedanderson@gmail.com | I89: 4017144166 | J89: Shields | K89: 138/Envy | L89: Crew | M89: 3326 | Q89: Acknowledged
A90: 41479.414 | B90: Joel | C90: Hanneman | D90: PO BOX 783 | H90: joel.hanneman@gmail.com | I90: 4019243247 | J90: Shields | K90: 138 Envy | L90: Co-skipper | M90: NYYC H199 | Q90: Acknowledged
A91: 41479.63 | B91: Libbi | C91: Dust | D91: 126 Houston Ave, Newport RI, 02840 | H91: dusteliz@msu.edu | I91: 734-775-9780 | J91: Sheilds | K91: 138/Envy | L91: Crew | M91: Ida Lewis | Q91: Acknowledged
A92: 41480.409 | B92: Charles | C92: Shoemaker | D92: 96 Washington | H92: drshoe@verizon.net | I92: 401 846 3388 | J92: shields | K92: 245 | L92: Co-skipper | M92: Newport Yc | Q92: Acknowledged
A93: 41480.415 | B93: William | C93: Serth | D93: 17 Curry Ave, Newport RI 02840 | H93: billserth@yahoo.com | I93: (401)846-2304 | J93: Sheilds | K93: 245/Hawk | L93: Crew | M93: Newport Yacht Club | Q93: Acknowledged
A94: 41480.447 | B94: Matthew | C94: Tupper | D94: 29 willow street, newport RI | H94: Mtupper@winsor.exu | I94: 4018080215 | J94: Shields | K94: ?/Hawk | L94: Crew | M94: ? | P94: Any questions please ask dr. Shoemaker thank you. | Q94: Acknowledged
A95: 41480.447 | B95: Matthew | C95: Tupper | D95: 29 willow street, newport RI | H95: Mtupper@winsor.exu | I95: 4018080215 | J95: Shields | K95: ?/Hawk | L95: Crew | M95: ? | P95: Any questions please ask dr. Shoemaker thank you. | Q95: Acknowledged
A96: 41480.448 | B96: Matthew | C96: Tupper | D96: 29 willow street newport ri | H96: Mtupper@winsor.edu | I96: 4018080215 | J96: Shields | K96: ?/hawk | L96: Crew | M96: ?/? | P96: Please contact dr. Charlie shoemaker with anky questions | Q96: Acknowledged
A97: 41480.456 | B97: Trish | C97: Walcott | D97: 17 Loyola Terrace, Newport, RI 02840 | H97: trishwalcott@gmail.com | I97: 401-481-8011 | J97: Shield | L97: Crew | M97: Newport Yacht Club | P97: sailing with Charlie Shoemaker | Q97: Acknowledged
A98: 41480.57 | B98: david | C98: bush-brown | D98: 3 cherry creek rd, newport, ri 02840 | H98: dbush-brown@long-wharf.com | I98: 617-283-0555 | J98: shields | K98: 121 | L98: Skipper | M98: 0 | Q98: Acknowledged
A99: 41480.574 | B99: David | C99: Willis | D99: 115 Carroll Ave | H99: davewillis115@gtmail.com | I99: 4016629155 | J99: shields | K99: hawk | L99: Crew | M99: Newport yacht club | Q99: Acknowledged
A100: 41480.762 | B100: Norman | C100: Johnson | D100: 220 MacFarlane Dr Apt 902 | H100: plattj@gmail.com | I100: 401-575-0328 | J100: Shields | K100: 121 Mahi | L100: Crew | M100: 0 | P100: THanks for running the event | Q100: Acknowledged
...

Sheet Scoring Inquiry
A1: CHNYC Form: Declaration of Alternative Penalties | I1: Race Committee Use
A2: Series/Race Number | B2: Date/Time | C2: Fleet | D2: Sail Number | E2: Boat Name | F2: Skipper Name | G2: Nature of Inquiry | H2: Explanation | I2: Received by | J2: Date/Time | K2: Scorer Action

Sheet Declaration Form
A1: CHNYC Form: Declaration of Alternative Penalties | I1: Race Committee Use
A2: Series/Race Number | B2: Date/Time | C2: Fleet | D2: Sail Number | E2: Boat Name | F2: Skipper Name | G2: Description of Incident | H2: Alternative Penalty Taken | I2: Received by | J2: Date/Time | K2: Scorer Action
